Workbook
Name 경력구분: 작성요령!$F$382:$F$384
Name 동반투자자유형: 작성요령!$C$381:$C$386
Name 법인유형: 작성요령!$F$370:$F$373
Name 손상차손_인식여부: 작성요령!$C$387:$C$389
Name 여부: 작성요령!$F$337:$F$338
Name 운용사유형: 작성요령!$C$367:$C$375
Name 운용인력직무구분: 작성요령!$F$339:$F$340
Name 일반인력_경력: '3.4.2.일반운용인력 경력'!$E$11:$O$500
Name 일반인력_투자현황: '3.2.2.일반운용인력 투자현황'!$E$11:$AN$500
Name 재직회사법인유형: 작성요령!$F$378:$F$381
Name 제안사_투자현황: '2.4.제안사 투자현황'!$D$11:$AE$1000
Name 제안사_펀드현황: '2.3.제안사 펀드현황'!$D$11:$BN$200
Name 제안서작성기준일: '1.1.제안펀드'!$F$11
Name 주식및주식연계채권: 작성요령!$F$341:$F$345
Name 참여인력_개요: '3.1.참여인력 개요'!$D$11:$AC$200
Name 참여인력구분: 작성요령!$F$334:$F$336
Name 참여인력투자법인유형: 작성요령!$F$374:$F$377
Name 출자예상내역: '1.2.출자예상내역'!$D$11:$P$50
Name 출자자유형: 작성요령!$C$349:$C$362
Name 출자자확정구분: 작성요령!$C$363:$C$366
Name 투자계정구분: 작성요령!$F$368:$F$369
Name 투자유형: 작성요령!$F$341:$F$347
Name 펀드_거래: '4.1.펀드 거래'!$A$2:$D$2000
Name 펀드_인력변경이력: '4.2.펀드 인력변경 이력'!$A$2:$E$165
Name 펀드거래유형: 작성요령!$F$363:$F$367
Name 펀드법적유형: 작성요령!$C$334:$C$346
Name 펀드상태: 작성요령!$C$376:$C$380
Name 펀드유형: 작성요령!$C$347:$C$348
Name 펀드투자유형: 작성요령!$F$348:$F$349
Name 핀테크기업_초기기업_여부: 작성요령!$F$385:$F$386
Name 핵심인력_경력: '3.4.1.핵심운용인력 경력'!$E$11:$O$500
Name 핵심인력_투자현황: '3.2.1.핵심운용인력 투자현황'!$E$11:$AN$500
Name 회수구분: 작성요령!$F$350:$F$352
Name 회수유형: 작성요령!$F$353:$F$362

Sheet 작성요령
A1: Ⅰ. 작성요령
A3: [공통사항]
A4: 1. 별첨(1.1~4.2) 자료 작성전 하기 사항을 반드시 숙지하여 작성 (별첨번호는 Sheet명에서 확인 가능)
A5: 2. 일자는 yyyy-mm-dd, 사업자등록번호는 000-00-00000, 법인등록번호는 000000-0000000 형식으로 입력
A6: 3. Drop down 목록이 있는 셀은 목록에서 선택
A7: 4. 'Alt+Enter'나 연이은 공백은 입력하지 말 것
A8: 5. 연록색으로 음영처리된 셀은 자동 반영되거나 고정된 값이므로 별도의 입력은 하지 말 것
A9: - 당사의 사전 허락 없이 수식을 편집한 경우는 허위사실 기재로 간주될 수 있음
A10: - 셀 서식을 임의로 수정하는 경우 허위사실 기재로 간주될 수 있음
A11: 6. 펀드명, 회사명 등은 정식명칭을 기입하기 바람
A12: 7. 11행부터 자료를 입력하고 1행~10행은 절대 삭제 및 수정 금지("4.1. 펀드거래", "4.2. 펀드 인력변경이력" 제외), Sheet 삭제 및 명칭변경 금지
A13: 8. 단위 : 백만원("4.1. 펀드거래"는 단위를 "원"으로 함), 천USD, %, 건
... A56: Ⅱ. 용어의 정의 등
A58: 제안서작성기준일 | C58: 44651
A59: 설립일 | C59: 제안사 법인등기부등본 상의 설립일
A60: 펀드운용업무시작일 | C60: 제안사가 펀드법적유형중 하나에 해당하는 자격을 가지고 있는 경우 해당 자격 취득일
C61: 자격이 필요 없는 경우는 조직개편일 등
C62: ※ M&A 또는 회사분할 등이 있었던 경우 변경전의 펀드운용업무시작일을 기재
A63: 운용펀드최초결성일 | C63: 펀드 투자규약(정관, 신탁계약서 등) 상에 제안사가 운용사로 기재된 펀드로서
C64: 결성일이 가장 빠른 펀드의 펀드결성일
C65: ※ M&A이전 운용 펀드와 회사분할 후 운용한 펀드는 고려하되
C66: 회사분할 이전에 청산한 펀드는 고려하지 말 것
A67: 펀드 | C67: ⅰ) 부동산 또는 부실채권 이외 자산의 주식 또는 주식연계채권 등(프로젝트 투자 제외)에 주로 투자하는
C68: - 「여신전문금융업법」제41조 제3항에 따른 신기술사업투자조합
C69: - 「중소기업창업 지원법」제2조 제5호에 따른 중소기업창업투자조합
C70: - 「벤처기업육성에 관한 특별조치법」제4조의3에 따른 한국벤처투자조합
C71: - 「벤처투자촉진에관한법률」에 따른 벤처투자조합
C72: - 「벤처기업육성에 관한 특별조치법」제13조에 따른 개인투자조합
C73: - 「벤처투자촉진에관한법률」에 따른 개인투자조합
C74: - 「부품·소재전문기업 등의 육성에 관한 특별조치법」제6조에 따른 부품·소재전문투자조합
C75: - 「산업발전법」(법률 제9584호 산업발전법 전부개정법률로 개정되기 전의 것을 말함) 제15조에 따라 등록된 기업구조조정조합 및 「산업발전법」제20조에 따른 기업구조개선 사모투자전문회사
C76: - 「자본시장과 금융투자업에 관한 법률」제9조 제19항에 따른 기관전용 사모집합투자기구 - 「자본시장과 금융투자업에 관한 법률」제9조 제19항에 따른 일반 사모집합투자기구
C77: 등 사모펀드(또는 이와 유사한 외국집합투자기구)
C78: ii) 평가대상 펀드는 펀드결성목적 또는 주요투자대상이 중소·벤처·중견기업인 펀드로 한정
C79: iii) 단, 펀드 결성부터 해산까지 기간이 1년 이내인 펀드는 제외 / 프로젝트 투자(벤처투자촉진에관한법률 제2조 1호 다목 및 동법 시행규칙 제2조)방법으로 주로 운용하는 펀드 / 단기 수익 획득 목적으로 주로 운용하는 펀드(상장주식 매매 등)은 작성대상에서 제외
A80: 펀드운용 | C80: 투자대상 발굴, 투자검토, 투자실행, 사후관리, 회수 등
A81: 약정총액 | C81: 펀드 투자규약(정관, 신탁계약서 등)에 따라 각 출자자가 출자이행을 확약한 총액
C82: 헤지펀드 등 펀드 투자규약(정관, 신탁계약서 등) 상에 약정총액이 정해지지 않은 경우에는 제안사가 펀드운용 목적 달성을 위해 판단하고 있는 펀드설정원본
A83: 납입총액 | C83: 약정총액(또는 펀드설정원본) 한도 내에서 출자자가 펀드에 실제 납입한 금액
A84: 펀드결성(예정)일 | C84: 관련 법령에 따라 감독기관에 등록한 날 또는 그 예정일.
C85: 등록이 필요없는 경우 결성총회일, 창립총회일 또는 계약체결일
A86: 투자기간종료(예정)일 | C86: 펀드 투자규약(정관, 신탁계약서 등) 상에 기재된 투자기간 종료(예정)일.
C87: 프로젝트 펀드 등 펀드 투자규약(정관, 신탁계약서 등) 상에 투자기간이 정해지지 않은 경우에는 제안사가 펀드운용 목적 달성을 위해 판단하고 있는 투자기간의 종료(예정)일
A88: 펀드해산(예정)일 | C88: 출자자총회에서 의결된 해산일. 또는 투자규약(정관, 신탁계약서 등) 상의 해산 예정일
A89: 펀드 유형 | B89: 블라인드펀드 | C89: 투자대상이 확정되지 않은 펀드
B90: 프로젝트펀드 | C90: 투자대상이 확정되어 있는 펀드
A91: 펀드 상태 | B91: 결성예정 | C91: 제3자로부터 Contest 방식에 의해 펀드운용사로 선정되어 출자자를 모집하고 있는 경우 (예시 : 한국성장금융, 한국산업기술진흥원, 한국벤처투자, 국민연금, 한국산업은행, 군인공제회, 사학연금, 우정사업본부 등 출자회사(기관)의 공모방식 사업 등에 선정되었을 경우)
B92: 운용예정 | C92: 출자자 구성을 완료하고 투자규약(정관, 신탁계약서 등)은 체결되었으나 출자금 납입이 없는 경우
B93: 운용중 | C93: 펀드결성일의 기준에 따라 펀드를 결성한 경우로서 납입출자금이 있는 경우
B94: 청산중 | C94: 해산 후 청산절차를 진행중인 경우
B95: 청산료 | C95: 청산 절차를 완료한 경우
A96: 법인 유형 | B96: 국내설립법인 | C96: 본점 소재지가 국내인 법인 및 국내에 법인 등기한 외국법인의 국내 지사
B97: 해외현지법인 | C97: 국내설립법인의 사업과 관련하여 동 국내설립법인이 출자한 외국법인
C98: ※ 펀드 및 고유계정 또는 운용인력이 국내설립법인과 공동 투자하여 해외출자법인이 된 경우 포함
B99: 프로젝트투자시 특수목적법인 | C99: 프로젝트 투자시의 피투자기업(SPC, 사업시행법인 등)으로써, 프로젝트 사업 수행을 주목적으로 설립되거나, 운영되는 법인
B100: 외국법인 | C100: 본점 소재지가 국외인 법인으로서 해외현지법인을 제외한 법인
B101: 기타 | C101: 법인이 아닌 경우(프로젝트 투자 등 포함)
A102: 펀드 순자산 | C102: 운용중 또는 청산중 펀드에 대해 다음 식으로 계산된 금액
C103: 「(미회수투자자산 가치총액) + (예금 등 투자자산 이외 자산총액) - (미지급 등 부채총액)」
A104: 펀드추가투자 예상금액 | C104: ⅰ) 제안서작성기준일이 펀드의 투자기간종료(예정)일 이전인 경우로서
C105: ⅱ) 펀드 투자규약(정관, 신탁계약서 등)상의 투자의무비율준수 또는 펀드운용목적 달성을 위해
C106: ⅲ) 해당 펀드를 통해 추가로 투자할 계획인 금액
A107: 참여 인력 | B107: 핵심운용인력 | C107: ⅰ) 제안서작성기준일 현재 제안사에 재직중이면서
C108: ⅱ) 금번 제안펀드를 책임지고 운용할 인력으로서
C109: ⅲ) 제안펀드의 투자규약(정관, 신탁계약서 등)에 기재될 예정인 인력
C110: iv) 핵심운용인력 총 2인 이상 참여
C111: - 자격요건 : 투자경력 3년 이상 경력자 2인 이상이 핵심운용인력으로 참여하며, 핵심운용인력의 투자경력 평균이 4년 이상일 것
C112: (투자경력 산정은 별첨 3.1 중 R열 참고)
C113: - 핵심운용인력 중 1인은 투자기간 만료 또는 약정총액의 60% 이상이 투자되기 전에는 신규 타펀드의 핵심운용인력 겸임 제한
C114: ※ 단, 기준일 이후 접수일까지 채용이 확정된 인력은 반영 가능
B115: 일반운용인력 | C115: ⅰ) 제안서작성기준일 현재 제안사에 재직중이면서
C116: ⅱ) 핵심운용인력과 관리인력이 아닌자로서
C117: ⅲ) 당사앞 제안하는 펀드에서 투자대상기업 발굴, 투자검토, 투자실행, 사후관리, 회수 등 펀드운용 실무를 담당할 인력
B118: 관리인력 | C118: ⅰ) 제안서작성기준일 현재 제안사에 재직중이면서
C119: ⅱ) 제안펀드의 운용에는 참여하지 않으나 제안펀드를 관리(회계관리, 리스크관리 등)하는 인력
C120: ※ 참여인력별 경력요건 및 인력수는 당사가 공고등을 통해 별도로 지정한 경우 그에 따름
A121: 펀드 거래 유형 | B121: 납입 | C121: 출자자가 납입한 출자금
B122: 현금분배 | C122: 펀드 운용중 또는 청산시 출자자에게 현금으로 분배한 경우 그 금액 (원천징수 후 금액을 분배한 경우 원천징수 후 금액)
B123: 현물분배 | C123: 펀드 청산시 출자자에게 현물로 분배한 경우 그 가치
B124: 성과보수 | C124: 펀드 운용중 또는 청산시 운용사에게 지급한 성과보수
B125: 가상분배 | C125: 운용중 또는 청산중인 펀드의 수익률 산출을 위한 가상의 거래로 펀드 순자산을 출자자 앞 분배하는 것으로 가정한 금액이며, 가상분배일자는 제안서작성기준일을 입력
A127: [작성 대상]
A128: 펀드 (별첨 2.3) | C128: ⅰ) 펀드 투자규약(정관, 신탁계약서 등) 상에 제안사가 운용사로 기재된 펀드로서
C129: ⅱ) ① 2017년 1월 1일 이후 청산완료 된 모든 펀드
C130: ② 제안서 작성기준일 현재 결성예정, 운용예정, 운용중, 청산중인 모든 펀드
C131: ※ M&A가 있었던 경우 M&A 이전에 청산한 펀드는 포함
C132: ※ 회사분할이 있었던 경우 분할 이전에 청산한 펀드는 제외
A133: 펀드계정투자 (별첨 2.4) | C133: ⅰ) 펀드(용어의 정의상 펀드를 말함)계정으로 부동산 또는 부실채권 이외 자산의 주식 또는 주식연계채권에 대한 투자로서
C134: ⅱ) 펀드계정 투자(별첨 2.3에 기재된 펀드로 투자한 모든 투자건 기재)
C135: iii) 단, 단기 수익 획득 목적 투자와 주관사 업무·인수업무로 인한 투자 제외
C136: iv) 투자실행일이 2017년 1월 1일 이후인 투자만 작성
C137: ※ 성공, 실패 사례 모두 포함
A138: 고유계정 투자 (별첨 2.4) | C138: ⅰ) 부동산 또는 부실채권 이외 자산의 주식 또는 주식연계채권에 대한 중소·벤처·중견기업 투자목적의 투자로서
C139: ⅱ) 고유계정 투자
C140: iii) 단, 단기 수익 획득 목적 투자와 주관사 업무·인수업무로 인한 투자 제외
C141: iv) 투자실행일이 2017년 1월 1일 이후인 투자만 작성
C142: ※ M&A 또는 회사분할이 있었던 경우 M&A 또는 분할 이전에 회수완료한 실적은 제외
C143: ※ 성공, 실패 사례 모두 포함
A144: 핵심운용인력 투자 및 일반운용인력 투자 (별첨 3.2.1 및 3.2.2) | C144: ⅰ) 자산에 대한 투자 또는 자산운용을 목적으로 설립된 법인 또는 부서 재직 중에
C145: ⅱ) 해당 법인의 주식 또는 주식연계채권 등의 중소·벤처·중견기업 투자목적의 투자업무와 관련하여
...

Sheet 1.1.제안펀드
A1: RFPID | B1: PropFundID | C1: PropGPID1 | D1: PropGPID2 | E1: PropGPID3 | F1: PropGPReportYMD | G1: FundName | H1: QualificationSelect | I1: InvestAreaSelect | J1: FundPlanContractAmt | L1: MLPReqContractAmt | M1: PropFundUsefulYears | N1: PropFundInvestYears | O1: PayInMethodSelect | P1: TargetIRR | Q1: HurdleRate | R1: PlanContingentFeeDesc | S1: PlanManagingFeeDesc | T1: PropGPName1 | U1: PropGPNo1 | V1: PropGPPlanContractAmt1 | W1: PropGPLossCoverRate1 | X1: PropGPCoreFundMgrHC1 | Y1: PropGPOrdiFundMgrHC1 | Z1: PropGPName2 | AA1: PropGPNo2 | AB1: PropGPPlanContractAmt2 | AC1: PropGPLossCoverRate2 | AD1: PropGPCoreFundMgrHC2 | AE1: PropGPOrdiFundMgrHC2 | AF1: PropFundMgrName | AG1: PropFundMgrCompany | AH1: PropFundMgrTelNo
F3: 제안서 작성 기준일 | G3: 제안펀드 | Q3: 보수 | T3: 제안사1 | Z3: 제안사2 | AF3: 제안펀드 담당자
A4: 모집단위ID | B4: 제안펀드ID | C4: 제안사1_ID | D4: 제안사2_ID | E4: 제안사3_ID | G4: 펀드명 | H4: 투자기구 | I4: 지원분야 | J4: 펀드결성예정규모 | K4: 최소결성규모 | L4: 한국성장금융 앞 출자요청액 | M4: 존속기간 | N4: 투자기간 | O4: 납입방식 | P4: 목표 수익률 (IRR) | Q4: 기준 수익률 | R4: 성과보수제안 | S4: 관리보수제안 | T4: 회사명 | U4: 법인등록번호 | V4: 출자약정예상액 | W4: 후순위 출자 비율 | X4: 참여 핵심 운용 인력수 | Y4: 참여 일반 운용 인력수 | Z4: 회사명 | AA4: 법인등록번호 | AB4: 출자약정예상액 | AC4: 후순위 출자 비율 | AD4: 참여 핵심 운용 인력수 | AE4: 참여 일반 운용 인력수 | AF4: 성명 | AG4: 소속 | AH4: 연락처
F11: =작성요령!$C$58 -> 44651 | G11: 000 펀드 | H11: (한국)벤처투자조합 | I11: 코넥스 스케일업 펀드 (1차/블라인드펀드/모펀드제안 방식) | J11: 60000 | K11: 50000 | L11: 25000 | M11: 6 | N11: 3 | O11: 수시납 | P11: oo% | T11: 가인베스트먼트 | U11: 000000-0000000 | V11: 1500 | W11: 0 | X11: 2 | Y11: 2 | Z11: 나인베스트먼트 | AA11: 000000-0000000 | AB11: 1000 | AC11: 0 | AD11: 2 | AE11: 2 | AF11: 홍길동 | AG11: 가인베스트먼트 | AH11: 070-2222-2222
A29: 0

Sheet 1.2.출자예상내역
A1: RFPID | B1: PropFundID | C1: LineNum | D1: FundMemberType | E1: FundMemberName | F1: CommitStatus | G1: FundingAmt | H1: 1stRate | I1: 1stAmt | J1: 2ndRate | K1: 2ndAmt | L1: 3rdRate | M1: 3rdAmt | N1: LossCoverRate | O1: LossCoverAmt | P1: Remark
A4: 모집단위ID | B4: 제안펀드ID | C4: 순번 | D4: 출자자유형 | E4: 출자자명 | F4: 출자확정구분 | G4: 출자약정예상액 | H4: 출자예상액 형태 | N4: 우선손실충당비율 (약정총액 대비) | O4: 우선손실충당예상액 | P4: 비고 | Q4: 민간출자자 여부 | R4: 후순위 한도 초과시 배분비율 | S4: 후순위 보강 비율 | T4: 민간제안 비율
H5: 선순위 | J5: 중순위 | L5: 후순위
H6: 비율 | I6: 금액 | J6: 비율 | K6: 금액 | L6: 비율 | M6: 금액
D11: 한국성장금융 | E11: 한국성장금융 | F11: 미정 | G11: ='1.1.제안펀드'!L11 -> 25000 | I11: =IF(OR(ISBLANK(H11),0),"",$G$51*H11) | K11: =IF(OR(ISBLANK(J11),0),"",$G$51*J11) | M11: =IF(OR(ISBLANK(L11),0),"",$G$51*L11) | O11: =IF(OR(ISBLANK(N11),0),"",$G$51*N11) | Q11: =IF(OR($D11="일반기업",$D11="연기금",$D11="공제회",$D11="은행",$D11="보험사"),1,0) -> 0 | R11: =IF('1.1.제안펀드'!#REF!="후순위 보강", IF(SUMPRODUCT(OFFSET(출자예상내역,0,14,ROWS(출자예상내역),1)*1,OFFSET(출자예상내역,0,3,ROWS(출자예상내역),1))*0.08>$Q$51,$Q11*$G11/SUMPRODUCT(OFFSET(출자예상내역,0,14,ROWS(출자예상내역),1)*1,OFFSET(출자예상내역,0,3,ROWS(출자예상내역),1)),""), "") -> #REF! | S11: =IFERROR(#REF!/$G11,"") | T11: =IF('1.1.제안펀드'!#REF!="민간 제안",IF(OR($D11="제안사(회사)",$D11="제안사계열사/특수관계인"),$G11,""),"") -> #REF!
D12: 제안사(회사) | E12: 가인베스트먼트 | F12: 운용사 | G12: ='1.1.제안펀드'!V11 -> 1500 | I12: =IF(OR(ISBLANK(H12),0),"",$G$51*H12) | K12: =IF(OR(ISBLANK(J12),0),"",$G$51*J12) | M12: =IF(OR(ISBLANK(L12),0),"",$G$51*L12) | O12: =IF(OR(ISBLANK(N12),0),"",$G$51*N12) | Q12: =IF(OR($D12="일반기업",$D12="연기금",$D12="공제회",$D12="은행",$D12="보험사"),1,0) -> 0 | R12: =IF('1.1.제안펀드'!#REF!="후순위 보강", IF(SUMPRODUCT(OFFSET(출자예상내역,0,14,ROWS(출자예상내역),1)*1,OFFSET(출자예상내역,0,3,ROWS(출자예상내역),1))*0.08>$Q$51,$Q12*$G12/SUMPRODUCT(OFFSET(출자예상내역,0,14,ROWS(출자예상내역),1)*1,OFFSET(출자예상내역,0,3,ROWS(출자예상내역),1)),""), "") -> #REF! | S12: =IFERROR(#REF!/$G12,"") | T12: =IF('1.1.제안펀드'!#REF!="민간 제안",IF(OR($D12="제안사(회사)",$D12="제안사계열사/특수관계인"),$G12,""),"") -> #REF!
D13: 제안사(회사) | E13: 나인베스트먼트 | F13: 운용사 | G13: ='1.1.제안펀드'!AB11 -> 1000 | I13: =IF(OR(ISBLANK(H13),0),"",$G$51*H13) | K13: =IF(OR(ISBLANK(J13),0),"",$G$51*J13) | M13: =IF(OR(ISBLANK(L13),0),"",$G$51*L13) | O13: =IF(OR(ISBLANK(N13),0),"",$G$51*N13) | Q13: =IF(OR($D13="일반기업",$D13="연기금",$D13="공제회",$D13="은행",$D13="보험사"),1,0) -> 0 | R13: =IF('1.1.제안펀드'!#REF!="후순위 보강", IF(SUMPRODUCT(OFFSET(출자예상내역,0,14,ROWS(출자예상내역),1)*1,OFFSET(출자예상내역,0,3,ROWS(출자예상내역),1))*0.08>$Q$51,$Q13*$G13/SUMPRODUCT(OFFSET(출자예상내역,0,14,ROWS(출자예상내역),1)*1,OFFSET(출자예상내역,0,3,ROWS(출자예상내역),1)),""), "") -> #REF! | S13: =IFERROR(#REF!/$G13,"") | T13: =IF('1.1.제안펀드'!#REF!="민간 제안",IF(OR($D13="제안사(회사)",$D13="제안사계열사/특수관계인"),$G13,""),"") -> #REF!
D14: 일반기업 | E14: 나기업 | F14: LOC | G14: 1000 | I14: =IF(OR(ISBLANK(H14),0),"",$G$51*H14) | K14: =IF(OR(ISBLANK(J14),0),"",$G$51*J14) | M14: =IF(OR(ISBLANK(L14),0),"",$G$51*L14) | O14: =IF(OR(ISBLANK(N14),0),"",$G$51*N14) | Q14: =IF(OR($D14="일반기업",$D14="연기금",$D14="공제회",$D14="은행",$D14="보험사"),1,0) -> 1 | R14: =IF('1.1.제안펀드'!#REF!="후순위 보강", IF(SUMPRODUCT(OFFSET(출자예상내역,0,14,ROWS(출자예상내역),1)*1,OFFSET(출자예상내역,0,3,ROWS(출자예상내역),1))*0.08>$Q$51,$Q14*$G14/SUMPRODUCT(OFFSET(출자예상내역,0,14,ROWS(출자예상내역),1)*1,OFFSET(출자예상내역,0,3,ROWS(출자예상내역),1)),""), "") -> #REF! | S14: =IFERROR(#REF!/$G14,"") | T14: =IF('1.1.제안펀드'!#REF!="민간 제안",IF(OR($D14="제안사(회사)",$D14="제안사계열사/특수관계인"),$G14,""),"") -> #REF!
D15: 일반기업 | E15: 다기업 | F15: LOC | G15: 1000 | I15: =IF(OR(ISBLANK(H15),0),"",$G$51*H15) | K15: =IF(OR(ISBLANK(J15),0),"",$G$51*J15) | M15: =IF(OR(ISBLANK(L15),0),"",$G$51*L15) | O15: =IF(OR(ISBLANK(N15),0),"",$G$51*N15) | Q15: =IF(OR($D15="일반기업",$D15="연기금",$D15="공제회",$D15="은행",$D15="보험사"),1,0) -> 1 | R15: =IF('1.1.제안펀드'!#REF!="후순위 보강", IF(SUMPRODUCT(OFFSET(출자예상내역,0,14,ROWS(출자예상내역),1)*1,OFFSET(출자예상내역,0,3,ROWS(출자예상내역),1))*0.08>$Q$51,$Q15*$G15/SUMPRODUCT(OFFSET(출자예상내역,0,14,ROWS(출자예상내역),1)*1,OFFSET(출자예상내역,0,3,ROWS(출자예상내역),1)),""), "") -> #REF! | S15: =IFERROR(#REF!/$G15,"") | T15: =IF('1.1.제안펀드'!#REF!="민간 제안",IF(OR($D15="제안사(회사)",$D15="제안사계열사/특수관계인"),$G15,""),"") -> #REF!
D16: 연기금 | E16: 라연금 | F16: LOI | G16: 5500 | I16: =IF(OR(ISBLANK(H16),0),"",$G$51*H16) | K16: =IF(OR(ISBLANK(J16),0),"",$G$51*J16) | M16: =IF(OR(ISBLANK(L16),0),"",$G$51*L16) | O16: =IF(OR(ISBLANK(N16),0),"",$G$51*N16) | Q16: =IF(OR($D16="일반기업",$D16="연기금",$D16="공제회",$D16="은행",$D16="보험사"),1,0) -> 1 | R16: =IF('1.1.제안펀드'!#REF!="후순위 보강", IF(SUMPRODUCT(OFFSET(출자예상내역,0,14,ROWS(출자예상내역),1)*1,OFFSET(출자예상내역,0,3,ROWS(출자예상내역),1))*0.08>$Q$51,$Q16*$G16/SUMPRODUCT(OFFSET(출자예상내역,0,14,ROWS(출자예상내역),1)*1,OFFSET(출자예상내역,0,3,ROWS(출자예상내역),1)),""), "") -> #REF! | S16: =IFERROR(#REF!/$G16,"") | T16: =IF('1.1.제안펀드'!#REF!="민간 제안",IF(OR($D16="제안사(회사)",$D16="제안사계열사/특수관계인"),$G16,""),"") -> #REF!
D17: 공제회 | E17: 마공제회 | F17: 미정 | G17: 5000 | I17: =IF(OR(ISBLANK(H17),0),"",$G$51*H17) | K17: =IF(OR(ISBLANK(J17),0),"",$G$51*J17) | M17: =IF(OR(ISBLANK(L17),0),"",$G$51*L17) | O17: =IF(OR(ISBLANK(N17),0),"",$G$51*N17) | Q17: =IF(OR($D17="일반기업",$D17="연기금",$D17="공제회",$D17="은행",$D17="보험사"),1,0) -> 1 | R17: =IF('1.1.제안펀드'!#REF!="후순위 보강", IF(SUMPRODUCT(OFFSET(출자예상내역,0,14,ROWS(출자예상내역),1)*1,OFFSET(출자예상내역,0,3,ROWS(출자예상내역),1))*0.08>$Q$51,$Q17*$G17/SUMPRODUCT(OFFSET(출자예상내역,0,14,ROWS(출자예상내역),1)*1,OFFSET(출자예상내역,0,3,ROWS(출자예상내역),1)),""), "") -> #REF! | S17: =IFERROR(#REF!/$G17,"") | T17: =IF('1.1.제안펀드'!#REF!="민간 제안",IF(OR($D17="제안사(회사)",$D17="제안사계열사/특수관계인"),$G17,""),"") -> #REF!
K18: =IF(OR(ISBLANK(J18),0),"",$G$51*J18) | M18: =IF(OR(ISBLANK(L18),0),"",$G$51*L18) | O18: =IF(OR(ISBLANK(N18),0),"",$G$51*N18) | Q18: =IF(OR($D18="일반기업",$D18="연기금",$D18="공제회",$D18="은행",$D18="보험사"),1,0) -> 0 | R18: =IF('1.1.제안펀드'!#REF!="후순위 보강", IF(SUMPRODUCT(OFFSET(출자예상내역,0,14,ROWS(출자예상내역),1)*1,OFFSET(출자예상내역,0,3,ROWS(출자예상내역),1))*0.08>$Q$51,$Q18*$G18/SUMPRODUCT(OFFSET(출자예상내역,0,14,ROWS(출자예상내역),1)*1,OFFSET(출자예상내역,0,3,ROWS(출자예상내역),1)),""), "") -> #REF! | S18: =IFERROR(#REF!/$G18,"") | T18: =IF('1.1.제안펀드'!#REF!="민간 제안",IF(OR($D18="제안사(회사)",$D18="제안사계열사/특수관계인"),$G18,""),"") -> #REF!
K19: =IF(OR(ISBLANK(J19),0),"",$G$51*J19) | M19: =IF(OR(ISBLANK(L19),0),"",$G$51*L19) | O19: =IF(OR(ISBLANK(N19),0),"",$G$51*N19) | Q19: =IF(OR($D19="일반기업",$D19="연기금",$D19="공제회",$D19="은행",$D19="보험사"),1,0) -> 0 | R19: =IF('1.1.제안펀드'!#REF!="후순위 보강", IF(SUMPRODUCT(OFFSET(출자예상내역,0,14,ROWS(출자예상내역),1)*1,OFFSET(출자예상내역,0,3,ROWS(출자예상내역),1))*0.08>$Q$51,$Q19*$G19/SUMPRODUCT(OFFSET(출자예상내역,0,14,ROWS(출자예상내역),1)*1,OFFSET(출자예상내역,0,3,ROWS(출자예상내역),1)),""), "") -> #REF! | S19: =IFERROR(#REF!/$G19,"") | T19: =IF('1.1.제안펀드'!#REF!="민간 제안",IF(OR($D19="제안사(회사)",$D19="제안사계열사/특수관계인"),$G19,""),"") -> #REF!
K20: =IF(OR(ISBLANK(J20),0),"",$G$51*J20) | M20: =IF(OR(ISBLANK(L20),0),"",$G$51*L20) | O20: =IF(OR(ISBLANK(N20),0),"",$G$51*N20) | Q20: =IF(OR($D20="일반기업",$D20="연기금",$D20="공제회",$D20="은행",$D20="보험사"),1,0) -> 0 | R20: =IF('1.1.제안펀드'!#REF!="후순위 보강", IF(SUMPRODUCT(OFFSET(출자예상내역,0,14,ROWS(출자예상내역),1)*1,OFFSET(출자예상내역,0,3,ROWS(출자예상내역),1))*0.08>$Q$51,$Q20*$G20/SUMPRODUCT(OFFSET(출자예상내역,0,14,ROWS(출자예상내역),1)*1,OFFSET(출자예상내역,0,3,ROWS(출자예상내역),1)),""), "") -> #REF! | S20: =IFERROR(#REF!/$G20,"") | T20: =IF('1.1.제안펀드'!#REF!="민간 제안",IF(OR($D20="제안사(회사)",$D20="제안사계열사/특수관계인"),$G20,""),"") -> #REF!
I21: =IF(OR(ISBLANK(H21),0),"",$G$51*H21) | K21: =IF(OR(ISBLANK(J21),0),"",$G$51*J21) | M21: =IF(OR(ISBLANK(L21),0),"",$G$51*L21) | O21: =IF(OR(ISBLANK(N21),0),"",$G$51*N21) | Q21: =IF(OR($D21="일반기업",$D21="연기금",$D21="공제회",$D21="은행",$D21="보험사"),1,0) -> 0 | R21: =IF('1.1.제안펀드'!#REF!="후순위 보강", IF(SUMPRODUCT(OFFSET(출자예상내역,0,14,ROWS(출자예상내역),1)*1,OFFSET(출자예상내역,0,3,ROWS(출자예상내역),1))*0.08>$Q$51,$Q21*$G21/SUMPRODUCT(OFFSET(출자예상내역,0,14,ROWS(출자예상내역),1)*1,OFFSET(출자예상내역,0,3,ROWS(출자예상내역),1)),""), "") -> #REF! | S21: =IFERROR(#REF!/$G21,"") | T21: =IF('1.1.제안펀드'!#REF!="민간 제안",IF(OR($D21="제안사(회사)",$D21="제안사계열사/특수관계인"),$G21,""),"") -> #REF!
I22: =IF(OR(ISBLANK(H22),0),"",$G$51*H22) | K22: =IF(OR(ISBLANK(J22),0),"",$G$51*J22) | M22: =IF(OR(ISBLANK(L22),0),"",$G$51*L22) | O22: =IF(OR(ISBLANK(N22),0),"",$G$51*N22) | Q22: =IF(OR($D22="일반기업",$D22="연기금",$D22="공제회",$D22="은행",$D22="보험사"),1,0) -> 0 | R22: =IF('1.1.제안펀드'!#REF!="후순위 보강", IF(SUMPRODUCT(OFFSET(출자예상내역,0,14,ROWS(출자예상내역),1)*1,OFFSET(출자예상내역,0,3,ROWS(출자예상내역),1))*0.08>$Q$51,$Q22*$G22/SUMPRODUCT(OFFSET(출자예상내역,0,14,ROWS(출자예상내역),1)*1,OFFSET(출자예상내역,0,3,ROWS(출자예상내역),1)),""), "") -> #REF! | S22: =IFERROR(#REF!/$G22,"") | T22: =IF('1.1.제안펀드'!#REF!="민간 제안",IF(OR($D22="제안사(회사)",$D22="제안사계열사/특수관계인"),$G22,""),"") -> #REF!
I23: =IF(OR(ISBLANK(H23),0),"",$G$51*H23) | K23: =IF(OR(ISBLANK(J23),0),"",$G$51*J23) | M23: =IF(OR(ISBLANK(L23),0),"",$G$51*L23) | O23: =IF(OR(ISBLANK(N23),0),"",$G$51*N23) | Q23: =IF(OR($D23="일반기업",$D23="연기금",$D23="공제회",$D23="은행",$D23="보험사"),1,0) -> 0 | R23: =IF('1.1.제안펀드'!#REF!="후순위 보강", IF(SUMPRODUCT(OFFSET(출자예상내역,0,14,ROWS(출자예상내역),1)*1,OFFSET(출자예상내역,0,3,ROWS(출자예상내역),1))*0.08>$Q$51,$Q23*$G23/SUMPRODUCT(OFFSET(출자예상내역,0,14,ROWS(출자예상내역),1)*1,OFFSET(출자예상내역,0,3,ROWS(출자예상내역),1)),""), "") -> #REF! | S23: =IFERROR(#REF!/$G23,"") | T23: =IF('1.1.제안펀드'!#REF!="민간 제안",IF(OR($D23="제안사(회사)",$D23="제안사계열사/특수관계인"),$G23,""),"") -> #REF!
I24: =IF(OR(ISBLANK(H24),0),"",$G$51*H24) | K24: =IF(OR(ISBLANK(J24),0),"",$G$51*J24) | M24: =IF(OR(ISBLANK(L24),0),"",$G$51*L24) | O24: =IF(OR(ISBLANK(N24),0),"",$G$51*N24) | Q24: =IF(OR($D24="일반기업",$D24="연기금",$D24="공제회",$D24="은행",$D24="보험사"),1,0) -> 0 | R24: =IF('1.1.제안펀드'!#REF!="후순위 보강", IF(SUMPRODUCT(OFFSET(출자예상내역,0,14,ROWS(출자예상내역),1)*1,OFFSET(출자예상내역,0,3,ROWS(출자예상내역),1))*0.08>$Q$51,$Q24*$G24/SUMPRODUCT(OFFSET(출자예상내역,0,14,ROWS(출자예상내역),1)*1,OFFSET(출자예상내역,0,3,ROWS(출자예상내역),1)),""), "") -> #REF! | S24: =IFERROR(#REF!/$G24,"") | T24: =IF('1.1.제안펀드'!#REF!="민간 제안",IF(OR($D24="제안사(회사)",$D24="제안사계열사/특수관계인"),$G24,""),"") -> #REF!
I25: =IF(OR(ISBLANK(H25),0),"",$G$51*H25) | K25: =IF(OR(ISBLANK(J25),0),"",$G$51*J25) | M25: =IF(OR(ISBLANK(L25),0),"",$G$51*L25) | O25: =IF(OR(ISBLANK(N25),0),"",$G$51*N25) | Q25: =IF(OR($D25="일반기업",$D25="연기금",$D25="공제회",$D25="은행",$D25="보험사"),1,0) -> 0 | R25: =IF('1.1.제안펀드'!#REF!="후순위 보강", IF(SUMPRODUCT(OFFSET(출자예상내역,0,14,ROWS(출자예상내역),1)*1,OFFSET(출자예상내역,0,3,ROWS(출자예상내역),1))*0.08>$Q$51,$Q25*$G25/SUMPRODUCT(OFFSET(출자예상내역,0,14,ROWS(출자예상내역),1)*1,OFFSET(출자예상내역,0,3,ROWS(출자예상내역),1)),""), "") -> #REF! | S25: =IFERROR(#REF!/$G25,"") | T25: =IF('1.1.제안펀드'!#REF!="민간 제안",IF(OR($D25="제안사(회사)",$D25="제안사계열사/특수관계인"),$G25,""),"") -> #REF!
I26: =IF(OR(ISBLANK(H26),0),"",$G$51*H26) | K26: =IF(OR(ISBLANK(J26),0),"",$G$51*J26) | M26: =IF(OR(ISBLANK(L26),0),"",$G$51*L26) | O26: =IF(OR(ISBLANK(N26),0),"",$G$51*N26) | Q26: =IF(OR($D26="일반기업",$D26="연기금",$D26="공제회",$D26="은행",$D26="보험사"),1,0) -> 0 | R26: =IF('1.1.제안펀드'!#REF!="후순위 보강", IF(SUMPRODUCT(OFFSET(출자예상내역,0,14,ROWS(출자예상내역),1)*1,OFFSET(출자예상내역,0,3,ROWS(출자예상내역),1))*0.08>$Q$51,$Q26*$G26/SUMPRODUCT(OFFSET(출자예상내역,0,14,ROWS(출자예상내역),1)*1,OFFSET(출자예상내역,0,3,ROWS(출자예상내역),1)),""), "") -> #REF! | S26: =IFERROR(#REF!/$G26,"") | T26: =IF('1.1.제안펀드'!#REF!="민간 제안",IF(OR($D26="제안사(회사)",$D26="제안사계열사/특수관계인"),$G26,""),"") -> #REF!
I27: =IF(OR(ISBLANK(H27),0),"",$G$51*H27) | K27: =IF(OR(ISBLANK(J27),0),"",$G$51*J27) | M27: =IF(OR(ISBLANK(L27),0),"",$G$51*L27) | O27: =IF(OR(ISBLANK(N27),0),"",$G$51*N27) | Q27: =IF(OR($D27="일반기업",$D27="연기금",$D27="공제회",$D27="은행",$D27="보험사"),1,0) -> 0 | R27: =IF('1.1.제안펀드'!#REF!="후순위 보강", IF(SUMPRODUCT(OFFSET(출자예상내역,0,14,ROWS(출자예상내역),1)*1,OFFSET(출자예상내역,0,3,ROWS(출자예상내역),1))*0.08>$Q$51,$Q27*$G27/SUMPRODUCT(OFFSET(출자예상내역,0,14,ROWS(출자예상내역),1)*1,OFFSET(출자예상내역,0,3,ROWS(출자예상내역),1)),""), "") -> #REF! | S27: =IFERROR(#REF!/$G27,"") | T27: =IF('1.1.제안펀드'!#REF!="민간 제안",IF(OR($D27="제안사(회사)",$D27="제안사계열사/특수관계인"),$G27,""),"") -> #REF!
I28: =IF(OR(ISBLANK(H28),0),"",$G$51*H28) | K28: =IF(OR(ISBLANK(J28),0),"",$G$51*J28) | M28: =IF(OR(ISBLANK(L28),0),"",$G$51*L28) | O28: =IF(OR(ISBLANK(N28),0),"",$G$51*N28) | Q28: =IF(OR($D28="일반기업",$D28="연기금",$D28="공제회",$D28="은행",$D28="보험사"),1,0) -> 0 | R28: =IF('1.1.제안펀드'!#REF!="후순위 보강", IF(SUMPRODUCT(OFFSET(출자예상내역,0,14,ROWS(출자예상내역),1)*1,OFFSET(출자예상내역,0,3,ROWS(출자예상내역),1))*0.08>$Q$51,$Q28*$G28/SUMPRODUCT(OFFSET(출자예상내역,0,14,ROWS(출자예상내역),1)*1,OFFSET(출자예상내역,0,3,ROWS(출자예상내역),1)),""), "") -> #REF! | S28: =IFERROR(#REF!/$G28,"") | T28: =IF('1.1.제안펀드'!#REF!="민간 제안",IF(OR($D28="제안사(회사)",$D28="제안사계열사/특수관계인"),$G28,""),"") -> #REF!
I29: =IF(OR(ISBLANK(H29),0),"",$G$51*H29) | K29: =IF(OR(ISBLANK(J29),0),"",$G$51*J29) | M29: =IF(OR(ISBLANK(L29),0),"",$G$51*L29) | O29: =IF(OR(ISBLANK(N29),0),"",$G$51*N29) | Q29: =IF(OR($D29="일반기업",$D29="연기금",$D29="공제회",$D29="은행",$D29="보험사"),1,0) -> 0 | R29: =IF('1.1.제안펀드'!#REF!="후순위 보강", IF(SUMPRODUCT(OFFSET(출자예상내역,0,14,ROWS(출자예상내역),1)*1,OFFSET(출자예상내역,0,3,ROWS(출자예상내역),1))*0.08>$Q$51,$Q29*$G29/SUMPRODUCT(OFFSET(출자예상내역,0,14,ROWS(출자예상내역),1)*1,OFFSET(출자예상내역,0,3,ROWS(출자예상내역),1)),""), "") -> #REF! | S29: =IFERROR(#REF!/$G29,"") | T29: =IF('1.1.제안펀드'!#REF!="민간 제안",IF(OR($D29="제안사(회사)",$D29="제안사계열사/특수관계인"),$G29,""),"") -> #REF!
I30: =IF(OR(ISBLANK(H30),0),"",$G$51*H30) | K30: =IF(OR(ISBLANK(J30),0),"",$G$51*J30) | M30: =IF(OR(ISBLANK(L30),0),"",$G$51*L30) | O30: =IF(OR(ISBLANK(N30),0),"",$G$51*N30) | Q30: =IF(OR($D30="일반기업",$D30="연기금",$D30="공제회",$D30="은행",$D30="보험사"),1,0) -> 0 | R30: =IF('1.1.제안펀드'!#REF!="후순위 보강", IF(SUMPRODUCT(OFFSET(출자예상내역,0,14,ROWS(출자예상내역),1)*1,OFFSET(출자예상내역,0,3,ROWS(출자예상내역),1))*0.08>$Q$51,$Q30*$G30/SUMPRODUCT(OFFSET(출자예상내역,0,14,ROWS(출자예상내역),1)*1,OFFSET(출자예상내역,0,3,ROWS(출자예상내역),1)),""), "") -> #REF! | S30: =IFERROR(#REF!/$G30,"") | T30: =IF('1.1.제안펀드'!#REF!="민간 제안",IF(OR($D30="제안사(회사)",$D30="제안사계열사/특수관계인"),$G30,""),"") -> #REF!
I31: =IF(OR(ISBLANK(H31),0),"",$G$51*H31) | K31: =IF(OR(ISBLANK(J31),0),"",$G$51*J31) | M31: =IF(OR(ISBLANK(L31),0),"",$G$51*L31) | O31: =IF(OR(ISBLANK(N31),0),"",$G$51*N31) | Q31: =IF(OR($D31="일반기업",$D31="연기금",$D31="공제회",$D31="은행",$D31="보험사"),1,0) -> 0 | R31: =IF('1.1.제안펀드'!#REF!="후순위 보강", IF(SUMPRODUCT(OFFSET(출자예상내역,0,14,ROWS(출자예상내역),1)*1,OFFSET(출자예상내역,0,3,ROWS(출자예상내역),1))*0.08>$Q$51,$Q31*$G31/SUMPRODUCT(OFFSET(출자예상내역,0,14,ROWS(출자예상내역),1)*1,OFFSET(출자예상내역,0,3,ROWS(출자예상내역),1)),""), "") -> #REF! | S31: =IFERROR(#REF!/$G31,"") | T31: =IF('1.1.제안펀드'!#REF!="민간 제안",IF(OR($D31="제안사(회사)",$D31="제안사계열사/특수관계인"),$G31,""),"") -> #REF!
I32: =IF(OR(ISBLANK(H32),0),"",$G$51*H32) | K32: =IF(OR(ISBLANK(J32),0),"",$G$51*J32) | M32: =IF(OR(ISBLANK(L32),0),"",$G$51*L32) | O32: =IF(OR(ISBLANK(N32),0),"",$G$51*N32) | Q32: =IF(OR($D32="일반기업",$D32="연기금",$D32="공제회",$D32="은행",$D32="보험사"),1,0) -> 0 | R32: =IF('1.1.제안펀드'!#REF!="후순위 보강", IF(SUMPRODUCT(OFFSET(출자예상내역,0,14,ROWS(출자예상내역),1)*1,OFFSET(출자예상내역,0,3,ROWS(출자예상내역),1))*0.08>$Q$51,$Q32*$G32/SUMPRODUCT(OFFSET(출자예상내역,0,14,ROWS(출자예상내역),1)*1,OFFSET(출자예상내역,0,3,ROWS(출자예상내역),1)),""), "") -> #REF! | S32: =IFERROR(#REF!/$G32,"") | T32: =IF('1.1.제안펀드'!#REF!="민간 제안",IF(OR($D32="제안사(회사)",$D32="제안사계열사/특수관계인"),$G32,""),"") -> #REF!
... I50: =IF(OR(ISBLANK(H50),0),"",$G$51*H50) | K50: =IF(OR(ISBLANK(J50),0),"",$G$51*J50) | M50: =IF(OR(ISBLANK(L50),0),"",$G$51*L50) | O50: =IF(OR(ISBLANK(N50),0),"",$G$51*N50) | Q50: =IF(OR($D50="일반기업",$D50="연기금",$D50="공제회",$D50="은행",$D50="보험사"),1,0) -> 0 | R50: =IF('1.1.제안펀드'!#REF!="후순위 보강", IF(SUMPRODUCT(OFFSET(출자예상내역,0,14,ROWS(출자예상내역),1)*1,OFFSET(출자예상내역,0,3,ROWS(출자예상내역),1))*0.08>$Q$51,$Q50*$G50/SUMPRODUCT(OFFSET(출자예상내역,0,14,ROWS(출자예상내역),1)*1,OFFSET(출자예상내역,0,3,ROWS(출자예상내역),1)),""), "") -> #REF! | S50: =IFERROR(#REF!/$G50,"") | T50: =IF('1.1.제안펀드'!#REF!="민간 제안",IF(OR($D50="제안사(회사)",$D50="제안사계열사/특수관계인"),$G50,""),"") -> #REF!
D51: 계 | G51: =SUM(G11:G50) -> 40000 | H51: =SUM(H11:H50) -> 0 | I51: =SUM(I11:I50) -> 0 | J51: =SUM(J11:J50) -> 0 | K51: =SUM(K11:K50) -> 0 | L51: =SUM(L11:L50) -> 0 | M51: =SUM(M11:M50) -> 0 | N51: =SUM(N11:N50) -> 0 | O51: =SUM(O11:O50) -> 0 | P51: =IF(G51='1.1.제안펀드'!J11,"","차이 확인필요") -> 차이 확인필요 | Q51: =IF('1.1.제안펀드'!#REF!="후순위 보강", IF('1.1.제안펀드'!$L$11=20000,2800,IF('1.1.제안펀드'!$L$11=30000,4000,4600)), "") -> #REF! | R51: =IF('1.1.제안펀드'!#REF!="후순위 보강", IF(SUMPRODUCT(OFFSET(출자예상내역,0,14,ROWS(출자예상내역),1)*1,OFFSET(출자예상내역,0,3,ROWS(출자예상내역),1))*0.08>$Q$51,"후순위 한도 초과",""), "") -> #REF! | T51: =IF('1.1.제안펀드'!#REF!="민간 제안",(SUMIF(F11:F50,"LOC",G11:G50)+SUMIF(F11:F50,"운용사",G11:G50)-SUM(T11:T50)+MIN(SUM(T11:T50),CHOOSE(IF(G11=20000,1,IF(G11=30000,2,3)),50000,75000,87500)*20%))/CHOOSE(IF(G11=20000,1,IF(G11=30000,2,3)),50000,75000,87500),"") -> #REF!
O52: =IF(OR(ISBLANK(N52),0),"",G52*N52)
O53: =IF(OR(ISBLANK(N53),0),"",G53*N53)
O54: =IF(OR(ISBLANK(N54),0),"",G54*N54)
O55: =IF(OR(ISBLANK(N55),0),"",G55*N55)
O56: =IF(OR(ISBLANK(N56),0),"",G56*N56)
O57: =IF(OR(ISBLANK(N57),0),"",G57*N57)
O58: =IF(OR(ISBLANK(N58),0),"",G58*N58)
O59: =IF(OR(ISBLANK(N59),0),"",G59*N59)
O60: =IF(OR(ISBLANK(N60),0),"",G60*N60)
O61: =IF(OR(ISBLANK(N61),0),"",G61*N61)
O62: =IF(OR(ISBLANK(N62),0),"",G62*N62)
O63: =IF(OR(ISBLANK(N63),0),"",G63*N63)
... O955: =IF(OR(ISBLANK(N955),0),"",G955*N955)

Sheet 2.1.제안사 개요
A1: RFPID | B1: GPID | C1: GPNAME | D1: CompanyNo | E1: CompanySSN | F1: CEO | G1: GPType | H1: FoundationYMD | I1: FundMngBegYMD | J1: FundBegRegisterYMD | K1: ZipCode | L1: Addr | M1: Addr2 | N1: HeadCount | O1: FundFundMgrHC | P1: ComFundMgrHC | Q1: ContactPersonName | R1: ContactPersonBuName | S1: ContactPersonJobTitle | T1: ContactPersonTelNo | U1: ContactPersonFaxNo | V1: ContactPersonMBTLTelNo | W1: ContactPersonEmail
C3: 기본정보 | H3: 업력 | K3: 주소 | N3: 인원 | Q3: 담당자
A4: 모집단위ID | B4: 운용사ID | C4: 제안사명 | D4: 법인등록번호 | E4: 사업자등록번호 | F4: 대표자명 | G4: 제안사유형 | H4: 설립일 | I4: 펀드운용업무 시작일 | J4: 운용펀드 최초결성일 | K4: 우편번호 | L4: 주소 | M4: 주소상세 | N4: 전체 인원수 | O4: 펀드운용 담당 인력수 | P4: 고유계정투자담당인력수 | Q4: 성명 | R4: 부서 | S4: 직위 | T4: 전화 | U4: 팩스 | V4: 휴대전화번호 | W4: Email
C11: 가인베스트먼트㈜ | D11: 000000-0000000 | E11: 000-00-00000 | F11: 홍길동 | G11: 중소기업창업투자회사 | H11: 36892 | I11: 40178 | J11: 40207 | K11: 000-000 | L11: 서울 영등포구 여의도동 | M11: 여의나루로 76 XXXX투자운용 | N11: 50 | O11: 25 | P11: 20 | Q11: 홍길동 | R11: 관리부 | S11: 부장 | T11: 000-0000-0000 | U11: 000-0000-0000 | V11: 000-0000-0000 | W11: 000@0000.oo.oo
C14: 청산완료 펀드 (전체펀드건) | L14: 운용(결성)예정/운용중/청산중 펀드 (전체펀드건) | U14: 고유계정 투자 (전체투자건) | AC14: 펀드계정 투자 (전체투자건)
C15: 펀드수 | D15: 약정총액 | E15: 납입총액 | F15: 투자총액 | G15: 회수총액 | H15: 출자자앞 분배총액 | I15: 성과보수 지급총액 | J15: 납입총액 가중평균 펀드 수익률 (IRR) | K15: 펀드 수익률 (Multiple) | L15: 펀드수 | M15: 약정총액 | N15: 납입총액 | O15: 투자총액 | P15: 회수총액 | Q15: 출자자앞분배총액 | R15: 성과보수 지급총액 | S15: 펀드 순자산 | T15: 추가투자 예상금액 | U15: 투자건수 | V15: 투자건수 (회수료) | W15: 투자총액 | X15: 회수총액 | Y15: 미회수 투자자산투자원금 총액 | Z15: 미회수 투자자산 가치총액 | AA15: 투자금액 가중평균 수익률 | AB15: 투자금액 가중평균수익률 (회수료) | AC15: 투자건수 | AD15: 투자건수 (회수료) | AE15: 투자총액 | AF15: 회수총액 | AG15: 미회수 투자자산투자원금 총액 | AH15: 미회수 투자자산가치총액 | AI15: 투자금액 가중수익률 | AJ15: 투자금액 가중평균 수익률 (회수료)
C16: =SUMPRODUCT( (OFFSET(제안사_펀드현황,0,2,ROWS(제안사_펀드현황),1)="청산료")*1 ) -> 2 | D16: =SUMPRODUCT( (OFFSET(제안사_펀드현황,0,2,ROWS(제안사_펀드현황),1)="청산료")*1, OFFSET(제안사_펀드현황,0,8,ROWS(제안사_펀드현황),1) ) -> 13000 | E16: =SUMPRODUCT( (OFFSET(제안사_펀드현황,0,2,ROWS(제안사_펀드현황),1)="청산료")*1, OFFSET(제안사_펀드현황,0,9,ROWS(제안사_펀드현황),1) ) -> 13000 | F16: =SUMPRODUCT( (OFFSET(제안사_펀드현황,0,2,ROWS(제안사_펀드현황),1)="청산료")*1, OFFSET(제안사_펀드현황,0,20,ROWS(제안사_펀드현황),1) ) -> 6399.9909 | G16: =SUMPRODUCT( (OFFSET(제안사_펀드현황,0,2,ROWS(제안사_펀드현황),1)="청산료")*1, OFFSET(제안사_펀드현황,0,21,ROWS(제안사_펀드현황),1) ) -> 4596 | H16: =SUMPRODUCT( (OFFSET(제안사_펀드현황,0,2,ROWS(제안사_펀드현황),1)="청산료")*1, OFFSET(제안사_펀드현황,0,24,ROWS(제안사_펀드현황),1) ) -> 20290 | I16: =SUMPRODUCT( (OFFSET(제안사_펀드현황,0,2,ROWS(제안사_펀드현황),1)="청산료")*1, OFFSET(제안사_펀드현황,0,25,ROWS(제안사_펀드현황),1) ) -> 0 | J16: =SUMPRODUCT( (OFFSET(제안사_펀드현황,0,2,ROWS(제안사_펀드현황),1)="청산료")*1, OFFSET(제안사_펀드현황,0,9,ROWS(제안사_펀드현황),1), OFFSET(제안사_펀드현황,0,17,ROWS(제안사_펀드현황),1) )/E16 -> 0.10959221 | K16: =(H16+I16)/E16 -> 1.5607692 | L16: =SUMPRODUCT( (OFFSET(제안사_펀드현황,0,2,ROWS(제안사_펀드현황),1)<>"청산료")*1, (OFFSET(제안사_펀드현황,0,2,ROWS(제안사_펀드현황),1)<>"")*1 ) -> 1 | M16: =SUMPRODUCT( (OFFSET(제안사_펀드현황,0,2,ROWS(제안사_펀드현황),1)<>"청산료")*1, (OFFSET(제안사_펀드현황,0,2,ROWS(제안사_펀드현황),1)<>"")*1, OFFSET(제안사_펀드현황,0,8,ROWS(제안사_펀드현황),1) ) -> 10000 | N16: =SUMPRODUCT( (OFFSET(제안사_펀드현황,0,2,ROWS(제안사_펀드현황),1)<>"청산료")*1, (OFFSET(제안사_펀드현황,0,2,ROWS(제안사_펀드현황),1)<>"")*1, OFFSET(제안사_펀드현황,0,9,ROWS(제안사_펀드현황),1) ) -> 10000 | O16: =SUMPRODUCT( (OFFSET(제안사_펀드현황,0,2,ROWS(제안사_펀드현황),1)<>"청산료")*1, (OFFSET(제안사_펀드현황,0,2,ROWS(제안사_펀드현황),1)<>"")*1, OFFSET(제안사_펀드현황,0,20,ROWS(제안사_펀드현황),1) ) -> 4000 | P16: =SUMPRODUCT( (OFFSET(제안사_펀드현황,0,2,ROWS(제안사_펀드현황),1)<>"청산료")*1, (OFFSET(제안사_펀드현황,0,2,ROWS(제안사_펀드현황),1)<>"")*1, OFFSET(제안사_펀드현황,0,21,ROWS(제안사_펀드현황),1) ) -> 0 | Q16: =SUMPRODUCT( (OFFSET(제안사_펀드현황,0,2,ROWS(제안사_펀드현황),1)<>"청산료")*1, (OFFSET(제안사_펀드현황,0,2,ROWS(제안사_펀드현황),1)<>"")*1, OFFSET(제안사_펀드현황,0,24,ROWS(제안사_펀드현황),1) ) -> 9600 | R16: =SUMPRODUCT( (OFFSET(제안사_펀드현황,0,2,ROWS(제안사_펀드현황),1)<>"청산료")*1, (OFFSET(제안사_펀드현황,0,2,ROWS(제안사_펀드현황),1)<>"")*1, OFFSET(제안사_펀드현황,0,25,ROWS(제안사_펀드현황),1) ) -> 0 | S16: =SUMPRODUCT( (OFFSET(제안사_펀드현황,0,2,ROWS(제안사_펀드현황),1)<>"청산료")*1, (OFFSET(제안사_펀드현황,0,2,ROWS(제안사_펀드현황),1)<>"")*1, OFFSET(제안사_펀드현황,0,30,ROWS(제안사_펀드현황),1) ) -> 980 | T16: =SUMPRODUCT( (OFFSET(제안사_펀드현황,0,2,ROWS(제안사_펀드현황),1)<>"청산료")*1, (OFFSET(제안사_펀드현황,0,2,ROWS(제안사_펀드현황),1)<>"")*1, OFFSET(제안사_펀드현황,0,31,ROWS(제안사_펀드현황),1) ) -> 0 | U16: =SUMPRODUCT( (OFFSET(제안사_투자현황,0,0,ROWS(제안사_투자현황),1)="고유계정")*1 ) -> 1 | V16: =SUMPRODUCT( (OFFSET(제안사_투자현황,0,0,ROWS(제안사_투자현황),1)="고유계정")*1, (OFFSET(제안사_투자현황,0,9,ROWS(제안사_투자현황),1)="회수료")*1 ) -> 0 | W16: =SUMPRODUCT( (OFFSET(제안사_투자현황,0,0,ROWS(제안사_투자현황),1)="고유계정")*1, OFFSET(제안사_투자현황,0,8,ROWS(제안사_투자현황),1) ) -> 1000 | X16: =SUMPRODUCT( (OFFSET(제안사_투자현황,0,0,ROWS(제안사_투자현황),1)="고유계정")*1, OFFSET(제안사_투자현황,0,13,ROWS(제안사_투자현황),1) ) -> 0 | Y16: =SUMPRODUCT( (OFFSET(제안사_투자현황,0,0,ROWS(제안사_투자현황),1)="고유계정")*1, OFFSET(제안사_투자현황,0,18,ROWS(제안사_투자현황),1) ) -> 1000 | Z16: =SUMPRODUCT( (OFFSET(제안사_투자현황,0,0,ROWS(제안사_투자현황),1)="고유계정")*1, OFFSET(제안사_투자현황,0,19,ROWS(제안사_투자현황),1) ) -> 1500 | AA16: =IF(W16=0,"N/A", SUMPRODUCT( (OFFSET(제안사_투자현황,0,0,ROWS(제안사_투자현황),1)="고유계정")*1, OFFSET(제안사_투자현황,0,8,ROWS(제안사_투자현황),1), OFFSET(제안사_투자현황,0,10,ROWS(제안사_투자현황),1) ) / W16) -> 0 | AB16: =IF( SUMPRODUCT( (OFFSET(제안사_투자현황,0,0,ROWS(제안사_투자현황),1)="고유계정")*1, OFFSET(제안사_투자현황,0,8,ROWS(제안사_투자현황),1), (OFFSET(제안사_투자현황,0,9,ROWS(제안사_투자현황),1)="회수료")*1) = 0, "N/A", SUMPRODUCT( (OFFSET(제안사_투자현황,0,0,ROWS(제안사_투자현황),1)="고유계정")*1, OFFSET(제안사_투자현황,0,8,ROWS(제안사_투자현황),1), (OFFSET(제안사_투자현황,0,9,ROWS(제안사_투자현황),1)="회수료")*1, OFFSET(제안사_투자현황,0,10,ROWS(제안사_투자현황),1) ) / SUMPRODUCT( (OFFSET(제안사_투자현황,0,0,ROWS(제안사_투자현황),1)="고유계정")*1, OFFSET(제안사_투자현황,0,8,ROWS(제안사_투자현황),1), (OFFSET(제안사_투자현황,0,9,ROWS(제안사_투자현황),1)="회수료")*1) ) -> N/A | AC16: =SUMPRODUCT( (OFFSET(제안사_투자현황,0,0,ROWS(제안사_투자현황),1)="펀드계정")*1 ) -> 8 | AD16: =SUMPRODUCT( (OFFSET(제안사_투자현황,0,0,ROWS(제안사_투자현황),1)="펀드계정")*1, (OFFSET(제안사_투자현황,0,9,ROWS(제안사_투자현황),1)="회수료")*1 ) -> 3 | AE16: =SUMPRODUCT( (OFFSET(제안사_투자현황,0,0,ROWS(제안사_투자현황),1)="펀드계정")*1, OFFSET(제안사_투자현황,0,8,ROWS(제안사_투자현황),1) ) -> 10399.991 | AF16: =SUMPRODUCT( (OFFSET(제안사_투자현황,0,0,ROWS(제안사_투자현황),1)="펀드계정")*1, OFFSET(제안사_투자현황,0,13,ROWS(제안사_투자현황),1) ) -> 4596 | AG16: =SUMPRODUCT( (OFFSET(제안사_투자현황,0,0,ROWS(제안사_투자현황),1)="펀드계정")*1, OFFSET(제안사_투자현황,0,18,ROWS(제안사_투자현황),1) ) -> 7199.9909 | AH16: =SUMPRODUCT( (OFFSET(제안사_투자현황,0,0,ROWS(제안사_투자현황),1)="펀드계정")*1, OFFSET(제안사_투자현황,0,19,ROWS(제안사_투자현황),1) ) -> 5275.0434 | AI16: =IF(AE16=0,"N/A", SUMPRODUCT( (OFFSET(제안사_투자현황,0,0,ROWS(제안사_투자현황),1)="펀드계정")*1, OFFSET(제안사_투자현황,0,8,ROWS(제안사_투자현황),1), OFFSET(제안사_투자현황,0,10,ROWS(제안사_투자현황),1) ) / AE16) -> 0.019807704 | AJ16: =IF( SUMPRODUCT( (OFFSET(제안사_투자현황,0,0,ROWS(제안사_투자현황),1)="펀드계정")*1, OFFSET(제안사_투자현황,0,8,ROWS(제안사_투자현황),1), (OFFSET(제안사_투자현황,0,9,ROWS(제안사_투자현황),1)="회수료")*1) = 0, "N/A", SUMPRODUCT( (OFFSET(제안사_투자현황,0,0,ROWS(제안사_투자현황),1)="펀드계정")*1, OFFSET(제안사_투자현황,0,8,ROWS(제안사_투자현황),1), (OFFSET(제안사_투자현황,0,9,ROWS(제안사_투자현황),1)="회수료")*1, OFFSET(제안사_투자현황,0,10,ROWS(제안사_투자현황),1) ) / SUMPRODUCT( (OFFSET(제안사_투자현황,0,0,ROWS(제안사_투자현황),1)="펀드계정")*1, OFFSET(제안사_투자현황,0,8,ROWS(제안사_투자현황),1), (OFFSET(제안사_투자현황,0,9,ROWS(제안사_투자현황),1)="회수료")*1) ) -> 0.051499998
C19: 최초결성운용펀드명칭 | E19: 최초결성운용펀드개요 | K19: 최초결성운용펀드규모 | M19: 최초결성운용펀드 존속기간
C20: 최초결성 운용펀드명 | D20: 펀드 사업자 등록번호 | E20: 펀드 상태 | F20: 펀드법적유형 | G20: 펀드유형 (투자대상확정여부) | H20: 펀드결성목적 또는 주요투자대상 | I20: 투자기업의 주된 법인유형 | J20: 펀드의 주된 투자유형 | K20: 약정 총액 | L20: 납입 총액 | M20: 결성(예정)일 | N20: 투자기간 종료(예정)일 | O20: 해산(예정)일 | P20: 기간(연)
C21: 펀드1호 | D21: 000-00-00000 | E21: 청산료 | F21: 중소기업창업투자조합 | G21: 블라인드펀드 | H21: 일반 중소기업 | I21: 국내설립법인 또는 해외현지법인 | J21: 주식 또는 주식연계채권 | K21: 2000 | L21: 2000 | M21: =J11 -> 40207 | N21: 40572 | O21: 40937 | P21: =IF(ISBLANK(M21),"",DATEDIF(M21,O21,"d")/365) -> 2
C24: 주요주주 현황
C25: 주주명 | D25: 지분율(%) | E25: 최대주주와의 관계 | H25: 비고
C36: 합계 | D36: 1

Sheet 2.2.제안사 재무현황
A1: RFPID | B1: GPID | C1: FYearEndYMD | D1: Assets | E1: CurrentAssets | F1: Liabilities | G1: CurrentLiabilities | H1: Equity | I1: CapitalStock | J1: Sales | K1: COS | L1: NetIncome | M1: CurrentRatio | N1: DebtRatio | O1: CapitalDeficitRatio | P1: OperatingProfitRatio | Q1: ReturnOnEquity
A4: 모집단위ID | B4: 운용사ID | C4: (가)결산일자 | D4: 총자산 | E4: 유동자산 | F4: 총부채 | G4: 유동부채 | H4: 자기자본(자본총계) | I4: 자본금+자본잉여금 | J4: 영업수익 | K4: 영업비용 | L4: 당기순이익 | M4: 유동비율 | N4: 부채비율 | O4: 자본충실률 | P4: 영업수지율 | Q4: 자기자본순이익률
C11: 44561 | D11: 10000 | E11: 9000 | F11: 3000 | G11: 1000 | H11: 7000 | I11: 4000 | J11: 2000 | K11: 1500 | L11: 200 | M11: =E11/G11 -> 9 | N11: =F11/H11 -> 0.42857143 | O11: =H11/I11 -> 1.75 | P11: =J11/K11 -> 1.3333333 | Q11: =L11/H11 -> 0.028571429
C12: 44196 | D12: 8000 | E12: 7000 | F12: 3000 | G12: 1000 | H12: 1000 | I12: 500 | J12: 600 | K12: 500 | L12: -100 | M12: =E12/G12 -> 7 | N12: =F12/H12 -> 3 | O12: =H12/I12 -> 2 | P12: =J12/K12 -> 1.2 | Q12: =L12/H12 -> -0.1
C13: 43830 | D13: 8000 | E13: 7000 | F13: 3000 | G13: 4000 | H13: 1000 | I13: 500 | J13: 3000 | K13: 2500 | L13: 500 | M13: =E13/G13 -> 1.75 | N13: =F13/H13 -> 3 | O13: =H13/I13 -> 2 | P13: =J13/K13 -> 1.2 | Q13: =L13/H13 -> 0.5

Sheet 2.3.제안사 펀드현황
A1: RFPID | B1: GPID | C1: Seq | D1: FundName | E1: FundCompanySSN | F1: FundStatusDesc | G1: FundTypeDesc | H1: IsInvtComFixedDesc | K1: MainInvestTargetDesc | L1: FundContractAmt | M1: FundPayInAmt | N1: RegisterYMD | O1: InvestEndYMD | P1: PropFundSettleYMD | Q1: PropFundUsefulYears | R1: HurdleRate | S1: RFPContingentFeeDesc | T1: RFPManagingFeeDesc | U1: FundIRR | V1: FundMultiple | W1: InvtComCount | X1: InvestAmt | Y1: CollectAmt | Z1: InvestBalBV | AA1: InvestBalEvalAmt | AB1: PayOutAmt | AC1: ContingentFeeAmt | AD1: PropManagingFeeAmt | AE1: OtherExpenseAmt | AF1: OtherAssetAmt | AG1: OtherDebtAmt | AH1: FundNetAmt | AI1: AddInvestPlanAmt | AJ1: CoreFundMgrName1 | AK1: CoreFundMgrBegYMD1 | AL1: CoreFundMgrEndYMD1 | AM1: IsCoreFundMgrWorking1 | AN1: CoreFundMgrName2 | AO1: CoreFundMgrBegYMD2 | AP1: CoreFundMgrEndYMD2 | AQ1: IsCoreFundMgrWorking2 | AR1: CoreFundMgrName3 | AS1: CoreFundMgrBegYMD3 | AT1: CoreFundMgrEndYMD3 | AU1: IsCoreFundMgrWorking3 | AV1: CoreFundMgrChangeNo | AY1: GPName | AZ1: GPContractAmt | BA1: PropGPLossCoverAmt | BB1: JointGPName1 | BC1: JointGPPayInAmt1 | BD1: JointGPLossCoverAmt1 | BE1: JointGPName2 | BF1: JointGPPayInAmt2 | BG1: JointGPLossCoverAmt2 | BH1: LPName1 | BI1: LPPayInAmt1 | BJ1: LPName2 | BK1: LPPayInAmt2 | BL1: LPName3 | BM1: LPPayInAmt3 | BN1: OtherLPPayInAmt
D3: 펀드명칭 | F3: 펀드개요 | L3: 펀드규모 | N3: 펀드 존속기간 | R3: 보수 | U3: 펀드수익률 | W3: 투자 및 회수 | Z3: 미회수투자자산 | AB3: 분배 및 비용 | AF3: 예금 등 투자자산 이외 자산총액 | AG3: 미지급등 부채총액 | AH3: 펀드 순자산 | AI3: 추가투자 예상금액 | AJ3: 핵심운용인력1 | AN3: 핵심운용인력2 | AR3: 핵심운용인력3 | AV3: 핵심운용인력 유지율 | AY3: 제안사출자 | BB3: 공동운용사1출자 | BE3: 공동운용사2출자 | BH3: 투자자1 출자 | BJ3: 투자자2 출자 | BL3: 투자자3 출자 | BN3: 기타투자자 출자 약정액
A4: 모집단위ID | B4: 운용사ID | C4: 일련번호 | D4: 펀드명 | E4: 펀드 사업자 등록번호 | F4: 펀드 상태 | G4: 펀드법적유형 | H4: 펀드유형(투자대상확정여부) | I4: 펀드결성목적 또는 주요투자대상 | J4: 투자기업의 주된 법인유형 | K4: 펀드의 주된 투자유형 | L4: 약정 총액 | M4: 납입 총액 | N4: 결성(예정)일 | O4: 투자기간 종료(예정)일 | P4: 해산(예정)일 | Q4: 기간(연) | R4: 기준 수익률 | S4: 성과보수 | T4: 관리보수 | U4: IRR | V4: Multiple | W4: 투자건수 | X4: 투자 총액 | Y4: 회수 총액 | Z4: 투자 원금 총액 | AA4: 가치 총액 | AB4: 출자자앞 분배총액 | AC4: 성과보수지급총액 | AD4: 관리보수 지급총액 | AE4: 기타비용 지급총액 | AJ4: 성명 | AK4: 시작일 | AL4: 종료일 | AM4: 재직여부 | AN4: 성명 | AO4: 시작일 | AP4: 종료일 | AQ4: 재직여부 | AR4: 성명 | AS4: 시작일 | AT4: 종료일 | AU4: 재직여부 | AV4: 펀드설립시 핵심운용인력수 | AW4: 핵심운용인력 유출횟수 | AX4: 유지율 | AY4: 제안사명 | AZ4: 약정액 | BA4: 우선손실 충당액 | BB4: 운용사명 | BC4: 약정액 | BD4: 우선손실 충당액 | BE4: 운용사명 | BF4: 약정액 | BG4: 우선손실 충당액 | BH4: 출자자명 | BI4: 약정액 | BJ4: 출자자명 | BK4: 약정액 | BL4: 출자자명 | BM4: 약정액
D11: 펀드1호 | E11: 000-00-00000 | F11: 청산료 | G11: 중소기업창업투자조합 | H11: 블라인드펀드 | I11: 일반 중소기업 | J11: 국내설립법인 또는 해외현지법인 | K11: 주식 또는 주식연계채권 | L11: 3000 | M11: 3000 | N11: 40544 | O11: 42005 | P11: 42736 | Q11: =IF(ISBLANK(N11),"",DATEDIF(N11,P11,"d")/365) -> 6.0054795 | R11: 0.1 | S11: 초과수익의 20% | T11: 초기3년 약정액의 3.0%, 잔여기간 투자잔액의 3.0% | U11: =IF(ISBLANK($D11), "", IF( ISERROR( XIRR( OFFSET(펀드_거래,MATCH($D11,OFFSET(펀드_거래,0,0,ROWS(펀드_거래),1),0)-1,2,COUNTIF(펀드_거래,$D11),1), OFFSET(펀드_거래,MATCH($D11,OFFSET(펀드_거래,0,0,ROWS(펀드_거래),1),0)-1,3,COUNTIF(펀드_거래,$D11),1) ) ), "N/A", XIRR( OFFSET(펀드_거래,MATCH($D11,OFFSET(펀드_거래,0,0,ROWS(펀드_거래),1),0)-1,2,COUNTIF(펀드_거래,$D11),1), OFFSET(펀드_거래,MATCH($D11,OFFSET(펀드_거래,0,0,ROWS(펀드_거래),1),0)-1,3,COUNTIF(펀드_거래,$D11),1), IF(SUM(OFFSET(펀드_거래,MATCH($D11,OFFSET(펀드_거래,0,0,ROWS(펀드_거래),1),0)-1,2,COUNTIF(펀드_거래,$D11),1))>0, 1%, -1%) ) ) ) -> 0.19785229 | V11: =IF( ISBLANK($D11), "", IF(ISNUMBER(M11), (AA11+AB11+AC11+AF11-AG11)/M11, "N/A") ) -> 6.6250145 | W11: =IF( ISBLANK($D11), "", SUMPRODUCT( (OFFSET(제안사_투자현황,0,1,ROWS(제안사_투자현황),1)=$D11)*1, ISTEXT(OFFSET(제안사_투자현황,0,3,ROWS(제안사_투자현황),1))*1 ) ) -> 3 | X11: =IF( ISBLANK($D11), "0", SUMPRODUCT( (OFFSET(제안사_투자현황,0,1,ROWS(제안사_투자현황),1)=$D11)*1, OFFSET(제안사_투자현황,0,8,ROWS(제안사_투자현황),1)) ) -> 3999.9919 | Y11: =IF( ISBLANK($D11), "", SUMPRODUCT( (OFFSET(제안사_투자현황,0,1,ROWS(제안사_투자현황),1)=$D11)*1, OFFSET(제안사_투자현황,0,13,ROWS(제안사_투자현황),1)) ) -> 3146 | Z11: =IF( ISBLANK($D11), "", SUMPRODUCT( (OFFSET(제안사_투자현황,0,1,ROWS(제안사_투자현황),1)=$D11)*1, OFFSET(제안사_투자현황,0,18,ROWS(제안사_투자현황),1)) ) -> 1999.9919 | AA11: =IF( ISBLANK($D11), "", SUMPRODUCT( (OFFSET(제안사_투자현황,0,1,ROWS(제안사_투자현황),1)=$D11)*1, OFFSET(제안사_투자현황,0,19,ROWS(제안사_투자현황),1)) ) -> 3075.0434 | AB11: =IF( ISBLANK($D11), "", SUMPRODUCT( (OFFSET(펀드_거래,0,0,ROWS(펀드_거래),1)=$D11)*1, (OFFSET(펀드_거래,0,1,ROWS(펀드_거래),1)="현금분배")*1, OFFSET(펀드_거래,0,2,ROWS(펀드_거래),1)/1000000 ) + SUMPRODUCT( (OFFSET(펀드_거래,0,0,ROWS(펀드_거래),1)=$D11)*1, (OFFSET(펀드_거래,0,1,ROWS(펀드_거래),1)="현물분배")*1, OFFSET(펀드_거래,0,2,ROWS(펀드_거래),1)/1000000 ) ) -> 16700 | AC11: =IF( ISBLANK($D11), "", SUMPRODUCT( (OFFSET(펀드_거래,0,0,ROWS(펀드_거래),1)=$D11)*1, (OFFSET(펀드_거래,0,1,ROWS(펀드_거래),1)="성과보수")*1, OFFSET(펀드_거래,0,2,ROWS(펀드_거래),1)/1000000) ) -> 0 | AD11: 500 | AE11: 100 | AF11: 200 | AG11: 100 | AH11: =IF( ISERROR(AA11+AF11-AG11), "", AA11+AF11-AG11 ) -> 3175.0434 | AV11: =SUMIF('4.2.펀드 인력변경 이력'!A:A,D11,'4.2.펀드 인력변경 이력'!F:F) -> 3 | AW11: 3 | AX11: =IF(D11="","",IF(AW11=0,3,IF(AV11/AW11>3,3,AV11/AW11))) -> 1
D12: 펀드2호 | E12: 000-00-00001 | F12: 청산료 | G12: 기업구조조정조합 | H12: 블라인드펀드 | I12: 중소기업의 해외진출 지원 | J12: 외국법인 | K12: 주식 또는 주식연계채권 | L12: 10000 | M12: 10000 | N12: 40544 | O12: 42370 | P12: 43101 | Q12: =IF(ISBLANK(N12),"",DATEDIF(N12,P12,"d")/365) -> 7.0054795 | R12: 0.1 | S12: 초과수익의 20% | T12: 투자잔액의 3.0% | U12: =IF(ISBLANK($D12), "", IF( ISERROR( XIRR( OFFSET(펀드_거래,MATCH($D12,OFFSET(펀드_거래,0,0,ROWS(펀드_거래),1),0)-1,2,COUNTIF(펀드_거래,$D12),1), OFFSET(펀드_거래,MATCH($D12,OFFSET(펀드_거래,0,0,ROWS(펀드_거래),1),0)-1,3,COUNTIF(펀드_거래,$D12),1) ) ), "N/A", XIRR( OFFSET(펀드_거래,MATCH($D12,OFFSET(펀드_거래,0,0,ROWS(펀드_거래),1),0)-1,2,COUNTIF(펀드_거래,$D12),1), OFFSET(펀드_거래,MATCH($D12,OFFSET(펀드_거래,0,0,ROWS(펀드_거래),1),0)-1,3,COUNTIF(펀드_거래,$D12),1), IF(SUM(OFFSET(펀드_거래,MATCH($D12,OFFSET(펀드_거래,0,0,ROWS(펀드_거래),1),0)-1,2,COUNTIF(펀드_거래,$D12),1))>0, 1%, -1%) ) ) ) -> 0.083114181 | V12: =IF( ISBLANK($D12), "", IF(ISNUMBER(M12), (AA12+AB12+AC12+AF12-AG12)/M12, "N/A") ) -> 0.494 | W12: =IF( ISBLANK($D12), "", SUMPRODUCT( (OFFSET(제안사_투자현황,0,1,ROWS(제안사_투자현황),1)=$D12)*1, ISTEXT(OFFSET(제안사_투자현황,0,3,ROWS(제안사_투자현황),1))*1 ) ) -> 3 | X12: =IF( ISBLANK($D12), "0", SUMPRODUCT( (OFFSET(제안사_투자현황,0,1,ROWS(제안사_투자현황),1)=$D12)*1, OFFSET(제안사_투자현황,0,8,ROWS(제안사_투자현황),1)) ) -> 2399.999 | Y12: =IF( ISBLANK($D12), "", SUMPRODUCT( (OFFSET(제안사_투자현황,0,1,ROWS(제안사_투자현황),1)=$D12)*1, OFFSET(제안사_투자현황,0,13,ROWS(제안사_투자현황),1)) ) -> 1450 | Z12: =IF( ISBLANK($D12), "", SUMPRODUCT( (OFFSET(제안사_투자현황,0,1,ROWS(제안사_투자현황),1)=$D12)*1, OFFSET(제안사_투자현황,0,18,ROWS(제안사_투자현황),1)) ) -> 1199.999 | AA12: =IF( ISBLANK($D12), "", SUMPRODUCT( (OFFSET(제안사_투자현황,0,1,ROWS(제안사_투자현황),1)=$D12)*1, OFFSET(제안사_투자현황,0,19,ROWS(제안사_투자현황),1)) ) -> 1200 | AB12: =IF( ISBLANK($D12), "", SUMPRODUCT( (OFFSET(펀드_거래,0,0,ROWS(펀드_거래),1)=$D12)*1, (OFFSET(펀드_거래,0,1,ROWS(펀드_거래),1)="현금분배")*1, OFFSET(펀드_거래,0,2,ROWS(펀드_거래),1)/1000000 ) + SUMPRODUCT( (OFFSET(펀드_거래,0,0,ROWS(펀드_거래),1)=$D12)*1, (OFFSET(펀드_거래,0,1,ROWS(펀드_거래),1)="현물분배")*1, OFFSET(펀드_거래,0,2,ROWS(펀드_거래),1)/1000000 ) ) -> 3590 | AC12: =IF( ISBLANK($D12), "", SUMPRODUCT( (OFFSET(펀드_거래,0,0,ROWS(펀드_거래),1)=$D12)*1, (OFFSET(펀드_거래,0,1,ROWS(펀드_거래),1)="성과보수")*1, OFFSET(펀드_거래,0,2,ROWS(펀드_거래),1)/1000000) ) -> 0 | AD12: 400 | AE12: 100 | AF12: 200 | AG12: 50 | AH12: =IF( ISERROR(AA12+AF12-AG12), "", AA12+AF12-AG12 ) -> 1350 | AV12: =SUMIF('4.2.펀드 인력변경 이력'!A:A,D12,'4.2.펀드 인력변경 이력'!F:F) -> 3 | AW12: 0 | AX12: =IF(D12="","",IF(AW12=0,3,IF(AV12/AW12>3,3,AV12/AW12))) -> 3
D13: 펀드3호 | E13: 000-00-00002 | F13: 운용중 | G13: 중소기업창업투자조합 | H13: 블라인드펀드 | I13: 아시아 지역 투자 | J13: 기타 | K13: 기타 | L13: 10000 | M13: 10000 | N13: 41275 | O13: 43101 | P13: 44927 | Q13: =IF(ISBLANK(N13),"",DATEDIF(N13,P13,"d")/365) -> 10.005479 | R13: 0.1 | S13: 초과수익의 20% | T13: 투자잔액의 2.5% | U13: =IF(ISBLANK($D13), "", IF( ISERROR( XIRR( OFFSET(펀드_거래,MATCH($D13,OFFSET(펀드_거래,0,0,ROWS(펀드_거래),1),0)-1,2,COUNTIF(펀드_거래,$D13),1), OFFSET(펀드_거래,MATCH($D13,OFFSET(펀드_거래,0,0,ROWS(펀드_거래),1),0)-1,3,COUNTIF(펀드_거래,$D13),1) ) ), "N/A", XIRR( OFFSET(펀드_거래,MATCH($D13,OFFSET(펀드_거래,0,0,ROWS(펀드_거래),1),0)-1,2,COUNTIF(펀드_거래,$D13),1), OFFSET(펀드_거래,MATCH($D13,OFFSET(펀드_거래,0,0,ROWS(펀드_거래),1),0)-1,3,COUNTIF(펀드_거래,$D13),1), IF(SUM(OFFSET(펀드_거래,MATCH($D13,OFFSET(펀드_거래,0,0,ROWS(펀드_거래),1),0)-1,2,COUNTIF(펀드_거래,$D13),1))>0, 1%, -1%) ) ) ) -> 0.028247113 | V13: =IF( ISBLANK($D13), "", IF(ISNUMBER(M13), (AA13+AB13+AC13+AF13-AG13)/M13, "N/A") ) -> 1.058 | W13: =IF( ISBLANK($D13), "", SUMPRODUCT( (OFFSET(제안사_투자현황,0,1,ROWS(제안사_투자현황),1)=$D13)*1, ISTEXT(OFFSET(제안사_투자현황,0,3,ROWS(제안사_투자현황),1))*1 ) ) -> 2 | X13: =IF( ISBLANK($D13), "0", SUMPRODUCT( (OFFSET(제안사_투자현황,0,1,ROWS(제안사_투자현황),1)=$D13)*1, OFFSET(제안사_투자현황,0,8,ROWS(제안사_투자현황),1)) ) -> 4000 | Y13: =IF( ISBLANK($D13), "", SUMPRODUCT( (OFFSET(제안사_투자현황,0,1,ROWS(제안사_투자현황),1)=$D13)*1, OFFSET(제안사_투자현황,0,13,ROWS(제안사_투자현황),1)) ) -> 0 | Z13: =IF( ISBLANK($D13), "", SUMPRODUCT( (OFFSET(제안사_투자현황,0,1,ROWS(제안사_투자현황),1)=$D13)*1, OFFSET(제안사_투자현황,0,18,ROWS(제안사_투자현황),1)) ) -> 4000 | AA13: =IF( ISBLANK($D13), "", SUMPRODUCT( (OFFSET(제안사_투자현황,0,1,ROWS(제안사_투자현황),1)=$D13)*1, OFFSET(제안사_투자현황,0,19,ROWS(제안사_투자현황),1)) ) -> 1000 | AB13: =IF( ISBLANK($D13), "", SUMPRODUCT( (OFFSET(펀드_거래,0,0,ROWS(펀드_거래),1)=$D13)*1, (OFFSET(펀드_거래,0,1,ROWS(펀드_거래),1)="현금분배")*1, OFFSET(펀드_거래,0,2,ROWS(펀드_거래),1)/1000000 ) + SUMPRODUCT( (OFFSET(펀드_거래,0,0,ROWS(펀드_거래),1)=$D13)*1, (OFFSET(펀드_거래,0,1,ROWS(펀드_거래),1)="현물분배")*1, OFFSET(펀드_거래,0,2,ROWS(펀드_거래),1)/1000000 ) ) -> 9600 | AC13: =IF( ISBLANK($D13), "", SUMPRODUCT( (OFFSET(펀드_거래,0,0,ROWS(펀드_거래),1)=$D13)*1, (OFFSET(펀드_거래,0,1,ROWS(펀드_거래),1)="성과보수")*1, OFFSET(펀드_거래,0,2,ROWS(펀드_거래),1)/1000000) ) -> 0 | AD13: 500 | AE13: 100 | AF13: 80 | AG13: 100 | AH13: =IF( ISERROR(AA13+AF13-AG13), "", AA13+AF13-AG13 ) -> 980 | AV13: =SUMIF('4.2.펀드 인력변경 이력'!A:A,D13,'4.2.펀드 인력변경 이력'!F:F) -> 3 | AW13: =SUMIF('4.2.펀드 인력변경 이력'!A:A,D13,'4.2.펀드 인력변경 이력'!G:G) -> 1 | AX13: =IF(D13="","",IF(AW13=0,3,IF(AV13/AW13>3,3,AV13/AW13))) -> 3
Q14: =IF(ISBLANK(N14),"",DATEDIF(N14,P14,"d")/365) | U14: =IF(ISBLANK($D14), "", IF( ISERROR( XIRR( OFFSET(펀드_거래,MATCH($D14,OFFSET(펀드_거래,0,0,ROWS(펀드_거래),1),0)-1,2,COUNTIF(펀드_거래,$D14),1), OFFSET(펀드_거래,MATCH($D14,OFFSET(펀드_거래,0,0,ROWS(펀드_거래),1),0)-1,3,COUNTIF(펀드_거래,$D14),1) ) ), "N/A", XIRR( OFFSET(펀드_거래,MATCH($D14,OFFSET(펀드_거래,0,0,ROWS(펀드_거래),1),0)-1,2,COUNTIF(펀드_거래,$D14),1), OFFSET(펀드_거래,MATCH($D14,OFFSET(펀드_거래,0,0,ROWS(펀드_거래),1),0)-1,3,COUNTIF(펀드_거래,$D14),1), IF(SUM(OFFSET(펀드_거래,MATCH($D14,OFFSET(펀드_거래,0,0,ROWS(펀드_거래),1),0)-1,2,COUNTIF(펀드_거래,$D14),1))>0, 1%, -1%) ) ) ) | V14: =IF( ISBLANK($D14), "", IF(ISNUMBER(M14), (AA14+AB14+AC14+AF14-AG14)/M14, "N/A") ) | W14: =IF( ISBLANK($D14), "", SUMPRODUCT( (OFFSET(제안사_투자현황,0,1,ROWS(제안사_투자현황),1)=$D14)*1, ISTEXT(OFFSET(제안사_투자현황,0,3,ROWS(제안사_투자현황),1))*1 ) ) | X14: =IF( ISBLANK($D14), "0", SUMPRODUCT( (OFFSET(제안사_투자현황,0,1,ROWS(제안사_투자현황),1)=$D14)*1, OFFSET(제안사_투자현황,0,8,ROWS(제안사_투자현황),1)) ) -> 0 | Y14: =IF( ISBLANK($D14), "", SUMPRODUCT( (OFFSET(제안사_투자현황,0,1,ROWS(제안사_투자현황),1)=$D14)*1, OFFSET(제안사_투자현황,0,13,ROWS(제안사_투자현황),1)) ) | Z14: =IF( ISBLANK($D14), "", SUMPRODUCT( (OFFSET(제안사_투자현황,0,1,ROWS(제안사_투자현황),1)=$D14)*1, OFFSET(제안사_투자현황,0,18,ROWS(제안사_투자현황),1)) ) | AA14: =IF( ISBLANK($D14), "", SUMPRODUCT( (OFFSET(제안사_투자현황,0,1,ROWS(제안사_투자현황),1)=$D14)*1, OFFSET(제안사_투자현황,0,19,ROWS(제안사_투자현황),1)) ) | AB14: =IF( ISBLANK($D14), "", SUMPRODUCT( (OFFSET(펀드_거래,0,0,ROWS(펀드_거래),1)=$D14)*1, (OFFSET(펀드_거래,0,1,ROWS(펀드_거래),1)="현금분배")*1, OFFSET(펀드_거래,0,2,ROWS(펀드_거래),1)/1000000 ) + SUMPRODUCT( (OFFSET(펀드_거래,0,0,ROWS(펀드_거래),1)=$D14)*1, (OFFSET(펀드_거래,0,1,ROWS(펀드_거래),1)="현물분배")*1, OFFSET(펀드_거래,0,2,ROWS(펀드_거래),1)/1000000 ) ) | AC14: =IF( ISBLANK($D14), "", SUMPRODUCT( (OFFSET(펀드_거래,0,0,ROWS(펀드_거래),1)=$D14)*1, (OFFSET(펀드_거래,0,1,ROWS(펀드_거래),1)="성과보수")*1, OFFSET(펀드_거래,0,2,ROWS(펀드_거래),1)/1000000) ) | AH14: =IF( ISERROR(AA14+AF14-AG14), "", AA14+AF14-AG14 ) | AV14: =SUMIF('4.2.펀드 인력변경 이력'!A:A,D14,'4.2.펀드 인력변경 이력'!F:F) -> 0 | AW14: =SUMIF('4.2.펀드 인력변경 이력'!A:A,D14,'4.2.펀드 인력변경 이력'!G:G) -> 0 | AX14: =IF(D14="","",IF(AW14=0,3,IF(AV14/AW14>3,3,AV14/AW14)))
Q15: =IF(ISBLANK(N15),"",DATEDIF(N15,P15,"d")/365) | U15: =IF(ISBLANK($D15), "", IF( ISERROR( XIRR( OFFSET(펀드_거래,MATCH($D15,OFFSET(펀드_거래,0,0,ROWS(펀드_거래),1),0)-1,2,COUNTIF(펀드_거래,$D15),1), OFFSET(펀드_거래,MATCH($D15,OFFSET(펀드_거래,0,0,ROWS(펀드_거래),1),0)-1,3,COUNTIF(펀드_거래,$D15),1) ) ), "N/A", XIRR( OFFSET(펀드_거래,MATCH($D15,OFFSET(펀드_거래,0,0,ROWS(펀드_거래),1),0)-1,2,COUNTIF(펀드_거래,$D15),1), OFFSET(펀드_거래,MATCH($D15,OFFSET(펀드_거래,0,0,ROWS(펀드_거래),1),0)-1,3,COUNTIF(펀드_거래,$D15),1), IF(SUM(OFFSET(펀드_거래,MATCH($D15,OFFSET(펀드_거래,0,0,ROWS(펀드_거래),1),0)-1,2,COUNTIF(펀드_거래,$D15),1))>0, 1%, -1%) ) ) ) | V15: =IF( ISBLANK($D15), "", IF(ISNUMBER(M15), (AA15+AB15+AC15+AF15-AG15)/M15, "N/A") ) | W15: =IF( ISBLANK($D15), "", SUMPRODUCT( (OFFSET(제안사_투자현황,0,1,ROWS(제안사_투자현황),1)=$D15)*1, ISTEXT(OFFSET(제안사_투자현황,0,3,ROWS(제안사_투자현황),1))*1 ) ) | X15: =IF( ISBLANK($D15), "0", SUMPRODUCT( (OFFSET(제안사_투자현황,0,1,ROWS(제안사_투자현황),1)=$D15)*1, OFFSET(제안사_투자현황,0,8,ROWS(제안사_투자현황),1)) ) -> 0 | Y15: =IF( ISBLANK($D15), "", SUMPRODUCT( (OFFSET(제안사_투자현황,0,1,ROWS(제안사_투자현황),1)=$D15)*1, OFFSET(제안사_투자현황,0,13,ROWS(제안사_투자현황),1)) ) | Z15: =IF( ISBLANK($D15), "", SUMPRODUCT( (OFFSET(제안사_투자현황,0,1,ROWS(제안사_투자현황),1)=$D15)*1, OFFSET(제안사_투자현황,0,18,ROWS(제안사_투자현황),1)) ) | AA15: =IF( ISBLANK($D15), "", SUMPRODUCT( (OFFSET(제안사_투자현황,0,1,ROWS(제안사_투자현황),1)=$D15)*1, OFFSET(제안사_투자현황,0,19,ROWS(제안사_투자현황),1)) ) | AB15: =IF( ISBLANK($D15), "", SUMPRODUCT( (OFFSET(펀드_거래,0,0,ROWS(펀드_거래),1)=$D15)*1, (OFFSET(펀드_거래,0,1,ROWS(펀드_거래),1)="현금분배")*1, OFFSET(펀드_거래,0,2,ROWS(펀드_거래),1)/1000000 ) + SUMPRODUCT( (OFFSET(펀드_거래,0,0,ROWS(펀드_거래),1)=$D15)*1, (OFFSET(펀드_거래,0,1,ROWS(펀드_거래),1)="현물분배")*1, OFFSET(펀드_거래,0,2,ROWS(펀드_거래),1)/1000000 ) ) | AC15: =IF( ISBLANK($D15), "", SUMPRODUCT( (OFFSET(펀드_거래,0,0,ROWS(펀드_거래),1)=$D15)*1, (OFFSET(펀드_거래,0,1,ROWS(펀드_거래),1)="성과보수")*1, OFFSET(펀드_거래,0,2,ROWS(펀드_거래),1)/1000000) ) | AH15: =IF( ISERROR(AA15+AF15-AG15), "", AA15+AF15-AG15 ) | AV15: =SUMIF('4.2.펀드 인력변경 이력'!A:A,D15,'4.2.펀드 인력변경 이력'!F:F) -> 0 | AW15: =SUMIF('4.2.펀드 인력변경 이력'!A:A,D15,'4.2.펀드 인력변경 이력'!G:G) -> 0 | AX15: =IF(D15="","",IF(AW15=0,3,IF(AV15/AW15>3,3,AV15/AW15)))
Q16: =IF(ISBLANK(N16),"",DATEDIF(N16,P16,"d")/365) | U16: =IF(ISBLANK($D16), "", IF( ISERROR( XIRR( OFFSET(펀드_거래,MATCH($D16,OFFSET(펀드_거래,0,0,ROWS(펀드_거래),1),0)-1,2,COUNTIF(펀드_거래,$D16),1), OFFSET(펀드_거래,MATCH($D16,OFFSET(펀드_거래,0,0,ROWS(펀드_거래),1),0)-1,3,COUNTIF(펀드_거래,$D16),1) ) ), "N/A", XIRR( OFFSET(펀드_거래,MATCH($D16,OFFSET(펀드_거래,0,0,ROWS(펀드_거래),1),0)-1,2,COUNTIF(펀드_거래,$D16),1), OFFSET(펀드_거래,MATCH($D16,OFFSET(펀드_거래,0,0,ROWS(펀드_거래),1),0)-1,3,COUNTIF(펀드_거래,$D16),1), IF(SUM(OFFSET(펀드_거래,MATCH($D16,OFFSET(펀드_거래,0,0,ROWS(펀드_거래),1),0)-1,2,COUNTIF(펀드_거래,$D16),1))>0, 1%, -1%) ) ) ) | V16: =IF( ISBLANK($D16), "", IF(ISNUMBER(M16), (AA16+AB16+AC16+AF16-AG16)/M16, "N/A") ) | W16: =IF( ISBLANK($D16), "", SUMPRODUCT( (OFFSET(제안사_투자현황,0,1,ROWS(제안사_투자현황),1)=$D16)*1, ISTEXT(OFFSET(제안사_투자현황,0,3,ROWS(제안사_투자현황),1))*1 ) ) | X16: =IF( ISBLANK($D16), "0", SUMPRODUCT( (OFFSET(제안사_투자현황,0,1,ROWS(제안사_투자현황),1)=$D16)*1, OFFSET(제안사_투자현황,0,8,ROWS(제안사_투자현황),1)) ) -> 0 | Y16: =IF( ISBLANK($D16), "", SUMPRODUCT( (OFFSET(제안사_투자현황,0,1,ROWS(제안사_투자현황),1)=$D16)*1, OFFSET(제안사_투자현황,0,13,ROWS(제안사_투자현황),1)) ) | Z16: =IF( ISBLANK($D16), "", SUMPRODUCT( (OFFSET(제안사_투자현황,0,1,ROWS(제안사_투자현황),1)=$D16)*1, OFFSET(제안사_투자현황,0,18,ROWS(제안사_투자현황),1)) ) | AA16: =IF( ISBLANK($D16), "", SUMPRODUCT( (OFFSET(제안사_투자현황,0,1,ROWS(제안사_투자현황),1)=$D16)*1, OFFSET(제안사_투자현황,0,19,ROWS(제안사_투자현황),1)) ) | AB16: =IF( ISBLANK($D16), "", SUMPRODUCT( (OFFSET(펀드_거래,0,0,ROWS(펀드_거래),1)=$D16)*1, (OFFSET(펀드_거래,0,1,ROWS(펀드_거래),1)="현금분배")*1, OFFSET(펀드_거래,0,2,ROWS(펀드_거래),1)/1000000 ) + SUMPRODUCT( (OFFSET(펀드_거래,0,0,ROWS(펀드_거래),1)=$D16)*1, (OFFSET(펀드_거래,0,1,ROWS(펀드_거래),1)="현물분배")*1, OFFSET(펀드_거래,0,2,ROWS(펀드_거래),1)/1000000 ) ) | AC16: =IF( ISBLANK($D16), "", SUMPRODUCT( (OFFSET(펀드_거래,0,0,ROWS(펀드_거래),1)=$D16)*1, (OFFSET(펀드_거래,0,1,ROWS(펀드_거래),1)="성과보수")*1, OFFSET(펀드_거래,0,2,ROWS(펀드_거래),1)/1000000) ) | AH16: =IF( ISERROR(AA16+AF16-AG16), "", AA16+AF16-AG16 ) | AV16: =SUMIF('4.2.펀드 인력변경 이력'!A:A,D16,'4.2.펀드 인력변경 이력'!F:F) -> 0 | AW16: =SUMIF('4.2.펀드 인력변경 이력'!A:A,D16,'4.2.펀드 인력변경 이력'!G:G) -> 0 | AX16: =IF(D16="","",IF(AW16=0,3,IF(AV16/AW16>3,3,AV16/AW16)))
Q17: =IF(ISBLANK(N17),"",DATEDIF(N17,P17,"d")/365) | U17: =IF(ISBLANK($D17), "", IF( ISERROR( XIRR( OFFSET(펀드_거래,MATCH($D17,OFFSET(펀드_거래,0,0,ROWS(펀드_거래),1),0)-1,2,COUNTIF(펀드_거래,$D17),1), OFFSET(펀드_거래,MATCH($D17,OFFSET(펀드_거래,0,0,ROWS(펀드_거래),1),0)-1,3,COUNTIF(펀드_거래,$D17),1) ) ), "N/A", XIRR( OFFSET(펀드_거래,MATCH($D17,OFFSET(펀드_거래,0,0,ROWS(펀드_거래),1),0)-1,2,COUNTIF(펀드_거래,$D17),1), OFFSET(펀드_거래,MATCH($D17,OFFSET(펀드_거래,0,0,ROWS(펀드_거래),1),0)-1,3,COUNTIF(펀드_거래,$D17),1), IF(SUM(OFFSET(펀드_거래,MATCH($D17,OFFSET(펀드_거래,0,0,ROWS(펀드_거래),1),0)-1,2,COUNTIF(펀드_거래,$D17),1))>0, 1%, -1%) ) ) ) | V17: =IF( ISBLANK($D17), "", IF(ISNUMBER(M17), (AA17+AB17+AC17+AF17-AG17)/M17, "N/A") ) | W17: =IF( ISBLANK($D17), "", SUMPRODUCT( (OFFSET(제안사_투자현황,0,1,ROWS(제안사_투자현황),1)=$D17)*1, ISTEXT(OFFSET(제안사_투자현황,0,3,ROWS(제안사_투자현황),1))*1 ) ) | X17: =IF( ISBLANK($D17), "0", SUMPRODUCT( (OFFSET(제안사_투자현황,0,1,ROWS(제안사_투자현황),1)=$D17)*1, OFFSET(제안사_투자현황,0,8,ROWS(제안사_투자현황),1)) ) -> 0 | Y17: =IF( ISBLANK($D17), "", SUMPRODUCT( (OFFSET(제안사_투자현황,0,1,ROWS(제안사_투자현황),1)=$D17)*1, OFFSET(제안사_투자현황,0,13,ROWS(제안사_투자현황),1)) ) | Z17: =IF( ISBLANK($D17), "", SUMPRODUCT( (OFFSET(제안사_투자현황,0,1,ROWS(제안사_투자현황),1)=$D17)*1, OFFSET(제안사_투자현황,0,18,ROWS(제안사_투자현황),1)) ) | AA17: =IF( ISBLANK($D17), "", SUMPRODUCT( (OFFSET(제안사_투자현황,0,1,ROWS(제안사_투자현황),1)=$D17)*1, OFFSET(제안사_투자현황,0,19,ROWS(제안사_투자현황),1)) ) | AB17: =IF( ISBLANK($D17), "", SUMPRODUCT( (OFFSET(펀드_거래,0,0,ROWS(펀드_거래),1)=$D17)*1, (OFFSET(펀드_거래,0,1,ROWS(펀드_거래),1)="현금분배")*1, OFFSET(펀드_거래,0,2,ROWS(펀드_거래),1)/1000000 ) + SUMPRODUCT( (OFFSET(펀드_거래,0,0,ROWS(펀드_거래),1)=$D17)*1, (OFFSET(펀드_거래,0,1,ROWS(펀드_거래),1)="현물분배")*1, OFFSET(펀드_거래,0,2,ROWS(펀드_거래),1)/1000000 ) ) | AC17: =IF( ISBLANK($D17), "", SUMPRODUCT( (OFFSET(펀드_거래,0,0,ROWS(펀드_거래),1)=$D17)*1, (OFFSET(펀드_거래,0,1,ROWS(펀드_거래),1)="성과보수")*1, OFFSET(펀드_거래,0,2,ROWS(펀드_거래),1)/1000000) ) | AH17: =IF( ISERROR(AA17+AF17-AG17), "", AA17+AF17-AG17 ) | AV17: =SUMIF('4.2.펀드 인력변경 이력'!A:A,D17,'4.2.펀드 인력변경 이력'!F:F) -> 0 | AW17: =SUMIF('4.2.펀드 인력변경 이력'!A:A,D17,'4.2.펀드 인력변경 이력'!G:G) -> 0 | AX17: =IF(D17="","",IF(AW17=0,3,IF(AV17/AW17>3,3,AV17/AW17)))
Q18: =IF(ISBLANK(N18),"",DATEDIF(N18,P18,"d")/365) | U18: =IF(ISBLANK($D18), "", IF( ISERROR( XIRR( OFFSET(펀드_거래,MATCH($D18,OFFSET(펀드_거래,0,0,ROWS(펀드_거래),1),0)-1,2,COUNTIF(펀드_거래,$D18),1), OFFSET(펀드_거래,MATCH($D18,OFFSET(펀드_거래,0,0,ROWS(펀드_거래),1),0)-1,3,COUNTIF(펀드_거래,$D18),1) ) ), "N/A", XIRR( OFFSET(펀드_거래,MATCH($D18,OFFSET(펀드_거래,0,0,ROWS(펀드_거래),1),0)-1,2,COUNTIF(펀드_거래,$D18),1), OFFSET(펀드_거래,MATCH($D18,OFFSET(펀드_거래,0,0,ROWS(펀드_거래),1),0)-1,3,COUNTIF(펀드_거래,$D18),1), IF(SUM(OFFSET(펀드_거래,MATCH($D18,OFFSET(펀드_거래,0,0,ROWS(펀드_거래),1),0)-1,2,COUNTIF(펀드_거래,$D18),1))>0, 1%, -1%) ) ) ) | V18: =IF( ISBLANK($D18), "", IF(ISNUMBER(M18), (AA18+AB18+AC18+AF18-AG18)/M18, "N/A") ) | W18: =IF( ISBLANK($D18), "", SUMPRODUCT( (OFFSET(제안사_투자현황,0,1,ROWS(제안사_투자현황),1)=$D18)*1, ISTEXT(OFFSET(제안사_투자현황,0,3,ROWS(제안사_투자현황),1))*1 ) ) | X18: =IF( ISBLANK($D18), "0", SUMPRODUCT( (OFFSET(제안사_투자현황,0,1,ROWS(제안사_투자현황),1)=$D18)*1, OFFSET(제안사_투자현황,0,8,ROWS(제안사_투자현황),1)) ) -> 0 | Y18: =IF( ISBLANK($D18), "", SUMPRODUCT( (OFFSET(제안사_투자현황,0,1,ROWS(제안사_투자현황),1)=$D18)*1, OFFSET(제안사_투자현황,0,13,ROWS(제안사_투자현황),1)) ) | Z18: =IF( ISBLANK($D18), "", SUMPRODUCT( (OFFSET(제안사_투자현황,0,1,ROWS(제안사_투자현황),1)=$D18)*1, OFFSET(제안사_투자현황,0,18,ROWS(제안사_투자현황),1)) ) | AA18: =IF( ISBLANK($D18), "", SUMPRODUCT( (OFFSET(제안사_투자현황,0,1,ROWS(제안사_투자현황),1)=$D18)*1, OFFSET(제안사_투자현황,0,19,ROWS(제안사_투자현황),1)) ) | AB18: =IF( ISBLANK($D18), "", SUMPRODUCT( (OFFSET(펀드_거래,0,0,ROWS(펀드_거래),1)=$D18)*1, (OFFSET(펀드_거래,0,1,ROWS(펀드_거래),1)="현금분배")*1, OFFSET(펀드_거래,0,2,ROWS(펀드_거래),1)/1000000 ) + SUMPRODUCT( (OFFSET(펀드_거래,0,0,ROWS(펀드_거래),1)=$D18)*1, (OFFSET(펀드_거래,0,1,ROWS(펀드_거래),1)="현물분배")*1, OFFSET(펀드_거래,0,2,ROWS(펀드_거래),1)/1000000 ) ) | AC18: =IF( ISBLANK($D18), "", SUMPRODUCT( (OFFSET(펀드_거래,0,0,ROWS(펀드_거래),1)=$D18)*1, (OFFSET(펀드_거래,0,1,ROWS(펀드_거래),1)="성과보수")*1, OFFSET(펀드_거래,0,2,ROWS(펀드_거래),1)/1000000) ) | AH18: =IF( ISERROR(AA18+AF18-AG18), "", AA18+AF18-AG18 ) | AV18: =SUMIF('4.2.펀드 인력변경 이력'!A:A,D18,'4.2.펀드 인력변경 이력'!F:F) -> 0 | AW18: =SUMIF('4.2.펀드 인력변경 이력'!A:A,D18,'4.2.펀드 인력변경 이력'!G:G) -> 0 | AX18: =IF(D18="","",IF(AW18=0,3,IF(AV18/AW18>3,3,AV18/AW18)))
Q19: =IF(ISBLANK(N19),"",DATEDIF(N19,P19,"d")/365) | U19: =IF(ISBLANK($D19), "", IF( ISERROR( XIRR( OFFSET(펀드_거래,MATCH($D19,OFFSET(펀드_거래,0,0,ROWS(펀드_거래),1),0)-1,2,COUNTIF(펀드_거래,$D19),1), OFFSET(펀드_거래,MATCH($D19,OFFSET(펀드_거래,0,0,ROWS(펀드_거래),1),0)-1,3,COUNTIF(펀드_거래,$D19),1) ) ), "N/A", XIRR( OFFSET(펀드_거래,MATCH($D19,OFFSET(펀드_거래,0,0,ROWS(펀드_거래),1),0)-1,2,COUNTIF(펀드_거래,$D19),1), OFFSET(펀드_거래,MATCH($D19,OFFSET(펀드_거래,0,0,ROWS(펀드_거래),1),0)-1,3,COUNTIF(펀드_거래,$D19),1), IF(SUM(OFFSET(펀드_거래,MATCH($D19,OFFSET(펀드_거래,0,0,ROWS(펀드_거래),1),0)-1,2,COUNTIF(펀드_거래,$D19),1))>0, 1%, -1%) ) ) ) | V19: =IF( ISBLANK($D19), "", IF(ISNUMBER(M19), (AA19+AB19+AC19+AF19-AG19)/M19, "N/A") ) | W19: =IF( ISBLANK($D19), "", SUMPRODUCT( (OFFSET(제안사_투자현황,0,1,ROWS(제안사_투자현황),1)=$D19)*1, ISTEXT(OFFSET(제안사_투자현황,0,3,ROWS(제안사_투자현황),1))*1 ) ) | X19: =IF( ISBLANK($D19), "0", SUMPRODUCT( (OFFSET(제안사_투자현황,0,1,ROWS(제안사_투자현황),1)=$D19)*1, OFFSET(제안사_투자현황,0,8,ROWS(제안사_투자현황),1)) ) -> 0 | Y19: =IF( ISBLANK($D19), "", SUMPRODUCT( (OFFSET(제안사_투자현황,0,1,ROWS(제안사_투자현황),1)=$D19)*1, OFFSET(제안사_투자현황,0,13,ROWS(제안사_투자현황),1)) ) | Z19: =IF( ISBLANK($D19), "", SUMPRODUCT( (OFFSET(제안사_투자현황,0,1,ROWS(제안사_투자현황),1)=$D19)*1, OFFSET(제안사_투자현황,0,18,ROWS(제안사_투자현황),1)) ) | AA19: =IF( ISBLANK($D19), "", SUMPRODUCT( (OFFSET(제안사_투자현황,0,1,ROWS(제안사_투자현황),1)=$D19)*1, OFFSET(제안사_투자현황,0,19,ROWS(제안사_투자현황),1)) ) | AB19: =IF( ISBLANK($D19), "", SUMPRODUCT( (OFFSET(펀드_거래,0,0,ROWS(펀드_거래),1)=$D19)*1, (OFFSET(펀드_거래,0,1,ROWS(펀드_거래),1)="현금분배")*1, OFFSET(펀드_거래,0,2,ROWS(펀드_거래),1)/1000000 ) + SUMPRODUCT( (OFFSET(펀드_거래,0,0,ROWS(펀드_거래),1)=$D19)*1, (OFFSET(펀드_거래,0,1,ROWS(펀드_거래),1)="현물분배")*1, OFFSET(펀드_거래,0,2,ROWS(펀드_거래),1)/1000000 ) ) | AC19: =IF( ISBLANK($D19), "", SUMPRODUCT( (OFFSET(펀드_거래,0,0,ROWS(펀드_거래),1)=$D19)*1, (OFFSET(펀드_거래,0,1,ROWS(펀드_거래),1)="성과보수")*1, OFFSET(펀드_거래,0,2,ROWS(펀드_거래),1)/1000000) ) | AH19: =IF( ISERROR(AA19+AF19-AG19), "", AA19+AF19-AG19 ) | AV19: =SUMIF('4.2.펀드 인력변경 이력'!A:A,D19,'4.2.펀드 인력변경 이력'!F:F) -> 0 | AW19: =SUMIF('4.2.펀드 인력변경 이력'!A:A,D19,'4.2.펀드 인력변경 이력'!G:G) -> 0 | AX19: =IF(D19="","",IF(AW19=0,3,IF(AV19/AW19>3,3,AV19/AW19)))
Q20: =IF(ISBLANK(N20),"",DATEDIF(N20,P20,"d")/365) | U20: =IF(ISBLANK($D20), "", IF( ISERROR( XIRR( OFFSET(펀드_거래,MATCH($D20,OFFSET(펀드_거래,0,0,ROWS(펀드_거래),1),0)-1,2,COUNTIF(펀드_거래,$D20),1), OFFSET(펀드_거래,MATCH($D20,OFFSET(펀드_거래,0,0,ROWS(펀드_거래),1),0)-1,3,COUNTIF(펀드_거래,$D20),1) ) ), "N/A", XIRR( OFFSET(펀드_거래,MATCH($D20,OFFSET(펀드_거래,0,0,ROWS(펀드_거래),1),0)-1,2,COUNTIF(펀드_거래,$D20),1), OFFSET(펀드_거래,MATCH($D20,OFFSET(펀드_거래,0,0,ROWS(펀드_거래),1),0)-1,3,COUNTIF(펀드_거래,$D20),1), IF(SUM(OFFSET(펀드_거래,MATCH($D20,OFFSET(펀드_거래,0,0,ROWS(펀드_거래),1),0)-1,2,COUNTIF(펀드_거래,$D20),1))>0, 1%, -1%) ) ) ) | V20: =IF( ISBLANK($D20), "", IF(ISNUMBER(M20), (AA20+AB20+AC20+AF20-AG20)/M20, "N/A") ) | W20: =IF( ISBLANK($D20), "", SUMPRODUCT( (OFFSET(제안사_투자현황,0,1,ROWS(제안사_투자현황),1)=$D20)*1, ISTEXT(OFFSET(제안사_투자현황,0,3,ROWS(제안사_투자현황),1))*1 ) ) | X20: =IF( ISBLANK($D20), "0", SUMPRODUCT( (OFFSET(제안사_투자현황,0,1,ROWS(제안사_투자현황),1)=$D20)*1, OFFSET(제안사_투자현황,0,8,ROWS(제안사_투자현황),1)) ) -> 0 | Y20: =IF( ISBLANK($D20), "", SUMPRODUCT( (OFFSET(제안사_투자현황,0,1,ROWS(제안사_투자현황),1)=$D20)*1, OFFSET(제안사_투자현황,0,13,ROWS(제안사_투자현황),1)) ) | Z20: =IF( ISBLANK($D20), "", SUMPRODUCT( (OFFSET(제안사_투자현황,0,1,ROWS(제안사_투자현황),1)=$D20)*1, OFFSET(제안사_투자현황,0,18,ROWS(제안사_투자현황),1)) ) | AA20: =IF( ISBLANK($D20), "", SUMPRODUCT( (OFFSET(제안사_투자현황,0,1,ROWS(제안사_투자현황),1)=$D20)*1, OFFSET(제안사_투자현황,0,19,ROWS(제안사_투자현황),1)) ) | AB20: =IF( ISBLANK($D20), "", SUMPRODUCT( (OFFSET(펀드_거래,0,0,ROWS(펀드_거래),1)=$D20)*1, (OFFSET(펀드_거래,0,1,ROWS(펀드_거래),1)="현금분배")*1, OFFSET(펀드_거래,0,2,ROWS(펀드_거래),1)/1000000 ) + SUMPRODUCT( (OFFSET(펀드_거래,0,0,ROWS(펀드_거래),1)=$D20)*1, (OFFSET(펀드_거래,0,1,ROWS(펀드_거래),1)="현물분배")*1, OFFSET(펀드_거래,0,2,ROWS(펀드_거래),1)/1000000 ) ) | AC20: =IF( ISBLANK($D20), "", SUMPRODUCT( (OFFSET(펀드_거래,0,0,ROWS(펀드_거래),1)=$D20)*1, (OFFSET(펀드_거래,0,1,ROWS(펀드_거래),1)="성과보수")*1, OFFSET(펀드_거래,0,2,ROWS(펀드_거래),1)/1000000) ) | AH20: =IF( ISERROR(AA20+AF20-AG20), "", AA20+AF20-AG20 ) | AV20: =SUMIF('4.2.펀드 인력변경 이력'!A:A,D20,'4.2.펀드 인력변경 이력'!F:F) -> 0 | AW20: =SUMIF('4.2.펀드 인력변경 이력'!A:A,D20,'4.2.펀드 인력변경 이력'!G:G) -> 0 | AX20: =IF(D20="","",IF(AW20=0,3,IF(AV20/AW20>3,3,AV20/AW20)))
Q21: =IF(ISBLANK(N21),"",DATEDIF(N21,P21,"d")/365) | U21: =IF(ISBLANK($D21), "", IF( ISERROR( XIRR( OFFSET(펀드_거래,MATCH($D21,OFFSET(펀드_거래,0,0,ROWS(펀드_거래),1),0)-1,2,COUNTIF(펀드_거래,$D21),1), OFFSET(펀드_거래,MATCH($D21,OFFSET(펀드_거래,0,0,ROWS(펀드_거래),1),0)-1,3,COUNTIF(펀드_거래,$D21),1) ) ), "N/A", XIRR( OFFSET(펀드_거래,MATCH($D21,OFFSET(펀드_거래,0,0,ROWS(펀드_거래),1),0)-1,2,COUNTIF(펀드_거래,$D21),1), OFFSET(펀드_거래,MATCH($D21,OFFSET(펀드_거래,0,0,ROWS(펀드_거래),1),0)-1,3,COUNTIF(펀드_거래,$D21),1), IF(SUM(OFFSET(펀드_거래,MATCH($D21,OFFSET(펀드_거래,0,0,ROWS(펀드_거래),1),0)-1,2,COUNTIF(펀드_거래,$D21),1))>0, 1%, -1%) ) ) ) | V21: =IF( ISBLANK($D21), "", IF(ISNUMBER(M21), (AA21+AB21+AC21+AF21-AG21)/M21, "N/A") ) | W21: =IF( ISBLANK($D21), "", SUMPRODUCT( (OFFSET(제안사_투자현황,0,1,ROWS(제안사_투자현황),1)=$D21)*1, ISTEXT(OFFSET(제안사_투자현황,0,3,ROWS(제안사_투자현황),1))*1 ) ) | X21: =IF( ISBLANK($D21), "0", SUMPRODUCT( (OFFSET(제안사_투자현황,0,1,ROWS(제안사_투자현황),1)=$D21)*1, OFFSET(제안사_투자현황,0,8,ROWS(제안사_투자현황),1)) ) -> 0 | Y21: =IF( ISBLANK($D21), "", SUMPRODUCT( (OFFSET(제안사_투자현황,0,1,ROWS(제안사_투자현황),1)=$D21)*1, OFFSET(제안사_투자현황,0,13,ROWS(제안사_투자현황),1)) ) | Z21: =IF( ISBLANK($D21), "", SUMPRODUCT( (OFFSET(제안사_투자현황,0,1,ROWS(제안사_투자현황),1)=$D21)*1, OFFSET(제안사_투자현황,0,18,ROWS(제안사_투자현황),1)) ) | AA21: =IF( ISBLANK($D21), "", SUMPRODUCT( (OFFSET(제안사_투자현황,0,1,ROWS(제안사_투자현황),1)=$D21)*1, OFFSET(제안사_투자현황,0,19,ROWS(제안사_투자현황),1)) ) | AB21: =IF( ISBLANK($D21), "", SUMPRODUCT( (OFFSET(펀드_거래,0,0,ROWS(펀드_거래),1)=$D21)*1, (OFFSET(펀드_거래,0,1,ROWS(펀드_거래),1)="현금분배")*1, OFFSET(펀드_거래,0,2,ROWS(펀드_거래),1)/1000000 ) + SUMPRODUCT( (OFFSET(펀드_거래,0,0,ROWS(펀드_거래),1)=$D21)*1, (OFFSET(펀드_거래,0,1,ROWS(펀드_거래),1)="현물분배")*1, OFFSET(펀드_거래,0,2,ROWS(펀드_거래),1)/1000000 ) ) | AC21: =IF( ISBLANK($D21), "", SUMPRODUCT( (OFFSET(펀드_거래,0,0,ROWS(펀드_거래),1)=$D21)*1, (OFFSET(펀드_거래,0,1,ROWS(펀드_거래),1)="성과보수")*1, OFFSET(펀드_거래,0,2,ROWS(펀드_거래),1)/1000000) ) | AH21: =IF( ISERROR(AA21+AF21-AG21), "", AA21+AF21-AG21 ) | AV21: =SUMIF('4.2.펀드 인력변경 이력'!A:A,D21,'4.2.펀드 인력변경 이력'!F:F) -> 0 | AW21: =SUMIF('4.2.펀드 인력변경 이력'!A:A,D21,'4.2.펀드 인력변경 이력'!G:G) -> 0 | AX21: =IF(D21="","",IF(AW21=0,3,IF(AV21/AW21>3,3,AV21/AW21)))
Q22: =IF(ISBLANK(N22),"",DATEDIF(N22,P22,"d")/365) | U22: =IF(ISBLANK($D22), "", IF( ISERROR( XIRR( OFFSET(펀드_거래,MATCH($D22,OFFSET(펀드_거래,0,0,ROWS(펀드_거래),1),0)-1,2,COUNTIF(펀드_거래,$D22),1), OFFSET(펀드_거래,MATCH($D22,OFFSET(펀드_거래,0,0,ROWS(펀드_거래),1),0)-1,3,COUNTIF(펀드_거래,$D22),1) ) ), "N/A", XIRR( OFFSET(펀드_거래,MATCH($D22,OFFSET(펀드_거래,0,0,ROWS(펀드_거래),1),0)-1,2,COUNTIF(펀드_거래,$D22),1), OFFSET(펀드_거래,MATCH($D22,OFFSET(펀드_거래,0,0,ROWS(펀드_거래),1),0)-1,3,COUNTIF(펀드_거래,$D22),1), IF(SUM(OFFSET(펀드_거래,MATCH($D22,OFFSET(펀드_거래,0,0,ROWS(펀드_거래),1),0)-1,2,COUNTIF(펀드_거래,$D22),1))>0, 1%, -1%) ) ) ) | V22: =IF( ISBLANK($D22), "", IF(ISNUMBER(M22), (AA22+AB22+AC22+AF22-AG22)/M22, "N/A") ) | W22: =IF( ISBLANK($D22), "", SUMPRODUCT( (OFFSET(제안사_투자현황,0,1,ROWS(제안사_투자현황),1)=$D22)*1, ISTEXT(OFFSET(제안사_투자현황,0,3,ROWS(제안사_투자현황),1))*1 ) ) | X22: =IF( ISBLANK($D22), "0", SUMPRODUCT( (OFFSET(제안사_투자현황,0,1,ROWS(제안사_투자현황),1)=$D22)*1, OFFSET(제안사_투자현황,0,8,ROWS(제안사_투자현황),1)) ) -> 0 | Y22: =IF( ISBLANK($D22), "", SUMPRODUCT( (OFFSET(제안사_투자현황,0,1,ROWS(제안사_투자현황),1)=$D22)*1, OFFSET(제안사_투자현황,0,13,ROWS(제안사_투자현황),1)) ) | Z22: =IF( ISBLANK($D22), "", SUMPRODUCT( (OFFSET(제안사_투자현황,0,1,ROWS(제안사_투자현황),1)=$D22)*1, OFFSET(제안사_투자현황,0,18,ROWS(제안사_투자현황),1)) ) | AA22: =IF( ISBLANK($D22), "", SUMPRODUCT( (OFFSET(제안사_투자현황,0,1,ROWS(제안사_투자현황),1)=$D22)*1, OFFSET(제안사_투자현황,0,19,ROWS(제안사_투자현황),1)) ) | AB22: =IF( ISBLANK($D22), "", SUMPRODUCT( (OFFSET(펀드_거래,0,0,ROWS(펀드_거래),1)=$D22)*1, (OFFSET(펀드_거래,0,1,ROWS(펀드_거래),1)="현금분배")*1, OFFSET(펀드_거래,0,2,ROWS(펀드_거래),1)/1000000 ) + SUMPRODUCT( (OFFSET(펀드_거래,0,0,ROWS(펀드_거래),1)=$D22)*1, (OFFSET(펀드_거래,0,1,ROWS(펀드_거래),1)="현물분배")*1, OFFSET(펀드_거래,0,2,ROWS(펀드_거래),1)/1000000 ) ) | AC22: =IF( ISBLANK($D22), "", SUMPRODUCT( (OFFSET(펀드_거래,0,0,ROWS(펀드_거래),1)=$D22)*1, (OFFSET(펀드_거래,0,1,ROWS(펀드_거래),1)="성과보수")*1, OFFSET(펀드_거래,0,2,ROWS(펀드_거래),1)/1000000) ) | AH22: =IF( ISERROR(AA22+AF22-AG22), "", AA22+AF22-AG22 ) | AV22: =SUMIF('4.2.펀드 인력변경 이력'!A:A,D22,'4.2.펀드 인력변경 이력'!F:F) -> 0 | AW22: =SUMIF('4.2.펀드 인력변경 이력'!A:A,D22,'4.2.펀드 인력변경 이력'!G:G) -> 0 | AX22: =IF(D22="","",IF(AW22=0,3,IF(AV22/AW22>3,3,AV22/AW22)))
Q23: =IF(ISBLANK(N23),"",DATEDIF(N23,P23,"d")/365) | U23: =IF(ISBLANK($D23), "", IF( ISERROR( XIRR( OFFSET(펀드_거래,MATCH($D23,OFFSET(펀드_거래,0,0,ROWS(펀드_거래),1),0)-1,2,COUNTIF(펀드_거래,$D23),1), OFFSET(펀드_거래,MATCH($D23,OFFSET(펀드_거래,0,0,ROWS(펀드_거래),1),0)-1,3,COUNTIF(펀드_거래,$D23),1) ) ), "N/A", XIRR( OFFSET(펀드_거래,MATCH($D23,OFFSET(펀드_거래,0,0,ROWS(펀드_거래),1),0)-1,2,COUNTIF(펀드_거래,$D23),1), OFFSET(펀드_거래,MATCH($D23,OFFSET(펀드_거래,0,0,ROWS(펀드_거래),1),0)-1,3,COUNTIF(펀드_거래,$D23),1), IF(SUM(OFFSET(펀드_거래,MATCH($D23,OFFSET(펀드_거래,0,0,ROWS(펀드_거래),1),0)-1,2,COUNTIF(펀드_거래,$D23),1))>0, 1%, -1%) ) ) ) | V23: =IF( ISBLANK($D23), "", IF(ISNUMBER(M23), (AA23+AB23+AC23+AF23-AG23)/M23, "N/A") ) | W23: =IF( ISBLANK($D23), "", SUMPRODUCT( (OFFSET(제안사_투자현황,0,1,ROWS(제안사_투자현황),1)=$D23)*1, ISTEXT(OFFSET(제안사_투자현황,0,3,ROWS(제안사_투자현황),1))*1 ) ) | X23: =IF( ISBLANK($D23), "0", SUMPRODUCT( (OFFSET(제안사_투자현황,0,1,ROWS(제안사_투자현황),1)=$D23)*1, OFFSET(제안사_투자현황,0,8,ROWS(제안사_투자현황),1)) ) -> 0 | Y23: =IF( ISBLANK($D23), "", SUMPRODUCT( (OFFSET(제안사_투자현황,0,1,ROWS(제안사_투자현황),1)=$D23)*1, OFFSET(제안사_투자현황,0,13,ROWS(제안사_투자현황),1)) ) | Z23: =IF( ISBLANK($D23), "", SUMPRODUCT( (OFFSET(제안사_투자현황,0,1,ROWS(제안사_투자현황),1)=$D23)*1, OFFSET(제안사_투자현황,0,18,ROWS(제안사_투자현황),1)) ) | AA23: =IF( ISBLANK($D23), "", SUMPRODUCT( (OFFSET(제안사_투자현황,0,1,ROWS(제안사_투자현황),1)=$D23)*1, OFFSET(제안사_투자현황,0,19,ROWS(제안사_투자현황),1)) ) | AB23: =IF( ISBLANK($D23), "", SUMPRODUCT( (OFFSET(펀드_거래,0,0,ROWS(펀드_거래),1)=$D23)*1, (OFFSET(펀드_거래,0,1,ROWS(펀드_거래),1)="현금분배")*1, OFFSET(펀드_거래,0,2,ROWS(펀드_거래),1)/1000000 ) + SUMPRODUCT( (OFFSET(펀드_거래,0,0,ROWS(펀드_거래),1)=$D23)*1, (OFFSET(펀드_거래,0,1,ROWS(펀드_거래),1)="현물분배")*1, OFFSET(펀드_거래,0,2,ROWS(펀드_거래),1)/1000000 ) ) | AC23: =IF( ISBLANK($D23), "", SUMPRODUCT( (OFFSET(펀드_거래,0,0,ROWS(펀드_거래),1)=$D23)*1, (OFFSET(펀드_거래,0,1,ROWS(펀드_거래),1)="성과보수")*1, OFFSET(펀드_거래,0,2,ROWS(펀드_거래),1)/1000000) ) | AH23: =IF( ISERROR(AA23+AF23-AG23), "", AA23+AF23-AG23 ) | AV23: =SUMIF('4.2.펀드 인력변경 이력'!A:A,D23,'4.2.펀드 인력변경 이력'!F:F) -> 0 | AW23: =SUMIF('4.2.펀드 인력변경 이력'!A:A,D23,'4.2.펀드 인력변경 이력'!G:G) -> 0 | AX23: =IF(D23="","",IF(AW23=0,3,IF(AV23/AW23>3,3,AV23/AW23)))
Q24: =IF(ISBLANK(N24),"",DATEDIF(N24,P24,"d")/365) | U24: =IF(ISBLANK($D24), "", IF( ISERROR( XIRR( OFFSET(펀드_거래,MATCH($D24,OFFSET(펀드_거래,0,0,ROWS(펀드_거래),1),0)-1,2,COUNTIF(펀드_거래,$D24),1), OFFSET(펀드_거래,MATCH($D24,OFFSET(펀드_거래,0,0,ROWS(펀드_거래),1),0)-1,3,COUNTIF(펀드_거래,$D24),1) ) ), "N/A", XIRR( OFFSET(펀드_거래,MATCH($D24,OFFSET(펀드_거래,0,0,ROWS(펀드_거래),1),0)-1,2,COUNTIF(펀드_거래,$D24),1), OFFSET(펀드_거래,MATCH($D24,OFFSET(펀드_거래,0,0,ROWS(펀드_거래),1),0)-1,3,COUNTIF(펀드_거래,$D24),1), IF(SUM(OFFSET(펀드_거래,MATCH($D24,OFFSET(펀드_거래,0,0,ROWS(펀드_거래),1),0)-1,2,COUNTIF(펀드_거래,$D24),1))>0, 1%, -1%) ) ) ) | V24: =IF( ISBLANK($D24), "", IF(ISNUMBER(M24), (AA24+AB24+AC24+AF24-AG24)/M24, "N/A") ) | W24: =IF( ISBLANK($D24), "", SUMPRODUCT( (OFFSET(제안사_투자현황,0,1,ROWS(제안사_투자현황),1)=$D24)*1, ISTEXT(OFFSET(제안사_투자현황,0,3,ROWS(제안사_투자현황),1))*1 ) ) | X24: =IF( ISBLANK($D24), "0", SUMPRODUCT( (OFFSET(제안사_투자현황,0,1,ROWS(제안사_투자현황),1)=$D24)*1, OFFSET(제안사_투자현황,0,8,ROWS(제안사_투자현황),1)) ) -> 0 | Y24: =IF( ISBLANK($D24), "", SUMPRODUCT( (OFFSET(제안사_투자현황,0,1,ROWS(제안사_투자현황),1)=$D24)*1, OFFSET(제안사_투자현황,0,13,ROWS(제안사_투자현황),1)) ) | Z24: =IF( ISBLANK($D24), "", SUMPRODUCT( (OFFSET(제안사_투자현황,0,1,ROWS(제안사_투자현황),1)=$D24)*1, OFFSET(제안사_투자현황,0,18,ROWS(제안사_투자현황),1)) ) | AA24: =IF( ISBLANK($D24), "", SUMPRODUCT( (OFFSET(제안사_투자현황,0,1,ROWS(제안사_투자현황),1)=$D24)*1, OFFSET(제안사_투자현황,0,19,ROWS(제안사_투자현황),1)) ) | AB24: =IF( ISBLANK($D24), "", SUMPRODUCT( (OFFSET(펀드_거래,0,0,ROWS(펀드_거래),1)=$D24)*1, (OFFSET(펀드_거래,0,1,ROWS(펀드_거래),1)="현금분배")*1, OFFSET(펀드_거래,0,2,ROWS(펀드_거래),1)/1000000 ) + SUMPRODUCT( (OFFSET(펀드_거래,0,0,ROWS(펀드_거래),1)=$D24)*1, (OFFSET(펀드_거래,0,1,ROWS(펀드_거래),1)="현물분배")*1, OFFSET(펀드_거래,0,2,ROWS(펀드_거래),1)/1000000 ) ) | AC24: =IF( ISBLANK($D24), "", SUMPRODUCT( (OFFSET(펀드_거래,0,0,ROWS(펀드_거래),1)=$D24)*1, (OFFSET(펀드_거래,0,1,ROWS(펀드_거래),1)="성과보수")*1, OFFSET(펀드_거래,0,2,ROWS(펀드_거래),1)/1000000) ) | AH24: =IF( ISERROR(AA24+AF24-AG24), "", AA24+AF24-AG24 ) | AV24: =SUMIF('4.2.펀드 인력변경 이력'!A:A,D24,'4.2.펀드 인력변경 이력'!F:F) -> 0 | AW24: =SUMIF('4.2.펀드 인력변경 이력'!A:A,D24,'4.2.펀드 인력변경 이력'!G:G) -> 0 | AX24: =IF(D24="","",IF(AW24=0,3,IF(AV24/AW24>3,3,AV24/AW24)))
Q25: =IF(ISBLANK(N25),"",DATEDIF(N25,P25,"d")/365) | U25: =IF(ISBLANK($D25), "", IF( ISERROR( XIRR( OFFSET(펀드_거래,MATCH($D25,OFFSET(펀드_거래,0,0,ROWS(펀드_거래),1),0)-1,2,COUNTIF(펀드_거래,$D25),1), OFFSET(펀드_거래,MATCH($D25,OFFSET(펀드_거래,0,0,ROWS(펀드_거래),1),0)-1,3,COUNTIF(펀드_거래,$D25),1) ) ), "N/A", XIRR( OFFSET(펀드_거래,MATCH($D25,OFFSET(펀드_거래,0,0,ROWS(펀드_거래),1),0)-1,2,COUNTIF(펀드_거래,$D25),1), OFFSET(펀드_거래,MATCH($D25,OFFSET(펀드_거래,0,0,ROWS(펀드_거래),1),0)-1,3,COUNTIF(펀드_거래,$D25),1), IF(SUM(OFFSET(펀드_거래,MATCH($D25,OFFSET(펀드_거래,0,0,ROWS(펀드_거래),1),0)-1,2,COUNTIF(펀드_거래,$D25),1))>0, 1%, -1%) ) ) ) | V25: =IF( ISBLANK($D25), "", IF(ISNUMBER(M25), (AA25+AB25+AC25+AF25-AG25)/M25, "N/A") ) | W25: =IF( ISBLANK($D25), "", SUMPRODUCT( (OFFSET(제안사_투자현황,0,1,ROWS(제안사_투자현황),1)=$D25)*1, ISTEXT(OFFSET(제안사_투자현황,0,3,ROWS(제안사_투자현황),1))*1 ) ) | X25: =IF( ISBLANK($D25), "0", SUMPRODUCT( (OFFSET(제안사_투자현황,0,1,ROWS(제안사_투자현황),1)=$D25)*1, OFFSET(제안사_투자현황,0,8,ROWS(제안사_투자현황),1)) ) -> 0 | Y25: =IF( ISBLANK($D25), "", SUMPRODUCT( (OFFSET(제안사_투자현황,0,1,ROWS(제안사_투자현황),1)=$D25)*1, OFFSET(제안사_투자현황,0,13,ROWS(제안사_투자현황),1)) ) | Z25: =IF( ISBLANK($D25), "", SUMPRODUCT( (OFFSET(제안사_투자현황,0,1,ROWS(제안사_투자현황),1)=$D25)*1, OFFSET(제안사_투자현황,0,18,ROWS(제안사_투자현황),1)) ) | AA25: =IF( ISBLANK($D25), "", SUMPRODUCT( (OFFSET(제안사_투자현황,0,1,ROWS(제안사_투자현황),1)=$D25)*1, OFFSET(제안사_투자현황,0,19,ROWS(제안사_투자현황),1)) ) | AB25: =IF( ISBLANK($D25), "", SUMPRODUCT( (OFFSET(펀드_거래,0,0,ROWS(펀드_거래),1)=$D25)*1, (OFFSET(펀드_거래,0,1,ROWS(펀드_거래),1)="현금분배")*1, OFFSET(펀드_거래,0,2,ROWS(펀드_거래),1)/1000000 ) + SUMPRODUCT( (OFFSET(펀드_거래,0,0,ROWS(펀드_거래),1)=$D25)*1, (OFFSET(펀드_거래,0,1,ROWS(펀드_거래),1)="현물분배")*1, OFFSET(펀드_거래,0,2,ROWS(펀드_거래),1)/1000000 ) ) | AC25: =IF( ISBLANK($D25), "", SUMPRODUCT( (OFFSET(펀드_거래,0,0,ROWS(펀드_거래),1)=$D25)*1, (OFFSET(펀드_거래,0,1,ROWS(펀드_거래),1)="성과보수")*1, OFFSET(펀드_거래,0,2,ROWS(펀드_거래),1)/1000000) ) | AH25: =IF( ISERROR(AA25+AF25-AG25), "", AA25+AF25-AG25 ) | AV25: =SUMIF('4.2.펀드 인력변경 이력'!A:A,D25,'4.2.펀드 인력변경 이력'!F:F) -> 0 | AW25: =SUMIF('4.2.펀드 인력변경 이력'!A:A,D25,'4.2.펀드 인력변경 이력'!G:G) -> 0 | AX25: =IF(D25="","",IF(AW25=0,3,IF(AV25/AW25>3,3,AV25/AW25)))
... Q200: =IF(ISBLANK(N200),"",DATEDIF(N200,P200,"d")/365) | U200: =IF(ISBLANK($D200), "", IF( ISERROR( XIRR( OFFSET(펀드_거래,MATCH($D200,OFFSET(펀드_거래,0,0,ROWS(펀드_거래),1),0)-1,2,COUNTIF(펀드_거래,$D200),1), OFFSET(펀드_거래,MATCH($D200,OFFSET(펀드_거래,0,0,ROWS(펀드_거래),1),0)-1,3,COUNTIF(펀드_거래,$D200),1) ) ), "N/A", XIRR( OFFSET(펀드_거래,MATCH($D200,OFFSET(펀드_거래,0,0,ROWS(펀드_거래),1),0)-1,2,COUNTIF(펀드_거래,$D200),1), OFFSET(펀드_거래,MATCH($D200,OFFSET(펀드_거래,0,0,ROWS(펀드_거래),1),0)-1,3,COUNTIF(펀드_거래,$D200),1), IF(SUM(OFFSET(펀드_거래,MATCH($D200,OFFSET(펀드_거래,0,0,ROWS(펀드_거래),1),0)-1,2,COUNTIF(펀드_거래,$D200),1))>0, 1%, -1%) ) ) ) | V200: =IF( ISBLANK($D200), "", IF(ISNUMBER(M200), (AA200+AB200+AC200+AF200-AG200)/M200, "N/A") ) | W200: =IF( ISBLANK($D200), "", SUMPRODUCT( (OFFSET(제안사_투자현황,0,1,ROWS(제안사_투자현황),1)=$D200)*1, ISTEXT(OFFSET(제안사_투자현황,0,3,ROWS(제안사_투자현황),1))*1 ) ) | X200: =IF( ISBLANK($D200), "0", SUMPRODUCT( (OFFSET(제안사_투자현황,0,1,ROWS(제안사_투자현황),1)=$D200)*1, OFFSET(제안사_투자현황,0,8,ROWS(제안사_투자현황),1)) ) -> 0 | Y200: =IF( ISBLANK($D200), "", SUMPRODUCT( (OFFSET(제안사_투자현황,0,1,ROWS(제안사_투자현황),1)=$D200)*1, OFFSET(제안사_투자현황,0,13,ROWS(제안사_투자현황),1)) ) | Z200: =IF( ISBLANK($D200), "", SUMPRODUCT( (OFFSET(제안사_투자현황,0,1,ROWS(제안사_투자현황),1)=$D200)*1, OFFSET(제안사_투자현황,0,18,ROWS(제안사_투자현황),1)) ) | AA200: =IF( ISBLANK($D200), "", SUMPRODUCT( (OFFSET(제안사_투자현황,0,1,ROWS(제안사_투자현황),1)=$D200)*1, OFFSET(제안사_투자현황,0,19,ROWS(제안사_투자현황),1)) ) | AB200: =IF( ISBLANK($D200), "", SUMPRODUCT( (OFFSET(펀드_거래,0,0,ROWS(펀드_거래),1)=$D200)*1, (OFFSET(펀드_거래,0,1,ROWS(펀드_거래),1)="현금분배")*1, OFFSET(펀드_거래,0,2,ROWS(펀드_거래),1)/1000000 ) + SUMPRODUCT( (OFFSET(펀드_거래,0,0,ROWS(펀드_거래),1)=$D200)*1, (OFFSET(펀드_거래,0,1,ROWS(펀드_거래),1)="현물분배")*1, OFFSET(펀드_거래,0,2,ROWS(펀드_거래),1)/1000000 ) ) | AC200: =IF( ISBLANK($D200), "", SUMPRODUCT( (OFFSET(펀드_거래,0,0,ROWS(펀드_거래),1)=$D200)*1, (OFFSET(펀드_거래,0,1,ROWS(펀드_거래),1)="성과보수")*1, OFFSET(펀드_거래,0,2,ROWS(펀드_거래),1)/1000000) ) | AH200: =IF( ISERROR(AA200+AF200-AG200), "", AA200+AF200-AG200 ) | AV200: =SUMIF('4.2.펀드 인력변경 이력'!A:A,D200,'4.2.펀드 인력변경 이력'!F:F) -> 0 | AW200: =SUMIF('4.2.펀드 인력변경 이력'!A:A,D200,'4.2.펀드 인력변경 이력'!G:G) -> 0 | AX200: =IF(D200="","",IF(AW200=0,3,IF(AV200/AW200>3,3,AV200/AW200)))

Sheet 2.4.제안사 투자현황
A1: RFPID | B1: GPID | C1: Seq | D1: FinancialResource | E1: FundName | F1: FundCompanySSN | G1: InvtComName | I1: MainIndustryDesc | J1: InvestYMD | K1: TujaTypeDesc | L1: InvestAmt | M1: IsCollectedDesc | N1: PropFundInvtComIRR | O1: JointInvestor | P1: CollectYMD | Q1: CollectAmt | R1: CollectBV | S1: CollectMethodDesc | U1: IsMarketableDesc | V1: AmtBal | W1: AmtBalValue | X1: AmtBalValueDesc | Y1: ContactPersonName | AA1: OtherRemark | AB1: InvComDate | AC1: StartComConf | AD1: StartInvYMD | AE1: StartComConf
D3: 투자 | P3: 회수투자자산 | U3: 미회수투자자산 | Z3: 손상차손 인식여부 | AA3: 기타사항 | AB3: 피투자기업 설립일 | AD3: 설립 ~ 투자 | AE3: 주요 제품 및 서비스 | AF3: 코넥스기업 여부 | AG3: 코넥스 상장일 | AH3: 투자원금 검증
A4: 모집단위ID | B4: 운용사ID | C4: 일련번호 | D4: 투자계정 구분 | E4: 펀드명 | F4: 펀드사업자 등록번호 | G4: 피투자기업명 | H4: 피투자기업 법인유형 | I4: 피투자기업 주요산업분야 | J4: 투자일 | K4: 투자유형 | L4: 투자금액 | M4: 회수구분 | N4: 투자 수익률 (IRR) | O4: 동반투자자 | P4: 최종회수일 | Q4: 회수총액 | R4: 투자원금 | S4: 회수방법 | T4: 투자기간 | U4: 시장성유무 | V4: 투자원금 | W4: 가치 | X4: 가치산출근거 | Y4: 현재 담당자 성명
D11: 펀드계정 | E11: 펀드1호 | F11: =IF(ISBLANK($E11),"",VLOOKUP($E11,제안사_펀드현황,2,FALSE)) -> 000-00-00000 | G11: A기업 | H11: 국내설립법인 또는 해외현지법인 | I11: 통신/IT서비스 | J11: 44197 | K11: 보통주 | L11: 1000 | M11: 회수료 | N11: 0.146 | P11: 44561 | Q11: 1146 | R11: 1000 | S11: 코스닥 | T11: =IF(ISBLANK(P11),"",DATEDIF(J11,P11,"d")/365) -> 0.99726027 | V11: =L11-R11 -> 0 | Z11: 해당사항 없음 | AB11: 36330 | AD11: =IF((J11-AB11)/365>0,(J11-AB11)/365,"") -> 21.553425 | AH11: =ROUND(L11,)=ROUND(R11,)+ROUND(V11,) -> TRUE
D12: 펀드계정 | E12: 펀드1호 | F12: =IF(ISBLANK($E12),"",VLOOKUP($E12,제안사_펀드현황,2,FALSE)) -> 000-00-00000 | G12: ABC Inc. | H12: 국내설립법인 또는 해외현지법인 | I12: 전자/반도체 | J12: 42856 | K12: CB | L12: 2000 | M12: 부분회수 | P12: 44290 | Q12: 2000 | R12: 1000 | S12: 거래소 | T12: =IF(ISBLANK(P12),"",DATEDIF(J12,P12,"d")/365) -> 3.9287671 | U12: YES | V12: =L12-R12 -> 1000 | W12: 2075.0515 | X12: 22.03.31 거래소 종가 | Y12: 이00 | Z12: 해당사항 없음 | AB12: 37987 | AD12: =IF((J12-AB12)/365>0,(J12-AB12)/365,"") -> 13.339726 | AH12: =ROUND(L12,)=ROUND(R12,)+ROUND(V12,) -> TRUE
D13: 펀드계정 | E13: 펀드1호 | F13: =IF(ISBLANK($E13),"",VLOOKUP($E13,제안사_펀드현황,2,FALSE)) -> 000-00-00000 | G13: CDE Inc. | H13: 외국법인 | I13: 바이오 | J13: 42829 | K13: 우선주 | L13: 999.99188 | M13: 미회수 | T13: =IF(ISBLANK(P13),"",DATEDIF(J13,P13,"d")/365) | U13: NO | V13: =L13-R13 -> 999.99188 | W13: 999.99188 | X13: 22.03.31장부가액 | Y13: 김00 | Z13: 해당사항 없음 | AB13: 37987 | AD13: =IF((J13-AB13)/365>0,(J13-AB13)/365,"") -> 13.265753 | AH13: =ROUND(L13,)=ROUND(R13,)+ROUND(V13,) -> TRUE
D14: 펀드계정 | E14: 펀드2호 | F14: =IF(ISBLANK($E14),"",VLOOKUP($E14,제안사_펀드현황,2,FALSE)) -> 000-00-00001 | G14: 가나다㈜ | H14: 국내설립법인 또는 해외현지법인 | I14: 기타 | J14: 43556 | K14: BW | L14: 1000 | M14: 부분회수 | P14: 43872 | Q14: 100 | R14: 100 | S14: 운용사고유계정매각 | T14: =IF(ISBLANK(P14),"",DATEDIF(J14,P14,"d")/365) -> 0.86575342 | U14: NO | V14: =L14-R14 -> 900 | W14: 900 | X14: 22.03.31장부가액 | Y14: 이00 | Z14: 해당사항 없음 | AB14: 37623 | AD14: =IF((J14-AB14)/365>0,(J14-AB14)/365,"") -> 16.254795 | AH14: =ROUND(L14,)=ROUND(R14,)+ROUND(V14,) -> TRUE
D15: 펀드계정 | E15: 펀드2호 | F15: =IF(ISBLANK($E15),"",VLOOKUP($E15,제안사_펀드현황,2,FALSE)) -> 000-00-00001 | G15: ㈜가나다 | H15: 국내설립법인 또는 해외현지법인 | I15: 산업재 | J15: 43191 | K15: 우선주 | L15: 999.999 | M15: 회수료 | N15: 0.06 | P15: 44167 | Q15: 1150 | R15: 1000 | S15: 상환 | T15: =IF(ISBLANK(P15),"",DATEDIF(J15,P15,"d")/365) -> 2.6739726 | V15: =L15-R15 -> -0.001 | Z15: 해당사항 없음 | AB15: 37624 | AD15: =IF((J15-AB15)/365>0,(J15-AB15)/365,"") -> 15.252055 | AH15: =ROUND(L15,)=ROUND(R15,)+ROUND(V15,) -> TRUE
D16: 펀드계정 | E16: 펀드2호 | F16: =IF(ISBLANK($E16),"",VLOOKUP($E16,제안사_펀드현황,2,FALSE)) -> 000-00-00001 | G16: D기업 | H16: 외국법인 | I16: 통신/IT서비스 | J16: 43466 | K16: 우선주 | L16: 400 | M16: 부분회수 | P16: 44197 | Q16: 200 | R16: 100 | S16: 상환 | T16: =IF(ISBLANK(P16),"",DATEDIF(J16,P16,"d")/365) -> 2.0027397 | U16: NO | V16: =L16-R16 -> 300 | W16: 300 | X16: 22.03.31 장부가액 | Y16: 정00 | Z16: 해당사항 없음 | AB16: 37623 | AD16: =IF((J16-AB16)/365>0,(J16-AB16)/365,"") -> 16.008219 | AH16: =ROUND(L16,)=ROUND(R16,)+ROUND(V16,) -> TRUE
D17: 펀드계정 | E17: 펀드3호 | F17: =IF(ISBLANK($E17),"",VLOOKUP($E17,제안사_펀드현황,2,FALSE)) -> 000-00-00002 | G17: GHI Inc. | H17: 국내설립법인 또는 해외현지법인 | I17: 전자/반도체 | J17: 43831 | K17: 기타 주식연계채권 | L17: 2000 | M17: 회수료 | T17: =IF(ISBLANK(P17),"",DATEDIF(J17,P17,"d")/365) | U17: NO | V17: =L17-R17 -> 2000 | W17: 0 | X17: 22.03.31장부가액 | Y17: 김00 | Z17: 전액 손상차손 | AB17: 37626 | AD17: =IF((J17-AB17)/365>0,(J17-AB17)/365,"") -> 17 | AH17: =ROUND(L17,)=ROUND(R17,)+ROUND(V17,) -> TRUE
D18: 펀드계정 | E18: 펀드3호 | F18: =IF(ISBLANK($E18),"",VLOOKUP($E18,제안사_펀드현황,2,FALSE)) -> 000-00-00002 | G18: AAA Inc. | H18: 국내설립법인 또는 해외현지법인 | I18: 전자/반도체 | J18: 44197 | K18: 우선주 | L18: 2000 | M18: 부분회수 | T18: =IF(ISBLANK(P18),"",DATEDIF(J18,P18,"d")/365) | U18: NO | V18: =L18-R18 -> 2000 | W18: 1000 | X18: 22.03.31장부가액 | Y18: 김00 | Z18: 부분 손상차손 | AB18: 37627 | AD18: =IF((J18-AB18)/365>0,(J18-AB18)/365,"") -> 18 | AH18: =ROUND(L18,)=ROUND(R18,)+ROUND(V18,) -> TRUE
D19: 고유계정 | F19: =IF(ISBLANK($E19),"",VLOOKUP($E19,제안사_펀드현황,2,FALSE)) | G19: E기업 | H19: 국내설립법인 또는 해외현지법인 | I19: 바이오 | J19: 43466 | K19: 우선주 | L19: 1000 | M19: 미회수 | T19: =IF(ISBLANK(P19),"",DATEDIF(J19,P19,"d")/365) | U19: YES | V19: =L19-R19 -> 1000 | W19: 1500 | X19: 22.03.31 코넥스 종가 | Y19: 이00 | Z19: 해당사항 없음 | AB19: 37628 | AD19: =IF((J19-AB19)/365>0,(J19-AB19)/365,"") -> 15.994521 | AF19: YES | AG19: 2020-01-01 코스닥 이전상장(2021-3-31) | AH19: =ROUND(L19,)=ROUND(R19,)+ROUND(V19,) -> TRUE
F20: =IF(ISBLANK($E20),"",VLOOKUP($E20,제안사_펀드현황,2,FALSE)) | T20: =IF(ISBLANK(P20),"",DATEDIF(J20,P20,"d")/365) | V20: =L20-R20 -> 0 | AD20: =IF((J20-AB20)/365>0,(J20-AB20)/365,"") | AH20: =ROUND(L20,)=ROUND(R20,)+ROUND(V20,) -> TRUE
F21: =IF(ISBLANK($E21),"",VLOOKUP($E21,제안사_펀드현황,2,FALSE)) | T21: =IF(ISBLANK(P21),"",DATEDIF(J21,P21,"d")/365) | V21: =L21-R21 -> 0 | AD21: =IF((J21-AB21)/365>0,(J21-AB21)/365,"") | AH21: =ROUND(L21,)=ROUND(R21,)+ROUND(V21,) -> TRUE
F22: =IF(ISBLANK($E22),"",VLOOKUP($E22,제안사_펀드현황,2,FALSE)) | T22: =IF(ISBLANK(P22),"",DATEDIF(J22,P22,"d")/365) | V22: =L22-R22 -> 0 | AD22: =IF((J22-AB22)/365>0,(J22-AB22)/365,"") | AH22: =ROUND(L22,)=ROUND(R22,)+ROUND(V22,) -> TRUE
F23: =IF(ISBLANK($E23),"",VLOOKUP($E23,제안사_펀드현황,2,FALSE)) | T23: =IF(ISBLANK(P23),"",DATEDIF(J23,P23,"d")/365) | V23: =L23-R23 -> 0 | AD23: =IF((J23-AB23)/365>0,(J23-AB23)/365,"") | AH23: =ROUND(L23,)=ROUND(R23,)+ROUND(V23,) -> TRUE
F24: =IF(ISBLANK($E24),"",VLOOKUP($E24,제안사_펀드현황,2,FALSE)) | T24: =IF(ISBLANK(P24),"",DATEDIF(J24,P24,"d")/365) | V24: =L24-R24 -> 0 | AD24: =IF((J24-AB24)/365>0,(J24-AB24)/365,"") | AH24: =ROUND(L24,)=ROUND(R24,)+ROUND(V24,) -> TRUE
F25: =IF(ISBLANK($E25),"",VLOOKUP($E25,제안사_펀드현황,2,FALSE)) | T25: =IF(ISBLANK(P25),"",DATEDIF(J25,P25,"d")/365) | V25: =L25-R25 -> 0 | AD25: =IF((J25-AB25)/365>0,(J25-AB25)/365,"") | AH25: =ROUND(L25,)=ROUND(R25,)+ROUND(V25,) -> TRUE
F26: =IF(ISBLANK($E26),"",VLOOKUP($E26,제안사_펀드현황,2,FALSE)) | T26: =IF(ISBLANK(P26),"",DATEDIF(J26,P26,"d")/365) | V26: =L26-R26 -> 0 | AD26: =IF((J26-AB26)/365>0,(J26-AB26)/365,"") | AH26: =ROUND(L26,)=ROUND(R26,)+ROUND(V26,) -> TRUE
F27: =IF(ISBLANK($E27),"",VLOOKUP($E27,제안사_펀드현황,2,FALSE)) | T27: =IF(ISBLANK(P27),"",DATEDIF(J27,P27,"d")/365) | V27: =L27-R27 -> 0 | AD27: =IF((J27-AB27)/365>0,(J27-AB27)/365,"") | AH27: =ROUND(L27,)=ROUND(R27,)+ROUND(V27,) -> TRUE
F28: =IF(ISBLANK($E28),"",VLOOKUP($E28,제안사_펀드현황,2,FALSE)) | T28: =IF(ISBLANK(P28),"",DATEDIF(J28,P28,"d")/365) | V28: =L28-R28 -> 0 | AD28: =IF((J28-AB28)/365>0,(J28-AB28)/365,"") | AH28: =ROUND(L28,)=ROUND(R28,)+ROUND(V28,) -> TRUE
F29: =IF(ISBLANK($E29),"",VLOOKUP($E29,제안사_펀드현황,2,FALSE)) | T29: =IF(ISBLANK(P29),"",DATEDIF(J29,P29,"d")/365) | V29: =L29-R29 -> 0 | AD29: =IF((J29-AB29)/365>0,(J29-AB29)/365,"") | AH29: =ROUND(L29,)=ROUND(R29,)+ROUND(V29,) -> TRUE
F30: =IF(ISBLANK($E30),"",VLOOKUP($E30,제안사_펀드현황,2,FALSE)) | T30: =IF(ISBLANK(P30),"",DATEDIF(J30,P30,"d")/365) | V30: =L30-R30 -> 0 | AD30: =IF((J30-AB30)/365>0,(J30-AB30)/365,"") | AH30: =ROUND(L30,)=ROUND(R30,)+ROUND(V30,) -> TRUE
F31: =IF(ISBLANK($E31),"",VLOOKUP($E31,제안사_펀드현황,2,FALSE)) | T31: =IF(ISBLANK(P31),"",DATEDIF(J31,P31,"d")/365) | V31: =L31-R31 -> 0 | AD31: =IF((J31-AB31)/365>0,(J31-AB31)/365,"") | AH31: =ROUND(L31,)=ROUND(R31,)+ROUND(V31,) -> TRUE
... F1000: =IF(ISBLANK($E1000),"",VLOOKUP($E1000,제안사_펀드현황,2,FALSE)) | T1000: =IF(ISBLANK(P1000),"",DATEDIF(J1000,P1000,"d")/365) | V1000: =L1000-R1000 -> 0 | AD1000: =IF((J1000-AB1000)/365>0,(J1000-AB1000)/365,"") | AH1000: =ROUND(L1000,)=ROUND(R1000,)+ROUND(V1000,) -> TRUE

Sheet 3.1.참여인력 개요
A1: RFPID | B1: GPID | C1: FundMgrID | D1: FundMgrName | E1: BirthYMDS | F1: NationalityDesc | G1: CurrentCompany | H1: BuName | I1: JobTitleName | J1: FundMgrRoleDesc | K1: TelNo | L1: MBTLTelNo | M1: Email | N1: FundMgrGradeDesc | O1: IsSanctionDesc | P1: SanctionDesc | Q1: RoleInPropFund | R1: CareerYears | S1: AllInvtComCount | T1: AllExitInvtComCount | U1: AllInvestAmt | V1: AllCollectAmt | W1: AllInvestBalBV | X1: AllInvestBalEvalAmt | Y1: AllWAROI | Z1: AllExitWAROI | AA1: AllCurNoExitInvtComCount | AB1: AllCurInvestBalBV | AC1: AllCurInvestBalEvalAmt
D3: 참여인력 | G3: 현재 재직회사 | N3: 인력구분 | O3: 제재 | Q3: 제안펀드에서의 역할 | R3: 운용 인력 투자관련 경력연수 | S3: 투자및회수실적(전체투자건) | AA3: 현재 관리중인 투자(전체투자건)
A4: 모집단위ID | B4: 운용사ID | C4: 운용인력ID | D4: 성명 | E4: 생년월일 | F4: 국적 | G4: 회사명 | H4: 부서 | I4: 직위 | J4: 주요담당업무 | K4: 전화번호 | L4: 휴대전화번호 | M4: 이메일 | O4: 제재경력여부 | P4: 제재내역 | S4: 투자건수 | T4: 투자건수 (회수료) | U4: 투자총액 | V4: 회수총액 | W4: 미회수투자자산 투자원금총액 | X4: 미회수투자자산 가치총액 | Y4: 투자금액 가중평균수익률 | Z4: 투자금액 가중평균수익률 (회수료) | AA4: 미회수 투자건수 | AB4: 미회수투자자산 투자원금총액 | AC4: 미회수투자자산가치총액
D11: 이00 | E11: 25569 | F11: 대한민국 | G11: 가인베스트먼트㈜ | H11: 투자1본부 | I11: 투자이사 | J11: 펀드매니저 | K11: 02-0000-0000 | L11: 010-0000-0000 | N11: 핵심운용인력 | O11: YES | R11: =IF(ISBLANK($D11), "", IF(N11="핵심운용인력", SUMPRODUCT((OFFSET(핵심인력_경력,0,0,ROWS(핵심인력_경력),1)=$D11)*1, OFFSET(핵심인력_경력,0,9,ROWS(핵심인력_경력),1), (OFFSET(핵심인력_경력,0,10,ROWS(핵심인력_경력),1)="A")*1)+SUMPRODUCT((OFFSET(핵심인력_경력,0,0,ROWS(핵심인력_경력),1)=$D11)*1, OFFSET(핵심인력_경력,0,9,ROWS(핵심인력_경력),1), (OFFSET(핵심인력_경력,0,10,ROWS(핵심인력_경력),1)="B")*1)*0.7, SUMPRODUCT((OFFSET(일반인력_경력,0,0,ROWS(일반인력_경력),1)=$D11)*1, OFFSET(일반인력_경력,0,9,ROWS(일반인력_경력),1), (OFFSET(일반인력_경력,0,10,ROWS(일반인력_경력),1)="A")*1)+SUMPRODUCT((OFFSET(일반인력_경력,0,0,ROWS(일반인력_경력),1)=$D11)*1, OFFSET(일반인력_경력,0,9,ROWS(일반인력_경력),1), (OFFSET(일반인력_경력,0,10,ROWS(일반인력_경력),1)="B")*1)*0.7 ) ) -> 9.3446575 | S11: =IF(ISBLANK($D11), "", IF(VLOOKUP($D11,참여인력_개요,11,FALSE)="관리인력", "", IF(N11="핵심운용인력", SUMPRODUCT((OFFSET(핵심인력_투자현황,0,0,ROWS(핵심인력_투자현황),1)=$D11)*1, ISTEXT(OFFSET(핵심인력_투자현황,0,10,ROWS(핵심인력_투자현황),1))*1), SUMPRODUCT((OFFSET(일반인력_투자현황,0,0,ROWS(일반인력_투자현황),1)=$D11)*1, ISTEXT(OFFSET(일반인력_투자현황,0,10,ROWS(일반인력_투자현황),1))*1)) ) ) -> 3 | T11: =IF(ISBLANK($D11), "", IF(VLOOKUP($D11,참여인력_개요,11,FALSE)="관리인력", "", IF(N11="핵심운용인력", SUMPRODUCT((OFFSET(핵심인력_투자현황,0,0,ROWS(핵심인력_투자현황),1)=$D11)*1, (OFFSET(핵심인력_투자현황,0,16,ROWS(핵심인력_투자현황),1)="회수료")*1), SUMPRODUCT((OFFSET(일반인력_투자현황,0,0,ROWS(일반인력_투자현황),1)=$D11)*1, (OFFSET(일반인력_투자현황,0,16,ROWS(일반인력_투자현황),1)="회수료")*1)))) -> 1 | U11: =IF(ISBLANK($D11), "", IF(VLOOKUP($D11,참여인력_개요,11,FALSE)="관리인력", "", IF(N11="핵심운용인력", SUMPRODUCT((OFFSET(핵심인력_투자현황,0,0,ROWS(핵심인력_투자현황),1)=$D11)*1, OFFSET(핵심인력_투자현황,0,15,ROWS(핵심인력_투자현황),1)), SUMPRODUCT((OFFSET(일반인력_투자현황,0,0,ROWS(일반인력_투자현황),1)=$D11)*1, OFFSET(일반인력_투자현황,0,15,ROWS(일반인력_투자현황),1)) ))) -> 1900 | V11: =IF(ISBLANK($D11), "", IF(VLOOKUP($D11,참여인력_개요,11,FALSE)="관리인력", "", IF(N11="핵심운용인력", SUMPRODUCT((OFFSET(핵심인력_투자현황,0,0,ROWS(핵심인력_투자현황),1)=$D11)*1, OFFSET(핵심인력_투자현황,0,19,ROWS(핵심인력_투자현황),1)), SUMPRODUCT((OFFSET(일반인력_투자현황,0,0,ROWS(일반인력_투자현황),1)=$D11)*1, OFFSET(일반인력_투자현황,0,19,ROWS(일반인력_투자현황),1)) ))) -> 1446 | W11: =IF(ISBLANK($D11), "", IF(VLOOKUP($D11,참여인력_개요,11,FALSE)="관리인력", "", IF(N11="핵심운용인력", SUMPRODUCT((OFFSET(핵심인력_투자현황,0,0,ROWS(핵심인력_투자현황),1)=$D11)*1, OFFSET(핵심인력_투자현황,0,24,ROWS(핵심인력_투자현황),1)), SUMPRODUCT((OFFSET(일반인력_투자현황,0,0,ROWS(일반인력_투자현황),1)=$D11)*1, OFFSET(일반인력_투자현황,0,24,ROWS(일반인력_투자현황),1)) ))) -> 750 | X11: =IF(ISBLANK($D11), "", IF(VLOOKUP($D11,참여인력_개요,11,FALSE)="관리인력", "", IF(N11="핵심운용인력", SUMPRODUCT((OFFSET(핵심인력_투자현황,0,0,ROWS(핵심인력_투자현황),1)=$D11)*1, OFFSET(핵심인력_투자현황,0,25,ROWS(핵심인력_투자현황),1)), SUMPRODUCT((OFFSET(일반인력_투자현황,0,0,ROWS(일반인력_투자현황),1)=$D11)*1, OFFSET(일반인력_투자현황,0,25,ROWS(일반인력_투자현황),1)) ))) -> 810 | Y11: =IF(ISBLANK($D11), "", IF(VLOOKUP($D11,참여인력_개요,11,FALSE)="관리인력", "", IF(N11="핵심운용인력", SUMPRODUCT((OFFSET(핵심인력_투자현황,0,0,ROWS(핵심인력_투자현황),1)=$D11)*1, OFFSET(핵심인력_투자현황,0,15,ROWS(핵심인력_투자현황),1), OFFSET(핵심인력_투자현황,0,17,ROWS(핵심인력_투자현황),1))/U11, SUMPRODUCT((OFFSET(일반인력_투자현황,0,0,ROWS(일반인력_투자현황),1)=$D11)*1, OFFSET(일반인력_투자현황,0,15,ROWS(일반인력_투자현황),1), OFFSET(일반인력_투자현황,0,17,ROWS(일반인력_투자현황),1))/U11 ))) -> 0.076842105 | Z11: =IF(ISBLANK($D11), "",IF(VLOOKUP($D11,참여인력_개요,11,FALSE)="관리인력", "", IF(N11="핵심운용인력", IF(SUMPRODUCT( (OFFSET(핵심인력_투자현황,0,0,ROWS(핵심인력_투자현황),1)=$D11)*1, OFFSET(핵심인력_투자현황,0,15,ROWS(핵심인력_투자현황),1), (OFFSET(핵심인력_투자현황,0,16,ROWS(핵심인력_투자현황),1)="회수료")*1 ) = 0, "N/A", SUMPRODUCT( (OFFSET(핵심인력_투자현황,0,0,ROWS(핵심인력_투자현황),1)=$D11)*1, OFFSET(핵심인력_투자현황,0,15,ROWS(핵심인력_투자현황),1), (OFFSET(핵심인력_투자현황,0,16,ROWS(핵심인력_투자현황),1)="회수료")*1, OFFSET(핵심인력_투자현황,0,17,ROWS(핵심인력_투자현황),1) ) / SUMPRODUCT( (OFFSET(핵심인력_투자현황,0,0,ROWS(핵심인력_투자현황),1)=$D11)*1, OFFSET(핵심인력_투자현황,0,15,ROWS(핵심인력_투자현황),1), (OFFSET(핵심인력_투자현황,0,16,ROWS(핵심인력_투자현황),1)="회수료")*1 ) ), IF(SUMPRODUCT( (OFFSET(일반인력_투자현황,0,0,ROWS(일반인력_투자현황),1)=$D11)*1, OFFSET(일반인력_투자현황,0,15,ROWS(일반인력_투자현황),1), (OFFSET(일반인력_투자현황,0,16,ROWS(일반인력_투자현황),1)="회수료")*1 ) = 0, "N/A", SUMPRODUCT( (OFFSET(일반인력_투자현황,0,0,ROWS(일반인력_투자현황),1)=$D11)*1, OFFSET(일반인력_투자현황,0,15,ROWS(일반인력_투자현황),1), (OFFSET(일반인력_투자현황,0,16,ROWS(일반인력_투자현황),1)="회수료")*1, OFFSET(일반인력_투자현황,0,17,ROWS(일반인력_투자현황),1) ) / SUMPRODUCT( (OFFSET(일반인력_투자현황,0,0,ROWS(일반인력_투자현황),1)=$D11)*1, OFFSET(일반인력_투자현황,0,15,ROWS(일반인력_투자현황),1), (OFFSET(일반인력_투자현황,0,16,ROWS(일반인력_투자현황),1)="회수료")*1 ) ) ))) -> 0.146 | AA11: =IF(ISBLANK($D11), "", IF(VLOOKUP($D11,참여인력_개요,11,FALSE)="관리인력", "", SUMPRODUCT( (OFFSET(제안사_투자현황,0,21,ROWS(제안사_투자현황),1)=$D11)*1, (OFFSET(제안사_투자현황,0,8,ROWS(제안사_투자현황),1)<>"회수료")*1 ) )) -> 3 | AB11: =IF(ISBLANK($D11), "", IF(VLOOKUP($D11,참여인력_개요,11,FALSE)="관리인력", "", SUMPRODUCT( (OFFSET(제안사_투자현황,0,21,ROWS(제안사_투자현황),1)=$D11)*1, (OFFSET(제안사_투자현황,0,9,ROWS(제안사_투자현황),1)<>"회수료")*1, OFFSET(제안사_투자현황,0,18,ROWS(제안사_투자현황),1) ) ) ) -> 2900 | AC11: =IF(ISBLANK($D11), "", IF(VLOOKUP($D11,참여인력_개요,11,FALSE)="관리인력", "", SUMPRODUCT( (OFFSET(제안사_투자현황,0,21,ROWS(제안사_투자현황),1)=$D11)*1, (OFFSET(제안사_투자현황,0,9,ROWS(제안사_투자현황),1)<>"회수료")*1, OFFSET(제안사_투자현황,0,19,ROWS(제안사_투자현황),1) ) ) ) -> 4475.0515
D12: 정00 | E12: 31705 | N12: 핵심운용인력 | O12: NO | R12: =IF(ISBLANK($D12), "", IF(N12="핵심운용인력", SUMPRODUCT((OFFSET(핵심인력_경력,0,0,ROWS(핵심인력_경력),1)=$D12)*1, OFFSET(핵심인력_경력,0,9,ROWS(핵심인력_경력),1), (OFFSET(핵심인력_경력,0,10,ROWS(핵심인력_경력),1)="A")*1)+SUMPRODUCT((OFFSET(핵심인력_경력,0,0,ROWS(핵심인력_경력),1)=$D12)*1, OFFSET(핵심인력_경력,0,9,ROWS(핵심인력_경력),1), (OFFSET(핵심인력_경력,0,10,ROWS(핵심인력_경력),1)="B")*1)*0.7, SUMPRODUCT((OFFSET(일반인력_경력,0,0,ROWS(일반인력_경력),1)=$D12)*1, OFFSET(일반인력_경력,0,9,ROWS(일반인력_경력),1), (OFFSET(일반인력_경력,0,10,ROWS(일반인력_경력),1)="A")*1)+SUMPRODUCT((OFFSET(일반인력_경력,0,0,ROWS(일반인력_경력),1)=$D12)*1, OFFSET(일반인력_경력,0,9,ROWS(일반인력_경력),1), (OFFSET(일반인력_경력,0,10,ROWS(일반인력_경력),1)="B")*1)*0.7 ) ) -> 6.3446575 | S12: =IF(ISBLANK($D12), "", IF(VLOOKUP($D12,참여인력_개요,11,FALSE)="관리인력", "", IF(N12="핵심운용인력", SUMPRODUCT((OFFSET(핵심인력_투자현황,0,0,ROWS(핵심인력_투자현황),1)=$D12)*1, ISTEXT(OFFSET(핵심인력_투자현황,0,10,ROWS(핵심인력_투자현황),1))*1), SUMPRODUCT((OFFSET(일반인력_투자현황,0,0,ROWS(일반인력_투자현황),1)=$D12)*1, ISTEXT(OFFSET(일반인력_투자현황,0,10,ROWS(일반인력_투자현황),1))*1)) ) ) -> 1 | T12: =IF(ISBLANK($D12), "", IF(VLOOKUP($D12,참여인력_개요,11,FALSE)="관리인력", "", IF(N12="핵심운용인력", SUMPRODUCT((OFFSET(핵심인력_투자현황,0,0,ROWS(핵심인력_투자현황),1)=$D12)*1, (OFFSET(핵심인력_투자현황,0,16,ROWS(핵심인력_투자현황),1)="회수료")*1), SUMPRODUCT((OFFSET(일반인력_투자현황,0,0,ROWS(일반인력_투자현황),1)=$D12)*1, (OFFSET(일반인력_투자현황,0,16,ROWS(일반인력_투자현황),1)="회수료")*1)))) -> 0 | U12: =IF(ISBLANK($D12), "", IF(VLOOKUP($D12,참여인력_개요,11,FALSE)="관리인력", "", IF(N12="핵심운용인력", SUMPRODUCT((OFFSET(핵심인력_투자현황,0,0,ROWS(핵심인력_투자현황),1)=$D12)*1, OFFSET(핵심인력_투자현황,0,15,ROWS(핵심인력_투자현황),1)), SUMPRODUCT((OFFSET(일반인력_투자현황,0,0,ROWS(일반인력_투자현황),1)=$D12)*1, OFFSET(일반인력_투자현황,0,15,ROWS(일반인력_투자현황),1)) ))) -> 400 | V12: =IF(ISBLANK($D12), "", IF(VLOOKUP($D12,참여인력_개요,11,FALSE)="관리인력", "", IF(N12="핵심운용인력", SUMPRODUCT((OFFSET(핵심인력_투자현황,0,0,ROWS(핵심인력_투자현황),1)=$D12)*1, OFFSET(핵심인력_투자현황,0,19,ROWS(핵심인력_투자현황),1)), SUMPRODUCT((OFFSET(일반인력_투자현황,0,0,ROWS(일반인력_투자현황),1)=$D12)*1, OFFSET(일반인력_투자현황,0,19,ROWS(일반인력_투자현황),1)) ))) -> 200 | W12: =IF(ISBLANK($D12), "", IF(VLOOKUP($D12,참여인력_개요,11,FALSE)="관리인력", "", IF(N12="핵심운용인력", SUMPRODUCT((OFFSET(핵심인력_투자현황,0,0,ROWS(핵심인력_투자현황),1)=$D12)*1, OFFSET(핵심인력_투자현황,0,24,ROWS(핵심인력_투자현황),1)), SUMPRODUCT((OFFSET(일반인력_투자현황,0,0,ROWS(일반인력_투자현황),1)=$D12)*1, OFFSET(일반인력_투자현황,0,24,ROWS(일반인력_투자현황),1)) ))) -> 300 | X12: =IF(ISBLANK($D12), "", IF(VLOOKUP($D12,참여인력_개요,11,FALSE)="관리인력", "", IF(N12="핵심운용인력", SUMPRODUCT((OFFSET(핵심인력_투자현황,0,0,ROWS(핵심인력_투자현황),1)=$D12)*1, OFFSET(핵심인력_투자현황,0,25,ROWS(핵심인력_투자현황),1)), SUMPRODUCT((OFFSET(일반인력_투자현황,0,0,ROWS(일반인력_투자현황),1)=$D12)*1, OFFSET(일반인력_투자현황,0,25,ROWS(일반인력_투자현황),1)) ))) -> 240 | Y12: =IF(ISBLANK($D12), "", IF(VLOOKUP($D12,참여인력_개요,11,FALSE)="관리인력", "", IF(N12="핵심운용인력", SUMPRODUCT((OFFSET(핵심인력_투자현황,0,0,ROWS(핵심인력_투자현황),1)=$D12)*1, OFFSET(핵심인력_투자현황,0,15,ROWS(핵심인력_투자현황),1), OFFSET(핵심인력_투자현황,0,17,ROWS(핵심인력_투자현황),1))/U12, SUMPRODUCT((OFFSET(일반인력_투자현황,0,0,ROWS(일반인력_투자현황),1)=$D12)*1, OFFSET(일반인력_투자현황,0,15,ROWS(일반인력_투자현황),1), OFFSET(일반인력_투자현황,0,17,ROWS(일반인력_투자현황),1))/U12 ))) -> 0 | Z12: =IF(ISBLANK($D12), "",IF(VLOOKUP($D12,참여인력_개요,11,FALSE)="관리인력", "", IF(N12="핵심운용인력", IF(SUMPRODUCT( (OFFSET(핵심인력_투자현황,0,0,ROWS(핵심인력_투자현황),1)=$D12)*1, OFFSET(핵심인력_투자현황,0,15,ROWS(핵심인력_투자현황),1), (OFFSET(핵심인력_투자현황,0,16,ROWS(핵심인력_투자현황),1)="회수료")*1 ) = 0, "N/A", SUMPRODUCT( (OFFSET(핵심인력_투자현황,0,0,ROWS(핵심인력_투자현황),1)=$D12)*1, OFFSET(핵심인력_투자현황,0,15,ROWS(핵심인력_투자현황),1), (OFFSET(핵심인력_투자현황,0,16,ROWS(핵심인력_투자현황),1)="회수료")*1, OFFSET(핵심인력_투자현황,0,17,ROWS(핵심인력_투자현황),1) ) / SUMPRODUCT( (OFFSET(핵심인력_투자현황,0,0,ROWS(핵심인력_투자현황),1)=$D12)*1, OFFSET(핵심인력_투자현황,0,15,ROWS(핵심인력_투자현황),1), (OFFSET(핵심인력_투자현황,0,16,ROWS(핵심인력_투자현황),1)="회수료")*1 ) ), IF(SUMPRODUCT( (OFFSET(일반인력_투자현황,0,0,ROWS(일반인력_투자현황),1)=$D12)*1, OFFSET(일반인력_투자현황,0,15,ROWS(일반인력_투자현황),1), (OFFSET(일반인력_투자현황,0,16,ROWS(일반인력_투자현황),1)="회수료")*1 ) = 0, "N/A", SUMPRODUCT( (OFFSET(일반인력_투자현황,0,0,ROWS(일반인력_투자현황),1)=$D12)*1, OFFSET(일반인력_투자현황,0,15,ROWS(일반인력_투자현황),1), (OFFSET(일반인력_투자현황,0,16,ROWS(일반인력_투자현황),1)="회수료")*1, OFFSET(일반인력_투자현황,0,17,ROWS(일반인력_투자현황),1) ) / SUMPRODUCT( (OFFSET(일반인력_투자현황,0,0,ROWS(일반인력_투자현황),1)=$D12)*1, OFFSET(일반인력_투자현황,0,15,ROWS(일반인력_투자현황),1), (OFFSET(일반인력_투자현황,0,16,ROWS(일반인력_투자현황),1)="회수료")*1 ) ) ))) -> N/A | AA12: =IF(ISBLANK($D12), "", IF(VLOOKUP($D12,참여인력_개요,11,FALSE)="관리인력", "", SUMPRODUCT( (OFFSET(제안사_투자현황,0,21,ROWS(제안사_투자현황),1)=$D12)*1, (OFFSET(제안사_투자현황,0,8,ROWS(제안사_투자현황),1)<>"회수료")*1 ) )) -> 1 | AB12: =IF(ISBLANK($D12), "", IF(VLOOKUP($D12,참여인력_개요,11,FALSE)="관리인력", "", SUMPRODUCT( (OFFSET(제안사_투자현황,0,21,ROWS(제안사_투자현황),1)=$D12)*1, (OFFSET(제안사_투자현황,0,9,ROWS(제안사_투자현황),1)<>"회수료")*1, OFFSET(제안사_투자현황,0,18,ROWS(제안사_투자현황),1) ) ) ) -> 300 | AC12: =IF(ISBLANK($D12), "", IF(VLOOKUP($D12,참여인력_개요,11,FALSE)="관리인력", "", SUMPRODUCT( (OFFSET(제안사_투자현황,0,21,ROWS(제안사_투자현황),1)=$D12)*1, (OFFSET(제안사_투자현황,0,9,ROWS(제안사_투자현황),1)<>"회수료")*1, OFFSET(제안사_투자현황,0,19,ROWS(제안사_투자현황),1) ) ) ) -> 300
D13: 박00 | E13: 28773 | N13: 일반운용인력 | O13: NO | R13: =IF(ISBLANK($D13), "", IF(N13="핵심운용인력", SUMPRODUCT((OFFSET(핵심인력_경력,0,0,ROWS(핵심인력_경력),1)=$D13)*1, OFFSET(핵심인력_경력,0,9,ROWS(핵심인력_경력),1), (OFFSET(핵심인력_경력,0,10,ROWS(핵심인력_경력),1)="A")*1)+SUMPRODUCT((OFFSET(핵심인력_경력,0,0,ROWS(핵심인력_경력),1)=$D13)*1, OFFSET(핵심인력_경력,0,9,ROWS(핵심인력_경력),1), (OFFSET(핵심인력_경력,0,10,ROWS(핵심인력_경력),1)="B")*1)*0.7, SUMPRODUCT((OFFSET(일반인력_경력,0,0,ROWS(일반인력_경력),1)=$D13)*1, OFFSET(일반인력_경력,0,9,ROWS(일반인력_경력),1), (OFFSET(일반인력_경력,0,10,ROWS(일반인력_경력),1)="A")*1)+SUMPRODUCT((OFFSET(일반인력_경력,0,0,ROWS(일반인력_경력),1)=$D13)*1, OFFSET(일반인력_경력,0,9,ROWS(일반인력_경력),1), (OFFSET(일반인력_경력,0,10,ROWS(일반인력_경력),1)="B")*1)*0.7 ) ) -> 1.2438356 | S13: =IF(ISBLANK($D13), "", IF(VLOOKUP($D13,참여인력_개요,11,FALSE)="관리인력", "", IF(N13="핵심운용인력", SUMPRODUCT((OFFSET(핵심인력_투자현황,0,0,ROWS(핵심인력_투자현황),1)=$D13)*1, ISTEXT(OFFSET(핵심인력_투자현황,0,10,ROWS(핵심인력_투자현황),1))*1), SUMPRODUCT((OFFSET(일반인력_투자현황,0,0,ROWS(일반인력_투자현황),1)=$D13)*1, ISTEXT(OFFSET(일반인력_투자현황,0,10,ROWS(일반인력_투자현황),1))*1)) ) ) -> 1 | T13: =IF(ISBLANK($D13), "", IF(VLOOKUP($D13,참여인력_개요,11,FALSE)="관리인력", "", IF(N13="핵심운용인력", SUMPRODUCT((OFFSET(핵심인력_투자현황,0,0,ROWS(핵심인력_투자현황),1)=$D13)*1, (OFFSET(핵심인력_투자현황,0,16,ROWS(핵심인력_투자현황),1)="회수료")*1), SUMPRODUCT((OFFSET(일반인력_투자현황,0,0,ROWS(일반인력_투자현황),1)=$D13)*1, (OFFSET(일반인력_투자현황,0,16,ROWS(일반인력_투자현황),1)="회수료")*1)))) -> 1 | U13: =IF(ISBLANK($D13), "", IF(VLOOKUP($D13,참여인력_개요,11,FALSE)="관리인력", "", IF(N13="핵심운용인력", SUMPRODUCT((OFFSET(핵심인력_투자현황,0,0,ROWS(핵심인력_투자현황),1)=$D13)*1, OFFSET(핵심인력_투자현황,0,15,ROWS(핵심인력_투자현황),1)), SUMPRODUCT((OFFSET(일반인력_투자현황,0,0,ROWS(일반인력_투자현황),1)=$D13)*1, OFFSET(일반인력_투자현황,0,15,ROWS(일반인력_투자현황),1)) ))) -> 500 | V13: =IF(ISBLANK($D13), "", IF(VLOOKUP($D13,참여인력_개요,11,FALSE)="관리인력", "", IF(N13="핵심운용인력", SUMPRODUCT((OFFSET(핵심인력_투자현황,0,0,ROWS(핵심인력_투자현황),1)=$D13)*1, OFFSET(핵심인력_투자현황,0,19,ROWS(핵심인력_투자현황),1)), SUMPRODUCT((OFFSET(일반인력_투자현황,0,0,ROWS(일반인력_투자현황),1)=$D13)*1, OFFSET(일반인력_투자현황,0,19,ROWS(일반인력_투자현황),1)) ))) -> 400 | W13: =IF(ISBLANK($D13), "", IF(VLOOKUP($D13,참여인력_개요,11,FALSE)="관리인력", "", IF(N13="핵심운용인력", SUMPRODUCT((OFFSET(핵심인력_투자현황,0,0,ROWS(핵심인력_투자현황),1)=$D13)*1, OFFSET(핵심인력_투자현황,0,24,ROWS(핵심인력_투자현황),1)), SUMPRODUCT((OFFSET(일반인력_투자현황,0,0,ROWS(일반인력_투자현황),1)=$D13)*1, OFFSET(일반인력_투자현황,0,24,ROWS(일반인력_투자현황),1)) ))) -> 0 | X13: =IF(ISBLANK($D13), "", IF(VLOOKUP($D13,참여인력_개요,11,FALSE)="관리인력", "", IF(N13="핵심운용인력", SUMPRODUCT((OFFSET(핵심인력_투자현황,0,0,ROWS(핵심인력_투자현황),1)=$D13)*1, OFFSET(핵심인력_투자현황,0,25,ROWS(핵심인력_투자현황),1)), SUMPRODUCT((OFFSET(일반인력_투자현황,0,0,ROWS(일반인력_투자현황),1)=$D13)*1, OFFSET(일반인력_투자현황,0,25,ROWS(일반인력_투자현황),1)) ))) -> 0 | Y13: =IF(ISBLANK($D13), "", IF(VLOOKUP($D13,참여인력_개요,11,FALSE)="관리인력", "", IF(N13="핵심운용인력", SUMPRODUCT((OFFSET(핵심인력_투자현황,0,0,ROWS(핵심인력_투자현황),1)=$D13)*1, OFFSET(핵심인력_투자현황,0,15,ROWS(핵심인력_투자현황),1), OFFSET(핵심인력_투자현황,0,17,ROWS(핵심인력_투자현황),1))/U13, SUMPRODUCT((OFFSET(일반인력_투자현황,0,0,ROWS(일반인력_투자현황),1)=$D13)*1, OFFSET(일반인력_투자현황,0,15,ROWS(일반인력_투자현황),1), OFFSET(일반인력_투자현황,0,17,ROWS(일반인력_투자현황),1))/U13 ))) -> 0 | Z13: =IF(ISBLANK($D13), "",IF(VLOOKUP($D13,참여인력_개요,11,FALSE)="관리인력", "", IF(N13="핵심운용인력", IF(SUMPRODUCT( (OFFSET(핵심인력_투자현황,0,0,ROWS(핵심인력_투자현황),1)=$D13)*1, OFFSET(핵심인력_투자현황,0,15,ROWS(핵심인력_투자현황),1), (OFFSET(핵심인력_투자현황,0,16,ROWS(핵심인력_투자현황),1)="회수료")*1 ) = 0, "N/A", SUMPRODUCT( (OFFSET(핵심인력_투자현황,0,0,ROWS(핵심인력_투자현황),1)=$D13)*1, OFFSET(핵심인력_투자현황,0,15,ROWS(핵심인력_투자현황),1), (OFFSET(핵심인력_투자현황,0,16,ROWS(핵심인력_투자현황),1)="회수료")*1, OFFSET(핵심인력_투자현황,0,17,ROWS(핵심인력_투자현황),1) ) / SUMPRODUCT( (OFFSET(핵심인력_투자현황,0,0,ROWS(핵심인력_투자현황),1)=$D13)*1, OFFSET(핵심인력_투자현황,0,15,ROWS(핵심인력_투자현황),1), (OFFSET(핵심인력_투자현황,0,16,ROWS(핵심인력_투자현황),1)="회수료")*1 ) ), IF(SUMPRODUCT( (OFFSET(일반인력_투자현황,0,0,ROWS(일반인력_투자현황),1)=$D13)*1, OFFSET(일반인력_투자현황,0,15,ROWS(일반인력_투자현황),1), (OFFSET(일반인력_투자현황,0,16,ROWS(일반인력_투자현황),1)="회수료")*1 ) = 0, "N/A", SUMPRODUCT( (OFFSET(일반인력_투자현황,0,0,ROWS(일반인력_투자현황),1)=$D13)*1, OFFSET(일반인력_투자현황,0,15,ROWS(일반인력_투자현황),1), (OFFSET(일반인력_투자현황,0,16,ROWS(일반인력_투자현황),1)="회수료")*1, OFFSET(일반인력_투자현황,0,17,ROWS(일반인력_투자현황),1) ) / SUMPRODUCT( (OFFSET(일반인력_투자현황,0,0,ROWS(일반인력_투자현황),1)=$D13)*1, OFFSET(일반인력_투자현황,0,15,ROWS(일반인력_투자현황),1), (OFFSET(일반인력_투자현황,0,16,ROWS(일반인력_투자현황),1)="회수료")*1 ) ) ))) -> 0 | AA13: =IF(ISBLANK($D13), "", IF(VLOOKUP($D13,참여인력_개요,11,FALSE)="관리인력", "", SUMPRODUCT( (OFFSET(제안사_투자현황,0,21,ROWS(제안사_투자현황),1)=$D13)*1, (OFFSET(제안사_투자현황,0,8,ROWS(제안사_투자현황),1)<>"회수료")*1 ) )) -> 0 | AB13: =IF(ISBLANK($D13), "", IF(VLOOKUP($D13,참여인력_개요,11,FALSE)="관리인력", "", SUMPRODUCT( (OFFSET(제안사_투자현황,0,21,ROWS(제안사_투자현황),1)=$D13)*1, (OFFSET(제안사_투자현황,0,9,ROWS(제안사_투자현황),1)<>"회수료")*1, OFFSET(제안사_투자현황,0,18,ROWS(제안사_투자현황),1) ) ) ) -> 0 | AC13: =IF(ISBLANK($D13), "", IF(VLOOKUP($D13,참여인력_개요,11,FALSE)="관리인력", "", SUMPRODUCT( (OFFSET(제안사_투자현황,0,21,ROWS(제안사_투자현황),1)=$D13)*1, (OFFSET(제안사_투자현황,0,9,ROWS(제안사_투자현황),1)<>"회수료")*1, OFFSET(제안사_투자현황,0,19,ROWS(제안사_투자현황),1) ) ) ) -> 0
D14: 최00 | E14: 27677 | N14: 일반운용인력 | O14: NO | R14: =IF(ISBLANK($D14), "", IF(N14="핵심운용인력", SUMPRODUCT((OFFSET(핵심인력_경력,0,0,ROWS(핵심인력_경력),1)=$D14)*1, OFFSET(핵심인력_경력,0,9,ROWS(핵심인력_경력),1), (OFFSET(핵심인력_경력,0,10,ROWS(핵심인력_경력),1)="A")*1)+SUMPRODUCT((OFFSET(핵심인력_경력,0,0,ROWS(핵심인력_경력),1)=$D14)*1, OFFSET(핵심인력_경력,0,9,ROWS(핵심인력_경력),1), (OFFSET(핵심인력_경력,0,10,ROWS(핵심인력_경력),1)="B")*1)*0.7, SUMPRODUCT((OFFSET(일반인력_경력,0,0,ROWS(일반인력_경력),1)=$D14)*1, OFFSET(일반인력_경력,0,9,ROWS(일반인력_경력),1), (OFFSET(일반인력_경력,0,10,ROWS(일반인력_경력),1)="A")*1)+SUMPRODUCT((OFFSET(일반인력_경력,0,0,ROWS(일반인력_경력),1)=$D14)*1, OFFSET(일반인력_경력,0,9,ROWS(일반인력_경력),1), (OFFSET(일반인력_경력,0,10,ROWS(일반인력_경력),1)="B")*1)*0.7 ) ) -> 1.2438356 | S14: =IF(ISBLANK($D14), "", IF(VLOOKUP($D14,참여인력_개요,11,FALSE)="관리인력", "", IF(N14="핵심운용인력", SUMPRODUCT((OFFSET(핵심인력_투자현황,0,0,ROWS(핵심인력_투자현황),1)=$D14)*1, ISTEXT(OFFSET(핵심인력_투자현황,0,10,ROWS(핵심인력_투자현황),1))*1), SUMPRODUCT((OFFSET(일반인력_투자현황,0,0,ROWS(일반인력_투자현황),1)=$D14)*1, ISTEXT(OFFSET(일반인력_투자현황,0,10,ROWS(일반인력_투자현황),1))*1)) ) ) -> 1 | T14: =IF(ISBLANK($D14), "", IF(VLOOKUP($D14,참여인력_개요,11,FALSE)="관리인력", "", IF(N14="핵심운용인력", SUMPRODUCT((OFFSET(핵심인력_투자현황,0,0,ROWS(핵심인력_투자현황),1)=$D14)*1, (OFFSET(핵심인력_투자현황,0,16,ROWS(핵심인력_투자현황),1)="회수료")*1), SUMPRODUCT((OFFSET(일반인력_투자현황,0,0,ROWS(일반인력_투자현황),1)=$D14)*1, (OFFSET(일반인력_투자현황,0,16,ROWS(일반인력_투자현황),1)="회수료")*1)))) -> 1 | U14: =IF(ISBLANK($D14), "", IF(VLOOKUP($D14,참여인력_개요,11,FALSE)="관리인력", "", IF(N14="핵심운용인력", SUMPRODUCT((OFFSET(핵심인력_투자현황,0,0,ROWS(핵심인력_투자현황),1)=$D14)*1, OFFSET(핵심인력_투자현황,0,15,ROWS(핵심인력_투자현황),1)), SUMPRODUCT((OFFSET(일반인력_투자현황,0,0,ROWS(일반인력_투자현황),1)=$D14)*1, OFFSET(일반인력_투자현황,0,15,ROWS(일반인력_투자현황),1)) ))) -> 700 | V14: =IF(ISBLANK($D14), "", IF(VLOOKUP($D14,참여인력_개요,11,FALSE)="관리인력", "", IF(N14="핵심운용인력", SUMPRODUCT((OFFSET(핵심인력_투자현황,0,0,ROWS(핵심인력_투자현황),1)=$D14)*1, OFFSET(핵심인력_투자현황,0,19,ROWS(핵심인력_투자현황),1)), SUMPRODUCT((OFFSET(일반인력_투자현황,0,0,ROWS(일반인력_투자현황),1)=$D14)*1, OFFSET(일반인력_투자현황,0,19,ROWS(일반인력_투자현황),1)) ))) -> 300 | W14: =IF(ISBLANK($D14), "", IF(VLOOKUP($D14,참여인력_개요,11,FALSE)="관리인력", "", IF(N14="핵심운용인력", SUMPRODUCT((OFFSET(핵심인력_투자현황,0,0,ROWS(핵심인력_투자현황),1)=$D14)*1, OFFSET(핵심인력_투자현황,0,24,ROWS(핵심인력_투자현황),1)), SUMPRODUCT((OFFSET(일반인력_투자현황,0,0,ROWS(일반인력_투자현황),1)=$D14)*1, OFFSET(일반인력_투자현황,0,24,ROWS(일반인력_투자현황),1)) ))) -> 400 | X14: =IF(ISBLANK($D14), "", IF(VLOOKUP($D14,참여인력_개요,11,FALSE)="관리인력", "", IF(N14="핵심운용인력", SUMPRODUCT((OFFSET(핵심인력_투자현황,0,0,ROWS(핵심인력_투자현황),1)=$D14)*1, OFFSET(핵심인력_투자현황,0,25,ROWS(핵심인력_투자현황),1)), SUMPRODUCT((OFFSET(일반인력_투자현황,0,0,ROWS(일반인력_투자현황),1)=$D14)*1, OFFSET(일반인력_투자현황,0,25,ROWS(일반인력_투자현황),1)) ))) -> 300 | Y14: =IF(ISBLANK($D14), "", IF(VLOOKUP($D14,참여인력_개요,11,FALSE)="관리인력", "", IF(N14="핵심운용인력", SUMPRODUCT((OFFSET(핵심인력_투자현황,0,0,ROWS(핵심인력_투자현황),1)=$D14)*1, OFFSET(핵심인력_투자현황,0,15,ROWS(핵심인력_투자현황),1), OFFSET(핵심인력_투자현황,0,17,ROWS(핵심인력_투자현황),1))/U14, SUMPRODUCT((OFFSET(일반인력_투자현황,0,0,ROWS(일반인력_투자현황),1)=$D14)*1, OFFSET(일반인력_투자현황,0,15,ROWS(일반인력_투자현황),1), OFFSET(일반인력_투자현황,0,17,ROWS(일반인력_투자현황),1))/U14 ))) -> 0 | Z14: =IF(ISBLANK($D14), "",IF(VLOOKUP($D14,참여인력_개요,11,FALSE)="관리인력", "", IF(N14="핵심운용인력", IF(SUMPRODUCT( (OFFSET(핵심인력_투자현황,0,0,ROWS(핵심인력_투자현황),1)=$D14)*1, OFFSET(핵심인력_투자현황,0,15,ROWS(핵심인력_투자현황),1), (OFFSET(핵심인력_투자현황,0,16,ROWS(핵심인력_투자현황),1)="회수료")*1 ) = 0, "N/A", SUMPRODUCT( (OFFSET(핵심인력_투자현황,0,0,ROWS(핵심인력_투자현황),1)=$D14)*1, OFFSET(핵심인력_투자현황,0,15,ROWS(핵심인력_투자현황),1), (OFFSET(핵심인력_투자현황,0,16,ROWS(핵심인력_투자현황),1)="회수료")*1, OFFSET(핵심인력_투자현황,0,17,ROWS(핵심인력_투자현황),1) ) / SUMPRODUCT( (OFFSET(핵심인력_투자현황,0,0,ROWS(핵심인력_투자현황),1)=$D14)*1, OFFSET(핵심인력_투자현황,0,15,ROWS(핵심인력_투자현황),1), (OFFSET(핵심인력_투자현황,0,16,ROWS(핵심인력_투자현황),1)="회수료")*1 ) ), IF(SUMPRODUCT( (OFFSET(일반인력_투자현황,0,0,ROWS(일반인력_투자현황),1)=$D14)*1, OFFSET(일반인력_투자현황,0,15,ROWS(일반인력_투자현황),1), (OFFSET(일반인력_투자현황,0,16,ROWS(일반인력_투자현황),1)="회수료")*1 ) = 0, "N/A", SUMPRODUCT( (OFFSET(일반인력_투자현황,0,0,ROWS(일반인력_투자현황),1)=$D14)*1, OFFSET(일반인력_투자현황,0,15,ROWS(일반인력_투자현황),1), (OFFSET(일반인력_투자현황,0,16,ROWS(일반인력_투자현황),1)="회수료")*1, OFFSET(일반인력_투자현황,0,17,ROWS(일반인력_투자현황),1) ) / SUMPRODUCT( (OFFSET(일반인력_투자현황,0,0,ROWS(일반인력_투자현황),1)=$D14)*1, OFFSET(일반인력_투자현황,0,15,ROWS(일반인력_투자현황),1), (OFFSET(일반인력_투자현황,0,16,ROWS(일반인력_투자현황),1)="회수료")*1 ) ) ))) -> 0 | AA14: =IF(ISBLANK($D14), "", IF(VLOOKUP($D14,참여인력_개요,11,FALSE)="관리인력", "", SUMPRODUCT( (OFFSET(제안사_투자현황,0,21,ROWS(제안사_투자현황),1)=$D14)*1, (OFFSET(제안사_투자현황,0,8,ROWS(제안사_투자현황),1)<>"회수료")*1 ) )) -> 0 | AB14: =IF(ISBLANK($D14), "", IF(VLOOKUP($D14,참여인력_개요,11,FALSE)="관리인력", "", SUMPRODUCT( (OFFSET(제안사_투자현황,0,21,ROWS(제안사_투자현황),1)=$D14)*1, (OFFSET(제안사_투자현황,0,9,ROWS(제안사_투자현황),1)<>"회수료")*1, OFFSET(제안사_투자현황,0,18,ROWS(제안사_투자현황),1) ) ) ) -> 0 | AC14: =IF(ISBLANK($D14), "", IF(VLOOKUP($D14,참여인력_개요,11,FALSE)="관리인력", "", SUMPRODUCT( (OFFSET(제안사_투자현황,0,21,ROWS(제안사_투자현황),1)=$D14)*1, (OFFSET(제안사_투자현황,0,9,ROWS(제안사_투자현황),1)<>"회수료")*1, OFFSET(제안사_투자현황,0,19,ROWS(제안사_투자현황),1) ) ) ) -> 0
D15: 인00 | E15: 25518 | N15: 관리인력 | O15: NO | R15: =IF(ISBLANK($D15), "", IF(N15="핵심운용인력", SUMPRODUCT((OFFSET(핵심인력_경력,0,0,ROWS(핵심인력_경력),1)=$D15)*1, OFFSET(핵심인력_경력,0,9,ROWS(핵심인력_경력),1), (OFFSET(핵심인력_경력,0,10,ROWS(핵심인력_경력),1)="A")*1)+SUMPRODUCT((OFFSET(핵심인력_경력,0,0,ROWS(핵심인력_경력),1)=$D15)*1, OFFSET(핵심인력_경력,0,9,ROWS(핵심인력_경력),1), (OFFSET(핵심인력_경력,0,10,ROWS(핵심인력_경력),1)="B")*1)*0.7, SUMPRODUCT((OFFSET(일반인력_경력,0,0,ROWS(일반인력_경력),1)=$D15)*1, OFFSET(일반인력_경력,0,9,ROWS(일반인력_경력),1), (OFFSET(일반인력_경력,0,10,ROWS(일반인력_경력),1)="A")*1)+SUMPRODUCT((OFFSET(일반인력_경력,0,0,ROWS(일반인력_경력),1)=$D15)*1, OFFSET(일반인력_경력,0,9,ROWS(일반인력_경력),1), (OFFSET(일반인력_경력,0,10,ROWS(일반인력_경력),1)="B")*1)*0.7 ) ) -> 0 | S15: =IF(ISBLANK($D15), "", IF(VLOOKUP($D15,참여인력_개요,11,FALSE)="관리인력", "", IF(N15="핵심운용인력", SUMPRODUCT((OFFSET(핵심인력_투자현황,0,0,ROWS(핵심인력_투자현황),1)=$D15)*1, ISTEXT(OFFSET(핵심인력_투자현황,0,10,ROWS(핵심인력_투자현황),1))*1), SUMPRODUCT((OFFSET(일반인력_투자현황,0,0,ROWS(일반인력_투자현황),1)=$D15)*1, ISTEXT(OFFSET(일반인력_투자현황,0,10,ROWS(일반인력_투자현황),1))*1)) ) ) | T15: =IF(ISBLANK($D15), "", IF(VLOOKUP($D15,참여인력_개요,11,FALSE)="관리인력", "", IF(N15="핵심운용인력", SUMPRODUCT((OFFSET(핵심인력_투자현황,0,0,ROWS(핵심인력_투자현황),1)=$D15)*1, (OFFSET(핵심인력_투자현황,0,16,ROWS(핵심인력_투자현황),1)="회수료")*1), SUMPRODUCT((OFFSET(일반인력_투자현황,0,0,ROWS(일반인력_투자현황),1)=$D15)*1, (OFFSET(일반인력_투자현황,0,16,ROWS(일반인력_투자현황),1)="회수료")*1)))) | U15: =IF(ISBLANK($D15), "", IF(VLOOKUP($D15,참여인력_개요,11,FALSE)="관리인력", "", IF(N15="핵심운용인력", SUMPRODUCT((OFFSET(핵심인력_투자현황,0,0,ROWS(핵심인력_투자현황),1)=$D15)*1, OFFSET(핵심인력_투자현황,0,15,ROWS(핵심인력_투자현황),1)), SUMPRODUCT((OFFSET(일반인력_투자현황,0,0,ROWS(일반인력_투자현황),1)=$D15)*1, OFFSET(일반인력_투자현황,0,15,ROWS(일반인력_투자현황),1)) ))) | V15: =IF(ISBLANK($D15), "", IF(VLOOKUP($D15,참여인력_개요,11,FALSE)="관리인력", "", IF(N15="핵심운용인력", SUMPRODUCT((OFFSET(핵심인력_투자현황,0,0,ROWS(핵심인력_투자현황),1)=$D15)*1, OFFSET(핵심인력_투자현황,0,19,ROWS(핵심인력_투자현황),1)), SUMPRODUCT((OFFSET(일반인력_투자현황,0,0,ROWS(일반인력_투자현황),1)=$D15)*1, OFFSET(일반인력_투자현황,0,19,ROWS(일반인력_투자현황),1)) ))) | W15: =IF(ISBLANK($D15), "", IF(VLOOKUP($D15,참여인력_개요,11,FALSE)="관리인력", "", IF(N15="핵심운용인력", SUMPRODUCT((OFFSET(핵심인력_투자현황,0,0,ROWS(핵심인력_투자현황),1)=$D15)*1, OFFSET(핵심인력_투자현황,0,24,ROWS(핵심인력_투자현황),1)), SUMPRODUCT((OFFSET(일반인력_투자현황,0,0,ROWS(일반인력_투자현황),1)=$D15)*1, OFFSET(일반인력_투자현황,0,24,ROWS(일반인력_투자현황),1)) ))) | X15: =IF(ISBLANK($D15), "", IF(VLOOKUP($D15,참여인력_개요,11,FALSE)="관리인력", "", IF(N15="핵심운용인력", SUMPRODUCT((OFFSET(핵심인력_투자현황,0,0,ROWS(핵심인력_투자현황),1)=$D15)*1, OFFSET(핵심인력_투자현황,0,25,ROWS(핵심인력_투자현황),1)), SUMPRODUCT((OFFSET(일반인력_투자현황,0,0,ROWS(일반인력_투자현황),1)=$D15)*1, OFFSET(일반인력_투자현황,0,25,ROWS(일반인력_투자현황),1)) ))) | Y15: =IF(ISBLANK($D15), "", IF(VLOOKUP($D15,참여인력_개요,11,FALSE)="관리인력", "", IF(N15="핵심운용인력", SUMPRODUCT((OFFSET(핵심인력_투자현황,0,0,ROWS(핵심인력_투자현황),1)=$D15)*1, OFFSET(핵심인력_투자현황,0,15,ROWS(핵심인력_투자현황),1), OFFSET(핵심인력_투자현황,0,17,ROWS(핵심인력_투자현황),1))/U15, SUMPRODUCT((OFFSET(일반인력_투자현황,0,0,ROWS(일반인력_투자현황),1)=$D15)*1, OFFSET(일반인력_투자현황,0,15,ROWS(일반인력_투자현황),1), OFFSET(일반인력_투자현황,0,17,ROWS(일반인력_투자현황),1))/U15 ))) | Z15: =IF(ISBLANK($D15), "",IF(VLOOKUP($D15,참여인력_개요,11,FALSE)="관리인력", "", IF(N15="핵심운용인력", IF(SUMPRODUCT( (OFFSET(핵심인력_투자현황,0,0,ROWS(핵심인력_투자현황),1)=$D15)*1, OFFSET(핵심인력_투자현황,0,15,ROWS(핵심인력_투자현황),1), (OFFSET(핵심인력_투자현황,0,16,ROWS(핵심인력_투자현황),1)="회수료")*1 ) = 0, "N/A", SUMPRODUCT( (OFFSET(핵심인력_투자현황,0,0,ROWS(핵심인력_투자현황),1)=$D15)*1, OFFSET(핵심인력_투자현황,0,15,ROWS(핵심인력_투자현황),1), (OFFSET(핵심인력_투자현황,0,16,ROWS(핵심인력_투자현황),1)="회수료")*1, OFFSET(핵심인력_투자현황,0,17,ROWS(핵심인력_투자현황),1) ) / SUMPRODUCT( (OFFSET(핵심인력_투자현황,0,0,ROWS(핵심인력_투자현황),1)=$D15)*1, OFFSET(핵심인력_투자현황,0,15,ROWS(핵심인력_투자현황),1), (OFFSET(핵심인력_투자현황,0,16,ROWS(핵심인력_투자현황),1)="회수료")*1 ) ), IF(SUMPRODUCT( (OFFSET(일반인력_투자현황,0,0,ROWS(일반인력_투자현황),1)=$D15)*1, OFFSET(일반인력_투자현황,0,15,ROWS(일반인력_투자현황),1), (OFFSET(일반인력_투자현황,0,16,ROWS(일반인력_투자현황),1)="회수료")*1 ) = 0, "N/A", SUMPRODUCT( (OFFSET(일반인력_투자현황,0,0,ROWS(일반인력_투자현황),1)=$D15)*1, OFFSET(일반인력_투자현황,0,15,ROWS(일반인력_투자현황),1), (OFFSET(일반인력_투자현황,0,16,ROWS(일반인력_투자현황),1)="회수료")*1, OFFSET(일반인력_투자현황,0,17,ROWS(일반인력_투자현황),1) ) / SUMPRODUCT( (OFFSET(일반인력_투자현황,0,0,ROWS(일반인력_투자현황),1)=$D15)*1, OFFSET(일반인력_투자현황,0,15,ROWS(일반인력_투자현황),1), (OFFSET(일반인력_투자현황,0,16,ROWS(일반인력_투자현황),1)="회수료")*1 ) ) ))) | AA15: =IF(ISBLANK($D15), "", IF(VLOOKUP($D15,참여인력_개요,11,FALSE)="관리인력", "", SUMPRODUCT( (OFFSET(제안사_투자현황,0,21,ROWS(제안사_투자현황),1)=$D15)*1, (OFFSET(제안사_투자현황,0,8,ROWS(제안사_투자현황),1)<>"회수료")*1 ) )) | AB15: =IF(ISBLANK($D15), "", IF(VLOOKUP($D15,참여인력_개요,11,FALSE)="관리인력", "", SUMPRODUCT( (OFFSET(제안사_투자현황,0,21,ROWS(제안사_투자현황),1)=$D15)*1, (OFFSET(제안사_투자현황,0,9,ROWS(제안사_투자현황),1)<>"회수료")*1, OFFSET(제안사_투자현황,0,18,ROWS(제안사_투자현황),1) ) ) ) | AC15: =IF(ISBLANK($D15), "", IF(VLOOKUP($D15,참여인력_개요,11,FALSE)="관리인력", "", SUMPRODUCT( (OFFSET(제안사_투자현황,0,21,ROWS(제안사_투자현황),1)=$D15)*1, (OFFSET(제안사_투자현황,0,9,ROWS(제안사_투자현황),1)<>"회수료")*1, OFFSET(제안사_투자현황,0,19,ROWS(제안사_투자현황),1) ) ) )
R16: =IF(ISBLANK($D16), "", IF(N16="핵심운용인력", SUMPRODUCT((OFFSET(핵심인력_경력,0,0,ROWS(핵심인력_경력),1)=$D16)*1, OFFSET(핵심인력_경력,0,9,ROWS(핵심인력_경력),1), (OFFSET(핵심인력_경력,0,10,ROWS(핵심인력_경력),1)="A")*1)+SUMPRODUCT((OFFSET(핵심인력_경력,0,0,ROWS(핵심인력_경력),1)=$D16)*1, OFFSET(핵심인력_경력,0,9,ROWS(핵심인력_경력),1), (OFFSET(핵심인력_경력,0,10,ROWS(핵심인력_경력),1)="B")*1)*0.7, SUMPRODUCT((OFFSET(일반인력_경력,0,0,ROWS(일반인력_경력),1)=$D16)*1, OFFSET(일반인력_경력,0,9,ROWS(일반인력_경력),1), (OFFSET(일반인력_경력,0,10,ROWS(일반인력_경력),1)="A")*1)+SUMPRODUCT((OFFSET(일반인력_경력,0,0,ROWS(일반인력_경력),1)=$D16)*1, OFFSET(일반인력_경력,0,9,ROWS(일반인력_경력),1), (OFFSET(일반인력_경력,0,10,ROWS(일반인력_경력),1)="B")*1)*0.7 ) ) | S16: =IF(ISBLANK($D16), "", IF(VLOOKUP($D16,참여인력_개요,11,FALSE)="관리인력", "", IF(N16="핵심운용인력", SUMPRODUCT((OFFSET(핵심인력_투자현황,0,0,ROWS(핵심인력_투자현황),1)=$D16)*1, ISTEXT(OFFSET(핵심인력_투자현황,0,10,ROWS(핵심인력_투자현황),1))*1), SUMPRODUCT((OFFSET(일반인력_투자현황,0,0,ROWS(일반인력_투자현황),1)=$D16)*1, ISTEXT(OFFSET(일반인력_투자현황,0,10,ROWS(일반인력_투자현황),1))*1)) ) ) | T16: =IF(ISBLANK($D16), "", IF(VLOOKUP($D16,참여인력_개요,11,FALSE)="관리인력", "", IF(N16="핵심운용인력", SUMPRODUCT((OFFSET(핵심인력_투자현황,0,0,ROWS(핵심인력_투자현황),1)=$D16)*1, (OFFSET(핵심인력_투자현황,0,16,ROWS(핵심인력_투자현황),1)="회수료")*1), SUMPRODUCT((OFFSET(일반인력_투자현황,0,0,ROWS(일반인력_투자현황),1)=$D16)*1, (OFFSET(일반인력_투자현황,0,16,ROWS(일반인력_투자현황),1)="회수료")*1)))) | U16: =IF(ISBLANK($D16), "", IF(VLOOKUP($D16,참여인력_개요,11,FALSE)="관리인력", "", IF(N16="핵심운용인력", SUMPRODUCT((OFFSET(핵심인력_투자현황,0,0,ROWS(핵심인력_투자현황),1)=$D16)*1, OFFSET(핵심인력_투자현황,0,15,ROWS(핵심인력_투자현황),1)), SUMPRODUCT((OFFSET(일반인력_투자현황,0,0,ROWS(일반인력_투자현황),1)=$D16)*1, OFFSET(일반인력_투자현황,0,15,ROWS(일반인력_투자현황),1)) ))) | V16: =IF(ISBLANK($D16), "", IF(VLOOKUP($D16,참여인력_개요,11,FALSE)="관리인력", "", IF(N16="핵심운용인력", SUMPRODUCT((OFFSET(핵심인력_투자현황,0,0,ROWS(핵심인력_투자현황),1)=$D16)*1, OFFSET(핵심인력_투자현황,0,19,ROWS(핵심인력_투자현황),1)), SUMPRODUCT((OFFSET(일반인력_투자현황,0,0,ROWS(일반인력_투자현황),1)=$D16)*1, OFFSET(일반인력_투자현황,0,19,ROWS(일반인력_투자현황),1)) ))) | W16: =IF(ISBLANK($D16), "", IF(VLOOKUP($D16,참여인력_개요,11,FALSE)="관리인력", "", IF(N16="핵심운용인력", SUMPRODUCT((OFFSET(핵심인력_투자현황,0,0,ROWS(핵심인력_투자현황),1)=$D16)*1, OFFSET(핵심인력_투자현황,0,24,ROWS(핵심인력_투자현황),1)), SUMPRODUCT((OFFSET(일반인력_투자현황,0,0,ROWS(일반인력_투자현황),1)=$D16)*1, OFFSET(일반인력_투자현황,0,24,ROWS(일반인력_투자현황),1)) ))) | X16: =IF(ISBLANK($D16), "", IF(VLOOKUP($D16,참여인력_개요,11,FALSE)="관리인력", "", IF(N16="핵심운용인력", SUMPRODUCT((OFFSET(핵심인력_투자현황,0,0,ROWS(핵심인력_투자현황),1)=$D16)*1, OFFSET(핵심인력_투자현황,0,25,ROWS(핵심인력_투자현황),1)), SUMPRODUCT((OFFSET(일반인력_투자현황,0,0,ROWS(일반인력_투자현황),1)=$D16)*1, OFFSET(일반인력_투자현황,0,25,ROWS(일반인력_투자현황),1)) ))) | Y16: =IF(ISBLANK($D16), "", IF(VLOOKUP($D16,참여인력_개요,11,FALSE)="관리인력", "", IF(N16="핵심운용인력", SUMPRODUCT((OFFSET(핵심인력_투자현황,0,0,ROWS(핵심인력_투자현황),1)=$D16)*1, OFFSET(핵심인력_투자현황,0,15,ROWS(핵심인력_투자현황),1), OFFSET(핵심인력_투자현황,0,17,ROWS(핵심인력_투자현황),1))/U16, SUMPRODUCT((OFFSET(일반인력_투자현황,0,0,ROWS(일반인력_투자현황),1)=$D16)*1, OFFSET(일반인력_투자현황,0,15,ROWS(일반인력_투자현황),1), OFFSET(일반인력_투자현황,0,17,ROWS(일반인력_투자현황),1))/U16 ))) | Z16: =IF(ISBLANK($D16), "",IF(VLOOKUP($D16,참여인력_개요,11,FALSE)="관리인력", "", IF(N16="핵심운용인력", IF(SUMPRODUCT( (OFFSET(핵심인력_투자현황,0,0,ROWS(핵심인력_투자현황),1)=$D16)*1, OFFSET(핵심인력_투자현황,0,15,ROWS(핵심인력_투자현황),1), (OFFSET(핵심인력_투자현황,0,16,ROWS(핵심인력_투자현황),1)="회수료")*1 ) = 0, "N/A", SUMPRODUCT( (OFFSET(핵심인력_투자현황,0,0,ROWS(핵심인력_투자현황),1)=$D16)*1, OFFSET(핵심인력_투자현황,0,15,ROWS(핵심인력_투자현황),1), (OFFSET(핵심인력_투자현황,0,16,ROWS(핵심인력_투자현황),1)="회수료")*1, OFFSET(핵심인력_투자현황,0,17,ROWS(핵심인력_투자현황),1) ) / SUMPRODUCT( (OFFSET(핵심인력_투자현황,0,0,ROWS(핵심인력_투자현황),1)=$D16)*1, OFFSET(핵심인력_투자현황,0,15,ROWS(핵심인력_투자현황),1), (OFFSET(핵심인력_투자현황,0,16,ROWS(핵심인력_투자현황),1)="회수료")*1 ) ), IF(SUMPRODUCT( (OFFSET(일반인력_투자현황,0,0,ROWS(일반인력_투자현황),1)=$D16)*1, OFFSET(일반인력_투자현황,0,15,ROWS(일반인력_투자현황),1), (OFFSET(일반인력_투자현황,0,16,ROWS(일반인력_투자현황),1)="회수료")*1 ) = 0, "N/A", SUMPRODUCT( (OFFSET(일반인력_투자현황,0,0,ROWS(일반인력_투자현황),1)=$D16)*1, OFFSET(일반인력_투자현황,0,15,ROWS(일반인력_투자현황),1), (OFFSET(일반인력_투자현황,0,16,ROWS(일반인력_투자현황),1)="회수료")*1, OFFSET(일반인력_투자현황,0,17,ROWS(일반인력_투자현황),1) ) / SUMPRODUCT( (OFFSET(일반인력_투자현황,0,0,ROWS(일반인력_투자현황),1)=$D16)*1, OFFSET(일반인력_투자현황,0,15,ROWS(일반인력_투자현황),1), (OFFSET(일반인력_투자현황,0,16,ROWS(일반인력_투자현황),1)="회수료")*1 ) ) ))) | AA16: =IF(ISBLANK($D16), "", IF(VLOOKUP($D16,참여인력_개요,11,FALSE)="관리인력", "", SUMPRODUCT( (OFFSET(제안사_투자현황,0,21,ROWS(제안사_투자현황),1)=$D16)*1, (OFFSET(제안사_투자현황,0,8,ROWS(제안사_투자현황),1)<>"회수료")*1 ) )) | AB16: =IF(ISBLANK($D16), "", IF(VLOOKUP($D16,참여인력_개요,11,FALSE)="관리인력", "", SUMPRODUCT( (OFFSET(제안사_투자현황,0,21,ROWS(제안사_투자현황),1)=$D16)*1, (OFFSET(제안사_투자현황,0,9,ROWS(제안사_투자현황),1)<>"회수료")*1, OFFSET(제안사_투자현황,0,18,ROWS(제안사_투자현황),1) ) ) ) | AC16: =IF(ISBLANK($D16), "", IF(VLOOKUP($D16,참여인력_개요,11,FALSE)="관리인력", "", SUMPRODUCT( (OFFSET(제안사_투자현황,0,21,ROWS(제안사_투자현황),1)=$D16)*1, (OFFSET(제안사_투자현황,0,9,ROWS(제안사_투자현황),1)<>"회수료")*1, OFFSET(제안사_투자현황,0,19,ROWS(제안사_투자현황),1) ) ) )
R17: =IF(ISBLANK($D17), "", IF(N17="핵심운용인력", SUMPRODUCT((OFFSET(핵심인력_경력,0,0,ROWS(핵심인력_경력),1)=$D17)*1, OFFSET(핵심인력_경력,0,9,ROWS(핵심인력_경력),1), (OFFSET(핵심인력_경력,0,10,ROWS(핵심인력_경력),1)="A")*1)+SUMPRODUCT((OFFSET(핵심인력_경력,0,0,ROWS(핵심인력_경력),1)=$D17)*1, OFFSET(핵심인력_경력,0,9,ROWS(핵심인력_경력),1), (OFFSET(핵심인력_경력,0,10,ROWS(핵심인력_경력),1)="B")*1)*0.7, SUMPRODUCT((OFFSET(일반인력_경력,0,0,ROWS(일반인력_경력),1)=$D17)*1, OFFSET(일반인력_경력,0,9,ROWS(일반인력_경력),1), (OFFSET(일반인력_경력,0,10,ROWS(일반인력_경력),1)="A")*1)+SUMPRODUCT((OFFSET(일반인력_경력,0,0,ROWS(일반인력_경력),1)=$D17)*1, OFFSET(일반인력_경력,0,9,ROWS(일반인력_경력),1), (OFFSET(일반인력_경력,0,10,ROWS(일반인력_경력),1)="B")*1)*0.7 ) ) | S17: =IF(ISBLANK($D17), "", IF(VLOOKUP($D17,참여인력_개요,11,FALSE)="관리인력", "", IF(N17="핵심운용인력", SUMPRODUCT((OFFSET(핵심인력_투자현황,0,0,ROWS(핵심인력_투자현황),1)=$D17)*1, ISTEXT(OFFSET(핵심인력_투자현황,0,10,ROWS(핵심인력_투자현황),1))*1), SUMPRODUCT((OFFSET(일반인력_투자현황,0,0,ROWS(일반인력_투자현황),1)=$D17)*1, ISTEXT(OFFSET(일반인력_투자현황,0,10,ROWS(일반인력_투자현황),1))*1)) ) ) | T17: =IF(ISBLANK($D17), "", IF(VLOOKUP($D17,참여인력_개요,11,FALSE)="관리인력", "", IF(N17="핵심운용인력", SUMPRODUCT((OFFSET(핵심인력_투자현황,0,0,ROWS(핵심인력_투자현황),1)=$D17)*1, (OFFSET(핵심인력_투자현황,0,16,ROWS(핵심인력_투자현황),1)="회수료")*1), SUMPRODUCT((OFFSET(일반인력_투자현황,0,0,ROWS(일반인력_투자현황),1)=$D17)*1, (OFFSET(일반인력_투자현황,0,16,ROWS(일반인력_투자현황),1)="회수료")*1)))) | U17: =IF(ISBLANK($D17), "", IF(VLOOKUP($D17,참여인력_개요,11,FALSE)="관리인력", "", IF(N17="핵심운용인력", SUMPRODUCT((OFFSET(핵심인력_투자현황,0,0,ROWS(핵심인력_투자현황),1)=$D17)*1, OFFSET(핵심인력_투자현황,0,15,ROWS(핵심인력_투자현황),1)), SUMPRODUCT((OFFSET(일반인력_투자현황,0,0,ROWS(일반인력_투자현황),1)=$D17)*1, OFFSET(일반인력_투자현황,0,15,ROWS(일반인력_투자현황),1)) ))) | V17: =IF(ISBLANK($D17), "", IF(VLOOKUP($D17,참여인력_개요,11,FALSE)="관리인력", "", IF(N17="핵심운용인력", SUMPRODUCT((OFFSET(핵심인력_투자현황,0,0,ROWS(핵심인력_투자현황),1)=$D17)*1, OFFSET(핵심인력_투자현황,0,19,ROWS(핵심인력_투자현황),1)), SUMPRODUCT((OFFSET(일반인력_투자현황,0,0,ROWS(일반인력_투자현황),1)=$D17)*1, OFFSET(일반인력_투자현황,0,19,ROWS(일반인력_투자현황),1)) ))) | W17: =IF(ISBLANK($D17), "", IF(VLOOKUP($D17,참여인력_개요,11,FALSE)="관리인력", "", IF(N17="핵심운용인력", SUMPRODUCT((OFFSET(핵심인력_투자현황,0,0,ROWS(핵심인력_투자현황),1)=$D17)*1, OFFSET(핵심인력_투자현황,0,24,ROWS(핵심인력_투자현황),1)), SUMPRODUCT((OFFSET(일반인력_투자현황,0,0,ROWS(일반인력_투자현황),1)=$D17)*1, OFFSET(일반인력_투자현황,0,24,ROWS(일반인력_투자현황),1)) ))) | X17: =IF(ISBLANK($D17), "", IF(VLOOKUP($D17,참여인력_개요,11,FALSE)="관리인력", "", IF(N17="핵심운용인력", SUMPRODUCT((OFFSET(핵심인력_투자현황,0,0,ROWS(핵심인력_투자현황),1)=$D17)*1, OFFSET(핵심인력_투자현황,0,25,ROWS(핵심인력_투자현황),1)), SUMPRODUCT((OFFSET(일반인력_투자현황,0,0,ROWS(일반인력_투자현황),1)=$D17)*1, OFFSET(일반인력_투자현황,0,25,ROWS(일반인력_투자현황),1)) ))) | Y17: =IF(ISBLANK($D17), "", IF(VLOOKUP($D17,참여인력_개요,11,FALSE)="관리인력", "", IF(N17="핵심운용인력", SUMPRODUCT((OFFSET(핵심인력_투자현황,0,0,ROWS(핵심인력_투자현황),1)=$D17)*1, OFFSET(핵심인력_투자현황,0,15,ROWS(핵심인력_투자현황),1), OFFSET(핵심인력_투자현황,0,17,ROWS(핵심인력_투자현황),1))/U17, SUMPRODUCT((OFFSET(일반인력_투자현황,0,0,ROWS(일반인력_투자현황),1)=$D17)*1, OFFSET(일반인력_투자현황,0,15,ROWS(일반인력_투자현황),1), OFFSET(일반인력_투자현황,0,17,ROWS(일반인력_투자현황),1))/U17 ))) | Z17: =IF(ISBLANK($D17), "",IF(VLOOKUP($D17,참여인력_개요,11,FALSE)="관리인력", "", IF(N17="핵심운용인력", IF(SUMPRODUCT( (OFFSET(핵심인력_투자현황,0,0,ROWS(핵심인력_투자현황),1)=$D17)*1, OFFSET(핵심인력_투자현황,0,15,ROWS(핵심인력_투자현황),1), (OFFSET(핵심인력_투자현황,0,16,ROWS(핵심인력_투자현황),1)="회수료")*1 ) = 0, "N/A", SUMPRODUCT( (OFFSET(핵심인력_투자현황,0,0,ROWS(핵심인력_투자현황),1)=$D17)*1, OFFSET(핵심인력_투자현황,0,15,ROWS(핵심인력_투자현황),1), (OFFSET(핵심인력_투자현황,0,16,ROWS(핵심인력_투자현황),1)="회수료")*1, OFFSET(핵심인력_투자현황,0,17,ROWS(핵심인력_투자현황),1) ) / SUMPRODUCT( (OFFSET(핵심인력_투자현황,0,0,ROWS(핵심인력_투자현황),1)=$D17)*1, OFFSET(핵심인력_투자현황,0,15,ROWS(핵심인력_투자현황),1), (OFFSET(핵심인력_투자현황,0,16,ROWS(핵심인력_투자현황),1)="회수료")*1 ) ), IF(SUMPRODUCT( (OFFSET(일반인력_투자현황,0,0,ROWS(일반인력_투자현황),1)=$D17)*1, OFFSET(일반인력_투자현황,0,15,ROWS(일반인력_투자현황),1), (OFFSET(일반인력_투자현황,0,16,ROWS(일반인력_투자현황),1)="회수료")*1 ) = 0, "N/A", SUMPRODUCT( (OFFSET(일반인력_투자현황,0,0,ROWS(일반인력_투자현황),1)=$D17)*1, OFFSET(일반인력_투자현황,0,15,ROWS(일반인력_투자현황),1), (OFFSET(일반인력_투자현황,0,16,ROWS(일반인력_투자현황),1)="회수료")*1, OFFSET(일반인력_투자현황,0,17,ROWS(일반인력_투자현황),1) ) / SUMPRODUCT( (OFFSET(일반인력_투자현황,0,0,ROWS(일반인력_투자현황),1)=$D17)*1, OFFSET(일반인력_투자현황,0,15,ROWS(일반인력_투자현황),1), (OFFSET(일반인력_투자현황,0,16,ROWS(일반인력_투자현황),1)="회수료")*1 ) ) ))) | AA17: =IF(ISBLANK($D17), "", IF(VLOOKUP($D17,참여인력_개요,11,FALSE)="관리인력", "", SUMPRODUCT( (OFFSET(제안사_투자현황,0,21,ROWS(제안사_투자현황),1)=$D17)*1, (OFFSET(제안사_투자현황,0,8,ROWS(제안사_투자현황),1)<>"회수료")*1 ) )) | AB17: =IF(ISBLANK($D17), "", IF(VLOOKUP($D17,참여인력_개요,11,FALSE)="관리인력", "", SUMPRODUCT( (OFFSET(제안사_투자현황,0,21,ROWS(제안사_투자현황),1)=$D17)*1, (OFFSET(제안사_투자현황,0,9,ROWS(제안사_투자현황),1)<>"회수료")*1, OFFSET(제안사_투자현황,0,18,ROWS(제안사_투자현황),1) ) ) ) | AC17: =IF(ISBLANK($D17), "", IF(VLOOKUP($D17,참여인력_개요,11,FALSE)="관리인력", "", SUMPRODUCT( (OFFSET(제안사_투자현황,0,21,ROWS(제안사_투자현황),1)=$D17)*1, (OFFSET(제안사_투자현황,0,9,ROWS(제안사_투자현황),1)<>"회수료")*1, OFFSET(제안사_투자현황,0,19,ROWS(제안사_투자현황),1) ) ) )
R18: =IF(ISBLANK($D18), "", IF(N18="핵심운용인력", SUMPRODUCT((OFFSET(핵심인력_경력,0,0,ROWS(핵심인력_경력),1)=$D18)*1, OFFSET(핵심인력_경력,0,9,ROWS(핵심인력_경력),1), (OFFSET(핵심인력_경력,0,10,ROWS(핵심인력_경력),1)="A")*1)+SUMPRODUCT((OFFSET(핵심인력_경력,0,0,ROWS(핵심인력_경력),1)=$D18)*1, OFFSET(핵심인력_경력,0,9,ROWS(핵심인력_경력),1), (OFFSET(핵심인력_경력,0,10,ROWS(핵심인력_경력),1)="B")*1)*0.7, SUMPRODUCT((OFFSET(일반인력_경력,0,0,ROWS(일반인력_경력),1)=$D18)*1, OFFSET(일반인력_경력,0,9,ROWS(일반인력_경력),1), (OFFSET(일반인력_경력,0,10,ROWS(일반인력_경력),1)="A")*1)+SUMPRODUCT((OFFSET(일반인력_경력,0,0,ROWS(일반인력_경력),1)=$D18)*1, OFFSET(일반인력_경력,0,9,ROWS(일반인력_경력),1), (OFFSET(일반인력_경력,0,10,ROWS(일반인력_경력),1)="B")*1)*0.7 ) ) | S18: =IF(ISBLANK($D18), "", IF(VLOOKUP($D18,참여인력_개요,11,FALSE)="관리인력", "", IF(N18="핵심운용인력", SUMPRODUCT((OFFSET(핵심인력_투자현황,0,0,ROWS(핵심인력_투자현황),1)=$D18)*1, ISTEXT(OFFSET(핵심인력_투자현황,0,10,ROWS(핵심인력_투자현황),1))*1), SUMPRODUCT((OFFSET(일반인력_투자현황,0,0,ROWS(일반인력_투자현황),1)=$D18)*1, ISTEXT(OFFSET(일반인력_투자현황,0,10,ROWS(일반인력_투자현황),1))*1)) ) ) | T18: =IF(ISBLANK($D18), "", IF(VLOOKUP($D18,참여인력_개요,11,FALSE)="관리인력", "", IF(N18="핵심운용인력", SUMPRODUCT((OFFSET(핵심인력_투자현황,0,0,ROWS(핵심인력_투자현황),1)=$D18)*1, (OFFSET(핵심인력_투자현황,0,16,ROWS(핵심인력_투자현황),1)="회수료")*1), SUMPRODUCT((OFFSET(일반인력_투자현황,0,0,ROWS(일반인력_투자현황),1)=$D18)*1, (OFFSET(일반인력_투자현황,0,16,ROWS(일반인력_투자현황),1)="회수료")*1)))) | U18: =IF(ISBLANK($D18), "", IF(VLOOKUP($D18,참여인력_개요,11,FALSE)="관리인력", "", IF(N18="핵심운용인력", SUMPRODUCT((OFFSET(핵심인력_투자현황,0,0,ROWS(핵심인력_투자현황),1)=$D18)*1, OFFSET(핵심인력_투자현황,0,15,ROWS(핵심인력_투자현황),1)), SUMPRODUCT((OFFSET(일반인력_투자현황,0,0,ROWS(일반인력_투자현황),1)=$D18)*1, OFFSET(일반인력_투자현황,0,15,ROWS(일반인력_투자현황),1)) ))) | V18: =IF(ISBLANK($D18), "", IF(VLOOKUP($D18,참여인력_개요,11,FALSE)="관리인력", "", IF(N18="핵심운용인력", SUMPRODUCT((OFFSET(핵심인력_투자현황,0,0,ROWS(핵심인력_투자현황),1)=$D18)*1, OFFSET(핵심인력_투자현황,0,19,ROWS(핵심인력_투자현황),1)), SUMPRODUCT((OFFSET(일반인력_투자현황,0,0,ROWS(일반인력_투자현황),1)=$D18)*1, OFFSET(일반인력_투자현황,0,19,ROWS(일반인력_투자현황),1)) ))) | W18: =IF(ISBLANK($D18), "", IF(VLOOKUP($D18,참여인력_개요,11,FALSE)="관리인력", "", IF(N18="핵심운용인력", SUMPRODUCT((OFFSET(핵심인력_투자현황,0,0,ROWS(핵심인력_투자현황),1)=$D18)*1, OFFSET(핵심인력_투자현황,0,24,ROWS(핵심인력_투자현황),1)), SUMPRODUCT((OFFSET(일반인력_투자현황,0,0,ROWS(일반인력_투자현황),1)=$D18)*1, OFFSET(일반인력_투자현황,0,24,ROWS(일반인력_투자현황),1)) ))) | X18: =IF(ISBLANK($D18), "", IF(VLOOKUP($D18,참여인력_개요,11,FALSE)="관리인력", "", IF(N18="핵심운용인력", SUMPRODUCT((OFFSET(핵심인력_투자현황,0,0,ROWS(핵심인력_투자현황),1)=$D18)*1, OFFSET(핵심인력_투자현황,0,25,ROWS(핵심인력_투자현황),1)), SUMPRODUCT((OFFSET(일반인력_투자현황,0,0,ROWS(일반인력_투자현황),1)=$D18)*1, OFFSET(일반인력_투자현황,0,25,ROWS(일반인력_투자현황),1)) ))) | Y18: =IF(ISBLANK($D18), "", IF(VLOOKUP($D18,참여인력_개요,11,FALSE)="관리인력", "", IF(N18="핵심운용인력", SUMPRODUCT((OFFSET(핵심인력_투자현황,0,0,ROWS(핵심인력_투자현황),1)=$D18)*1, OFFSET(핵심인력_투자현황,0,15,ROWS(핵심인력_투자현황),1), OFFSET(핵심인력_투자현황,0,17,ROWS(핵심인력_투자현황),1))/U18, SUMPRODUCT((OFFSET(일반인력_투자현황,0,0,ROWS(일반인력_투자현황),1)=$D18)*1, OFFSET(일반인력_투자현황,0,15,ROWS(일반인력_투자현황),1), OFFSET(일반인력_투자현황,0,17,ROWS(일반인력_투자현황),1))/U18 ))) | Z18: =IF(ISBLANK($D18), "",IF(VLOOKUP($D18,참여인력_개요,11,FALSE)="관리인력", "", IF(N18="핵심운용인력", IF(SUMPRODUCT( (OFFSET(핵심인력_투자현황,0,0,ROWS(핵심인력_투자현황),1)=$D18)*1, OFFSET(핵심인력_투자현황,0,15,ROWS(핵심인력_투자현황),1), (OFFSET(핵심인력_투자현황,0,16,ROWS(핵심인력_투자현황),1)="회수료")*1 ) = 0, "N/A", SUMPRODUCT( (OFFSET(핵심인력_투자현황,0,0,ROWS(핵심인력_투자현황),1)=$D18)*1, OFFSET(핵심인력_투자현황,0,15,ROWS(핵심인력_투자현황),1), (OFFSET(핵심인력_투자현황,0,16,ROWS(핵심인력_투자현황),1)="회수료")*1, OFFSET(핵심인력_투자현황,0,17,ROWS(핵심인력_투자현황),1) ) / SUMPRODUCT( (OFFSET(핵심인력_투자현황,0,0,ROWS(핵심인력_투자현황),1)=$D18)*1, OFFSET(핵심인력_투자현황,0,15,ROWS(핵심인력_투자현황),1), (OFFSET(핵심인력_투자현황,0,16,ROWS(핵심인력_투자현황),1)="회수료")*1 ) ), IF(SUMPRODUCT( (OFFSET(일반인력_투자현황,0,0,ROWS(일반인력_투자현황),1)=$D18)*1, OFFSET(일반인력_투자현황,0,15,ROWS(일반인력_투자현황),1), (OFFSET(일반인력_투자현황,0,16,ROWS(일반인력_투자현황),1)="회수료")*1 ) = 0, "N/A", SUMPRODUCT( (OFFSET(일반인력_투자현황,0,0,ROWS(일반인력_투자현황),1)=$D18)*1, OFFSET(일반인력_투자현황,0,15,ROWS(일반인력_투자현황),1), (OFFSET(일반인력_투자현황,0,16,ROWS(일반인력_투자현황),1)="회수료")*1, OFFSET(일반인력_투자현황,0,17,ROWS(일반인력_투자현황),1) ) / SUMPRODUCT( (OFFSET(일반인력_투자현황,0,0,ROWS(일반인력_투자현황),1)=$D18)*1, OFFSET(일반인력_투자현황,0,15,ROWS(일반인력_투자현황),1), (OFFSET(일반인력_투자현황,0,16,ROWS(일반인력_투자현황),1)="회수료")*1 ) ) ))) | AA18: =IF(ISBLANK($D18), "", IF(VLOOKUP($D18,참여인력_개요,11,FALSE)="관리인력", "", SUMPRODUCT( (OFFSET(제안사_투자현황,0,21,ROWS(제안사_투자현황),1)=$D18)*1, (OFFSET(제안사_투자현황,0,8,ROWS(제안사_투자현황),1)<>"회수료")*1 ) )) | AB18: =IF(ISBLANK($D18), "", IF(VLOOKUP($D18,참여인력_개요,11,FALSE)="관리인력", "", SUMPRODUCT( (OFFSET(제안사_투자현황,0,21,ROWS(제안사_투자현황),1)=$D18)*1, (OFFSET(제안사_투자현황,0,9,ROWS(제안사_투자현황),1)<>"회수료")*1, OFFSET(제안사_투자현황,0,18,ROWS(제안사_투자현황),1) ) ) ) | AC18: =IF(ISBLANK($D18), "", IF(VLOOKUP($D18,참여인력_개요,11,FALSE)="관리인력", "", SUMPRODUCT( (OFFSET(제안사_투자현황,0,21,ROWS(제안사_투자현황),1)=$D18)*1, (OFFSET(제안사_투자현황,0,9,ROWS(제안사_투자현황),1)<>"회수료")*1, OFFSET(제안사_투자현황,0,19,ROWS(제안사_투자현황),1) ) ) )
R19: =IF(ISBLANK($D19), "", IF(N19="핵심운용인력", SUMPRODUCT((OFFSET(핵심인력_경력,0,0,ROWS(핵심인력_경력),1)=$D19)*1, OFFSET(핵심인력_경력,0,9,ROWS(핵심인력_경력),1), (OFFSET(핵심인력_경력,0,10,ROWS(핵심인력_경력),1)="A")*1)+SUMPRODUCT((OFFSET(핵심인력_경력,0,0,ROWS(핵심인력_경력),1)=$D19)*1, OFFSET(핵심인력_경력,0,9,ROWS(핵심인력_경력),1), (OFFSET(핵심인력_경력,0,10,ROWS(핵심인력_경력),1)="B")*1)*0.7, SUMPRODUCT((OFFSET(일반인력_경력,0,0,ROWS(일반인력_경력),1)=$D19)*1, OFFSET(일반인력_경력,0,9,ROWS(일반인력_경력),1), (OFFSET(일반인력_경력,0,10,ROWS(일반인력_경력),1)="A")*1)+SUMPRODUCT((OFFSET(일반인력_경력,0,0,ROWS(일반인력_경력),1)=$D19)*1, OFFSET(일반인력_경력,0,9,ROWS(일반인력_경력),1), (OFFSET(일반인력_경력,0,10,ROWS(일반인력_경력),1)="B")*1)*0.7 ) ) | S19: =IF(ISBLANK($D19), "", IF(VLOOKUP($D19,참여인력_개요,11,FALSE)="관리인력", "", IF(N19="핵심운용인력", SUMPRODUCT((OFFSET(핵심인력_투자현황,0,0,ROWS(핵심인력_투자현황),1)=$D19)*1, ISTEXT(OFFSET(핵심인력_투자현황,0,10,ROWS(핵심인력_투자현황),1))*1), SUMPRODUCT((OFFSET(일반인력_투자현황,0,0,ROWS(일반인력_투자현황),1)=$D19)*1, ISTEXT(OFFSET(일반인력_투자현황,0,10,ROWS(일반인력_투자현황),1))*1)) ) ) | T19: =IF(ISBLANK($D19), "", IF(VLOOKUP($D19,참여인력_개요,11,FALSE)="관리인력", "", IF(N19="핵심운용인력", SUMPRODUCT((OFFSET(핵심인력_투자현황,0,0,ROWS(핵심인력_투자현황),1)=$D19)*1, (OFFSET(핵심인력_투자현황,0,16,ROWS(핵심인력_투자현황),1)="회수료")*1), SUMPRODUCT((OFFSET(일반인력_투자현황,0,0,ROWS(일반인력_투자현황),1)=$D19)*1, (OFFSET(일반인력_투자현황,0,16,ROWS(일반인력_투자현황),1)="회수료")*1)))) | U19: =IF(ISBLANK($D19), "", IF(VLOOKUP($D19,참여인력_개요,11,FALSE)="관리인력", "", IF(N19="핵심운용인력", SUMPRODUCT((OFFSET(핵심인력_투자현황,0,0,ROWS(핵심인력_투자현황),1)=$D19)*1, OFFSET(핵심인력_투자현황,0,15,ROWS(핵심인력_투자현황),1)), SUMPRODUCT((OFFSET(일반인력_투자현황,0,0,ROWS(일반인력_투자현황),1)=$D19)*1, OFFSET(일반인력_투자현황,0,15,ROWS(일반인력_투자현황),1)) ))) | V19: =IF(ISBLANK($D19), "", IF(VLOOKUP($D19,참여인력_개요,11,FALSE)="관리인력", "", IF(N19="핵심운용인력", SUMPRODUCT((OFFSET(핵심인력_투자현황,0,0,ROWS(핵심인력_투자현황),1)=$D19)*1, OFFSET(핵심인력_투자현황,0,19,ROWS(핵심인력_투자현황),1)), SUMPRODUCT((OFFSET(일반인력_투자현황,0,0,ROWS(일반인력_투자현황),1)=$D19)*1, OFFSET(일반인력_투자현황,0,19,ROWS(일반인력_투자현황),1)) ))) | W19: =IF(ISBLANK($D19), "", IF(VLOOKUP($D19,참여인력_개요,11,FALSE)="관리인력", "", IF(N19="핵심운용인력", SUMPRODUCT((OFFSET(핵심인력_투자현황,0,0,ROWS(핵심인력_투자현황),1)=$D19)*1, OFFSET(핵심인력_투자현황,0,24,ROWS(핵심인력_투자현황),1)), SUMPRODUCT((OFFSET(일반인력_투자현황,0,0,ROWS(일반인력_투자현황),1)=$D19)*1, OFFSET(일반인력_투자현황,0,24,ROWS(일반인력_투자현황),1)) ))) | X19: =IF(ISBLANK($D19), "", IF(VLOOKUP($D19,참여인력_개요,11,FALSE)="관리인력", "", IF(N19="핵심운용인력", SUMPRODUCT((OFFSET(핵심인력_투자현황,0,0,ROWS(핵심인력_투자현황),1)=$D19)*1, OFFSET(핵심인력_투자현황,0,25,ROWS(핵심인력_투자현황),1)), SUMPRODUCT((OFFSET(일반인력_투자현황,0,0,ROWS(일반인력_투자현황),1)=$D19)*1, OFFSET(일반인력_투자현황,0,25,ROWS(일반인력_투자현황),1)) ))) | Y19: =IF(ISBLANK($D19), "", IF(VLOOKUP($D19,참여인력_개요,11,FALSE)="관리인력", "", IF(N19="핵심운용인력", SUMPRODUCT((OFFSET(핵심인력_투자현황,0,0,ROWS(핵심인력_투자현황),1)=$D19)*1, OFFSET(핵심인력_투자현황,0,15,ROWS(핵심인력_투자현황),1), OFFSET(핵심인력_투자현황,0,17,ROWS(핵심인력_투자현황),1))/U19, SUMPRODUCT((OFFSET(일반인력_투자현황,0,0,ROWS(일반인력_투자현황),1)=$D19)*1, OFFSET(일반인력_투자현황,0,15,ROWS(일반인력_투자현황),1), OFFSET(일반인력_투자현황,0,17,ROWS(일반인력_투자현황),1))/U19 ))) | Z19: =IF(ISBLANK($D19), "",IF(VLOOKUP($D19,참여인력_개요,11,FALSE)="관리인력", "", IF(N19="핵심운용인력", IF(SUMPRODUCT( (OFFSET(핵심인력_투자현황,0,0,ROWS(핵심인력_투자현황),1)=$D19)*1, OFFSET(핵심인력_투자현황,0,15,ROWS(핵심인력_투자현황),1), (OFFSET(핵심인력_투자현황,0,16,ROWS(핵심인력_투자현황),1)="회수료")*1 ) = 0, "N/A", SUMPRODUCT( (OFFSET(핵심인력_투자현황,0,0,ROWS(핵심인력_투자현황),1)=$D19)*1, OFFSET(핵심인력_투자현황,0,15,ROWS(핵심인력_투자현황),1), (OFFSET(핵심인력_투자현황,0,16,ROWS(핵심인력_투자현황),1)="회수료")*1, OFFSET(핵심인력_투자현황,0,17,ROWS(핵심인력_투자현황),1) ) / SUMPRODUCT( (OFFSET(핵심인력_투자현황,0,0,ROWS(핵심인력_투자현황),1)=$D19)*1, OFFSET(핵심인력_투자현황,0,15,ROWS(핵심인력_투자현황),1), (OFFSET(핵심인력_투자현황,0,16,ROWS(핵심인력_투자현황),1)="회수료")*1 ) ), IF(SUMPRODUCT( (OFFSET(일반인력_투자현황,0,0,ROWS(일반인력_투자현황),1)=$D19)*1, OFFSET(일반인력_투자현황,0,15,ROWS(일반인력_투자현황),1), (OFFSET(일반인력_투자현황,0,16,ROWS(일반인력_투자현황),1)="회수료")*1 ) = 0, "N/A", SUMPRODUCT( (OFFSET(일반인력_투자현황,0,0,ROWS(일반인력_투자현황),1)=$D19)*1, OFFSET(일반인력_투자현황,0,15,ROWS(일반인력_투자현황),1), (OFFSET(일반인력_투자현황,0,16,ROWS(일반인력_투자현황),1)="회수료")*1, OFFSET(일반인력_투자현황,0,17,ROWS(일반인력_투자현황),1) ) / SUMPRODUCT( (OFFSET(일반인력_투자현황,0,0,ROWS(일반인력_투자현황),1)=$D19)*1, OFFSET(일반인력_투자현황,0,15,ROWS(일반인력_투자현황),1), (OFFSET(일반인력_투자현황,0,16,ROWS(일반인력_투자현황),1)="회수료")*1 ) ) ))) | AA19: =IF(ISBLANK($D19), "", IF(VLOOKUP($D19,참여인력_개요,11,FALSE)="관리인력", "", SUMPRODUCT( (OFFSET(제안사_투자현황,0,21,ROWS(제안사_투자현황),1)=$D19)*1, (OFFSET(제안사_투자현황,0,8,ROWS(제안사_투자현황),1)<>"회수료")*1 ) )) | AB19: =IF(ISBLANK($D19), "", IF(VLOOKUP($D19,참여인력_개요,11,FALSE)="관리인력", "", SUMPRODUCT( (OFFSET(제안사_투자현황,0,21,ROWS(제안사_투자현황),1)=$D19)*1, (OFFSET(제안사_투자현황,0,9,ROWS(제안사_투자현황),1)<>"회수료")*1, OFFSET(제안사_투자현황,0,18,ROWS(제안사_투자현황),1) ) ) ) | AC19: =IF(ISBLANK($D19), "", IF(VLOOKUP($D19,참여인력_개요,11,FALSE)="관리인력", "", SUMPRODUCT( (OFFSET(제안사_투자현황,0,21,ROWS(제안사_투자현황),1)=$D19)*1, (OFFSET(제안사_투자현황,0,9,ROWS(제안사_투자현황),1)<>"회수료")*1, OFFSET(제안사_투자현황,0,19,ROWS(제안사_투자현황),1) ) ) )
R20: =IF(ISBLANK($D20), "", IF(N20="핵심운용인력", SUMPRODUCT((OFFSET(핵심인력_경력,0,0,ROWS(핵심인력_경력),1)=$D20)*1, OFFSET(핵심인력_경력,0,9,ROWS(핵심인력_경력),1), (OFFSET(핵심인력_경력,0,10,ROWS(핵심인력_경력),1)="A")*1)+SUMPRODUCT((OFFSET(핵심인력_경력,0,0,ROWS(핵심인력_경력),1)=$D20)*1, OFFSET(핵심인력_경력,0,9,ROWS(핵심인력_경력),1), (OFFSET(핵심인력_경력,0,10,ROWS(핵심인력_경력),1)="B")*1)*0.7, SUMPRODUCT((OFFSET(일반인력_경력,0,0,ROWS(일반인력_경력),1)=$D20)*1, OFFSET(일반인력_경력,0,9,ROWS(일반인력_경력),1), (OFFSET(일반인력_경력,0,10,ROWS(일반인력_경력),1)="A")*1)+SUMPRODUCT((OFFSET(일반인력_경력,0,0,ROWS(일반인력_경력),1)=$D20)*1, OFFSET(일반인력_경력,0,9,ROWS(일반인력_경력),1), (OFFSET(일반인력_경력,0,10,ROWS(일반인력_경력),1)="B")*1)*0.7 ) ) | S20: =IF(ISBLANK($D20), "", IF(VLOOKUP($D20,참여인력_개요,11,FALSE)="관리인력", "", IF(N20="핵심운용인력", SUMPRODUCT((OFFSET(핵심인력_투자현황,0,0,ROWS(핵심인력_투자현황),1)=$D20)*1, ISTEXT(OFFSET(핵심인력_투자현황,0,10,ROWS(핵심인력_투자현황),1))*1), SUMPRODUCT((OFFSET(일반인력_투자현황,0,0,ROWS(일반인력_투자현황),1)=$D20)*1, ISTEXT(OFFSET(일반인력_투자현황,0,10,ROWS(일반인력_투자현황),1))*1)) ) ) | T20: =IF(ISBLANK($D20), "", IF(VLOOKUP($D20,참여인력_개요,11,FALSE)="관리인력", "", IF(N20="핵심운용인력", SUMPRODUCT((OFFSET(핵심인력_투자현황,0,0,ROWS(핵심인력_투자현황),1)=$D20)*1, (OFFSET(핵심인력_투자현황,0,16,ROWS(핵심인력_투자현황),1)="회수료")*1), SUMPRODUCT((OFFSET(일반인력_투자현황,0,0,ROWS(일반인력_투자현황),1)=$D20)*1, (OFFSET(일반인력_투자현황,0,16,ROWS(일반인력_투자현황),1)="회수료")*1)))) | U20: =IF(ISBLANK($D20), "", IF(VLOOKUP($D20,참여인력_개요,11,FALSE)="관리인력", "", IF(N20="핵심운용인력", SUMPRODUCT((OFFSET(핵심인력_투자현황,0,0,ROWS(핵심인력_투자현황),1)=$D20)*1, OFFSET(핵심인력_투자현황,0,15,ROWS(핵심인력_투자현황),1)), SUMPRODUCT((OFFSET(일반인력_투자현황,0,0,ROWS(일반인력_투자현황),1)=$D20)*1, OFFSET(일반인력_투자현황,0,15,ROWS(일반인력_투자현황),1)) ))) | V20: =IF(ISBLANK($D20), "", IF(VLOOKUP($D20,참여인력_개요,11,FALSE)="관리인력", "", IF(N20="핵심운용인력", SUMPRODUCT((OFFSET(핵심인력_투자현황,0,0,ROWS(핵심인력_투자현황),1)=$D20)*1, OFFSET(핵심인력_투자현황,0,19,ROWS(핵심인력_투자현황),1)), SUMPRODUCT((OFFSET(일반인력_투자현황,0,0,ROWS(일반인력_투자현황),1)=$D20)*1, OFFSET(일반인력_투자현황,0,19,ROWS(일반인력_투자현황),1)) ))) | W20: =IF(ISBLANK($D20), "", IF(VLOOKUP($D20,참여인력_개요,11,FALSE)="관리인력", "", IF(N20="핵심운용인력", SUMPRODUCT((OFFSET(핵심인력_투자현황,0,0,ROWS(핵심인력_투자현황),1)=$D20)*1, OFFSET(핵심인력_투자현황,0,24,ROWS(핵심인력_투자현황),1)), SUMPRODUCT((OFFSET(일반인력_투자현황,0,0,ROWS(일반인력_투자현황),1)=$D20)*1, OFFSET(일반인력_투자현황,0,24,ROWS(일반인력_투자현황),1)) ))) | X20: =IF(ISBLANK($D20), "", IF(VLOOKUP($D20,참여인력_개요,11,FALSE)="관리인력", "", IF(N20="핵심운용인력", SUMPRODUCT((OFFSET(핵심인력_투자현황,0,0,ROWS(핵심인력_투자현황),1)=$D20)*1, OFFSET(핵심인력_투자현황,0,25,ROWS(핵심인력_투자현황),1)), SUMPRODUCT((OFFSET(일반인력_투자현황,0,0,ROWS(일반인력_투자현황),1)=$D20)*1, OFFSET(일반인력_투자현황,0,25,ROWS(일반인력_투자현황),1)) ))) | Y20: =IF(ISBLANK($D20), "", IF(VLOOKUP($D20,참여인력_개요,11,FALSE)="관리인력", "", IF(N20="핵심운용인력", SUMPRODUCT((OFFSET(핵심인력_투자현황,0,0,ROWS(핵심인력_투자현황),1)=$D20)*1, OFFSET(핵심인력_투자현황,0,15,ROWS(핵심인력_투자현황),1), OFFSET(핵심인력_투자현황,0,17,ROWS(핵심인력_투자현황),1))/U20, SUMPRODUCT((OFFSET(일반인력_투자현황,0,0,ROWS(일반인력_투자현황),1)=$D20)*1, OFFSET(일반인력_투자현황,0,15,ROWS(일반인력_투자현황),1), OFFSET(일반인력_투자현황,0,17,ROWS(일반인력_투자현황),1))/U20 ))) | Z20: =IF(ISBLANK($D20), "",IF(VLOOKUP($D20,참여인력_개요,11,FALSE)="관리인력", "", IF(N20="핵심운용인력", IF(SUMPRODUCT( (OFFSET(핵심인력_투자현황,0,0,ROWS(핵심인력_투자현황),1)=$D20)*1, OFFSET(핵심인력_투자현황,0,15,ROWS(핵심인력_투자현황),1), (OFFSET(핵심인력_투자현황,0,16,ROWS(핵심인력_투자현황),1)="회수료")*1 ) = 0, "N/A", SUMPRODUCT( (OFFSET(핵심인력_투자현황,0,0,ROWS(핵심인력_투자현황),1)=$D20)*1, OFFSET(핵심인력_투자현황,0,15,ROWS(핵심인력_투자현황),1), (OFFSET(핵심인력_투자현황,0,16,ROWS(핵심인력_투자현황),1)="회수료")*1, OFFSET(핵심인력_투자현황,0,17,ROWS(핵심인력_투자현황),1) ) / SUMPRODUCT( (OFFSET(핵심인력_투자현황,0,0,ROWS(핵심인력_투자현황),1)=$D20)*1, OFFSET(핵심인력_투자현황,0,15,ROWS(핵심인력_투자현황),1), (OFFSET(핵심인력_투자현황,0,16,ROWS(핵심인력_투자현황),1)="회수료")*1 ) ), IF(SUMPRODUCT( (OFFSET(일반인력_투자현황,0,0,ROWS(일반인력_투자현황),1)=$D20)*1, OFFSET(일반인력_투자현황,0,15,ROWS(일반인력_투자현황),1), (OFFSET(일반인력_투자현황,0,16,ROWS(일반인력_투자현황),1)="회수료")*1 ) = 0, "N/A", SUMPRODUCT( (OFFSET(일반인력_투자현황,0,0,ROWS(일반인력_투자현황),1)=$D20)*1, OFFSET(일반인력_투자현황,0,15,ROWS(일반인력_투자현황),1), (OFFSET(일반인력_투자현황,0,16,ROWS(일반인력_투자현황),1)="회수료")*1, OFFSET(일반인력_투자현황,0,17,ROWS(일반인력_투자현황),1) ) / SUMPRODUCT( (OFFSET(일반인력_투자현황,0,0,ROWS(일반인력_투자현황),1)=$D20)*1, OFFSET(일반인력_투자현황,0,15,ROWS(일반인력_투자현황),1), (OFFSET(일반인력_투자현황,0,16,ROWS(일반인력_투자현황),1)="회수료")*1 ) ) ))) | AA20: =IF(ISBLANK($D20), "", IF(VLOOKUP($D20,참여인력_개요,11,FALSE)="관리인력", "", SUMPRODUCT( (OFFSET(제안사_투자현황,0,21,ROWS(제안사_투자현황),1)=$D20)*1, (OFFSET(제안사_투자현황,0,8,ROWS(제안사_투자현황),1)<>"회수료")*1 ) )) | AB20: =IF(ISBLANK($D20), "", IF(VLOOKUP($D20,참여인력_개요,11,FALSE)="관리인력", "", SUMPRODUCT( (OFFSET(제안사_투자현황,0,21,ROWS(제안사_투자현황),1)=$D20)*1, (OFFSET(제안사_투자현황,0,9,ROWS(제안사_투자현황),1)<>"회수료")*1, OFFSET(제안사_투자현황,0,18,ROWS(제안사_투자현황),1) ) ) ) | AC20: =IF(ISBLANK($D20), "", IF(VLOOKUP($D20,참여인력_개요,11,FALSE)="관리인력", "", SUMPRODUCT( (OFFSET(제안사_투자현황,0,21,ROWS(제안사_투자현황),1)=$D20)*1, (OFFSET(제안사_투자현황,0,9,ROWS(제안사_투자현황),1)<>"회수료")*1, OFFSET(제안사_투자현황,0,19,ROWS(제안사_투자현황),1) ) ) )
R21: =IF(ISBLANK($D21), "", IF(N21="핵심운용인력", SUMPRODUCT((OFFSET(핵심인력_경력,0,0,ROWS(핵심인력_경력),1)=$D21)*1, OFFSET(핵심인력_경력,0,9,ROWS(핵심인력_경력),1), (OFFSET(핵심인력_경력,0,10,ROWS(핵심인력_경력),1)="A")*1)+SUMPRODUCT((OFFSET(핵심인력_경력,0,0,ROWS(핵심인력_경력),1)=$D21)*1, OFFSET(핵심인력_경력,0,9,ROWS(핵심인력_경력),1), (OFFSET(핵심인력_경력,0,10,ROWS(핵심인력_경력),1)="B")*1)*0.7, SUMPRODUCT((OFFSET(일반인력_경력,0,0,ROWS(일반인력_경력),1)=$D21)*1, OFFSET(일반인력_경력,0,9,ROWS(일반인력_경력),1), (OFFSET(일반인력_경력,0,10,ROWS(일반인력_경력),1)="A")*1)+SUMPRODUCT((OFFSET(일반인력_경력,0,0,ROWS(일반인력_경력),1)=$D21)*1, OFFSET(일반인력_경력,0,9,ROWS(일반인력_경력),1), (OFFSET(일반인력_경력,0,10,ROWS(일반인력_경력),1)="B")*1)*0.7 ) ) | S21: =IF(ISBLANK($D21), "", IF(VLOOKUP($D21,참여인력_개요,11,FALSE)="관리인력", "", IF(N21="핵심운용인력", SUMPRODUCT((OFFSET(핵심인력_투자현황,0,0,ROWS(핵심인력_투자현황),1)=$D21)*1, ISTEXT(OFFSET(핵심인력_투자현황,0,10,ROWS(핵심인력_투자현황),1))*1), SUMPRODUCT((OFFSET(일반인력_투자현황,0,0,ROWS(일반인력_투자현황),1)=$D21)*1, ISTEXT(OFFSET(일반인력_투자현황,0,10,ROWS(일반인력_투자현황),1))*1)) ) ) | T21: =IF(ISBLANK($D21), "", IF(VLOOKUP($D21,참여인력_개요,11,FALSE)="관리인력", "", IF(N21="핵심운용인력", SUMPRODUCT((OFFSET(핵심인력_투자현황,0,0,ROWS(핵심인력_투자현황),1)=$D21)*1, (OFFSET(핵심인력_투자현황,0,16,ROWS(핵심인력_투자현황),1)="회수료")*1), SUMPRODUCT((OFFSET(일반인력_투자현황,0,0,ROWS(일반인력_투자현황),1)=$D21)*1, (OFFSET(일반인력_투자현황,0,16,ROWS(일반인력_투자현황),1)="회수료")*1)))) | U21: =IF(ISBLANK($D21), "", IF(VLOOKUP($D21,참여인력_개요,11,FALSE)="관리인력", "", IF(N21="핵심운용인력", SUMPRODUCT((OFFSET(핵심인력_투자현황,0,0,ROWS(핵심인력_투자현황),1)=$D21)*1, OFFSET(핵심인력_투자현황,0,15,ROWS(핵심인력_투자현황),1)), SUMPRODUCT((OFFSET(일반인력_투자현황,0,0,ROWS(일반인력_투자현황),1)=$D21)*1, OFFSET(일반인력_투자현황,0,15,ROWS(일반인력_투자현황),1)) ))) | V21: =IF(ISBLANK($D21), "", IF(VLOOKUP($D21,참여인력_개요,11,FALSE)="관리인력", "", IF(N21="핵심운용인력", SUMPRODUCT((OFFSET(핵심인력_투자현황,0,0,ROWS(핵심인력_투자현황),1)=$D21)*1, OFFSET(핵심인력_투자현황,0,19,ROWS(핵심인력_투자현황),1)), SUMPRODUCT((OFFSET(일반인력_투자현황,0,0,ROWS(일반인력_투자현황),1)=$D21)*1, OFFSET(일반인력_투자현황,0,19,ROWS(일반인력_투자현황),1)) ))) | W21: =IF(ISBLANK($D21), "", IF(VLOOKUP($D21,참여인력_개요,11,FALSE)="관리인력", "", IF(N21="핵심운용인력", SUMPRODUCT((OFFSET(핵심인력_투자현황,0,0,ROWS(핵심인력_투자현황),1)=$D21)*1, OFFSET(핵심인력_투자현황,0,24,ROWS(핵심인력_투자현황),1)), SUMPRODUCT((OFFSET(일반인력_투자현황,0,0,ROWS(일반인력_투자현황),1)=$D21)*1, OFFSET(일반인력_투자현황,0,24,ROWS(일반인력_투자현황),1)) ))) | X21: =IF(ISBLANK($D21), "", IF(VLOOKUP($D21,참여인력_개요,11,FALSE)="관리인력", "", IF(N21="핵심운용인력", SUMPRODUCT((OFFSET(핵심인력_투자현황,0,0,ROWS(핵심인력_투자현황),1)=$D21)*1, OFFSET(핵심인력_투자현황,0,25,ROWS(핵심인력_투자현황),1)), SUMPRODUCT((OFFSET(일반인력_투자현황,0,0,ROWS(일반인력_투자현황),1)=$D21)*1, OFFSET(일반인력_투자현황,0,25,ROWS(일반인력_투자현황),1)) ))) | Y21: =IF(ISBLANK($D21), "", IF(VLOOKUP($D21,참여인력_개요,11,FALSE)="관리인력", "", IF(N21="핵심운용인력", SUMPRODUCT((OFFSET(핵심인력_투자현황,0,0,ROWS(핵심인력_투자현황),1)=$D21)*1, OFFSET(핵심인력_투자현황,0,15,ROWS(핵심인력_투자현황),1), OFFSET(핵심인력_투자현황,0,17,ROWS(핵심인력_투자현황),1))/U21, SUMPRODUCT((OFFSET(일반인력_투자현황,0,0,ROWS(일반인력_투자현황),1)=$D21)*1, OFFSET(일반인력_투자현황,0,15,ROWS(일반인력_투자현황),1), OFFSET(일반인력_투자현황,0,17,ROWS(일반인력_투자현황),1))/U21 ))) | Z21: =IF(ISBLANK($D21), "",IF(VLOOKUP($D21,참여인력_개요,11,FALSE)="관리인력", "", IF(N21="핵심운용인력", IF(SUMPRODUCT( (OFFSET(핵심인력_투자현황,0,0,ROWS(핵심인력_투자현황),1)=$D21)*1, OFFSET(핵심인력_투자현황,0,15,ROWS(핵심인력_투자현황),1), (OFFSET(핵심인력_투자현황,0,16,ROWS(핵심인력_투자현황),1)="회수료")*1 ) = 0, "N/A", SUMPRODUCT( (OFFSET(핵심인력_투자현황,0,0,ROWS(핵심인력_투자현황),1)=$D21)*1, OFFSET(핵심인력_투자현황,0,15,ROWS(핵심인력_투자현황),1), (OFFSET(핵심인력_투자현황,0,16,ROWS(핵심인력_투자현황),1)="회수료")*1, OFFSET(핵심인력_투자현황,0,17,ROWS(핵심인력_투자현황),1) ) / SUMPRODUCT( (OFFSET(핵심인력_투자현황,0,0,ROWS(핵심인력_투자현황),1)=$D21)*1, OFFSET(핵심인력_투자현황,0,15,ROWS(핵심인력_투자현황),1), (OFFSET(핵심인력_투자현황,0,16,ROWS(핵심인력_투자현황),1)="회수료")*1 ) ), IF(SUMPRODUCT( (OFFSET(일반인력_투자현황,0,0,ROWS(일반인력_투자현황),1)=$D21)*1, OFFSET(일반인력_투자현황,0,15,ROWS(일반인력_투자현황),1), (OFFSET(일반인력_투자현황,0,16,ROWS(일반인력_투자현황),1)="회수료")*1 ) = 0, "N/A", SUMPRODUCT( (OFFSET(일반인력_투자현황,0,0,ROWS(일반인력_투자현황),1)=$D21)*1, OFFSET(일반인력_투자현황,0,15,ROWS(일반인력_투자현황),1), (OFFSET(일반인력_투자현황,0,16,ROWS(일반인력_투자현황),1)="회수료")*1, OFFSET(일반인력_투자현황,0,17,ROWS(일반인력_투자현황),1) ) / SUMPRODUCT( (OFFSET(일반인력_투자현황,0,0,ROWS(일반인력_투자현황),1)=$D21)*1, OFFSET(일반인력_투자현황,0,15,ROWS(일반인력_투자현황),1), (OFFSET(일반인력_투자현황,0,16,ROWS(일반인력_투자현황),1)="회수료")*1 ) ) ))) | AA21: =IF(ISBLANK($D21), "", IF(VLOOKUP($D21,참여인력_개요,11,FALSE)="관리인력", "", SUMPRODUCT( (OFFSET(제안사_투자현황,0,21,ROWS(제안사_투자현황),1)=$D21)*1, (OFFSET(제안사_투자현황,0,8,ROWS(제안사_투자현황),1)<>"회수료")*1 ) )) | AB21: =IF(ISBLANK($D21), "", IF(VLOOKUP($D21,참여인력_개요,11,FALSE)="관리인력", "", SUMPRODUCT( (OFFSET(제안사_투자현황,0,21,ROWS(제안사_투자현황),1)=$D21)*1, (OFFSET(제안사_투자현황,0,9,ROWS(제안사_투자현황),1)<>"회수료")*1, OFFSET(제안사_투자현황,0,18,ROWS(제안사_투자현황),1) ) ) ) | AC21: =IF(ISBLANK($D21), "", IF(VLOOKUP($D21,참여인력_개요,11,FALSE)="관리인력", "", SUMPRODUCT( (OFFSET(제안사_투자현황,0,21,ROWS(제안사_투자현황),1)=$D21)*1, (OFFSET(제안사_투자현황,0,9,ROWS(제안사_투자현황),1)<>"회수료")*1, OFFSET(제안사_투자현황,0,19,ROWS(제안사_투자현황),1) ) ) )
R22: =IF(ISBLANK($D22), "", IF(N22="핵심운용인력", SUMPRODUCT((OFFSET(핵심인력_경력,0,0,ROWS(핵심인력_경력),1)=$D22)*1, OFFSET(핵심인력_경력,0,9,ROWS(핵심인력_경력),1), (OFFSET(핵심인력_경력,0,10,ROWS(핵심인력_경력),1)="A")*1)+SUMPRODUCT((OFFSET(핵심인력_경력,0,0,ROWS(핵심인력_경력),1)=$D22)*1, OFFSET(핵심인력_경력,0,9,ROWS(핵심인력_경력),1), (OFFSET(핵심인력_경력,0,10,ROWS(핵심인력_경력),1)="B")*1)*0.7, SUMPRODUCT((OFFSET(일반인력_경력,0,0,ROWS(일반인력_경력),1)=$D22)*1, OFFSET(일반인력_경력,0,9,ROWS(일반인력_경력),1), (OFFSET(일반인력_경력,0,10,ROWS(일반인력_경력),1)="A")*1)+SUMPRODUCT((OFFSET(일반인력_경력,0,0,ROWS(일반인력_경력),1)=$D22)*1, OFFSET(일반인력_경력,0,9,ROWS(일반인력_경력),1), (OFFSET(일반인력_경력,0,10,ROWS(일반인력_경력),1)="B")*1)*0.7 ) ) | S22: =IF(ISBLANK($D22), "", IF(VLOOKUP($D22,참여인력_개요,11,FALSE)="관리인력", "", IF(N22="핵심운용인력", SUMPRODUCT((OFFSET(핵심인력_투자현황,0,0,ROWS(핵심인력_투자현황),1)=$D22)*1, ISTEXT(OFFSET(핵심인력_투자현황,0,10,ROWS(핵심인력_투자현황),1))*1), SUMPRODUCT((OFFSET(일반인력_투자현황,0,0,ROWS(일반인력_투자현황),1)=$D22)*1, ISTEXT(OFFSET(일반인력_투자현황,0,10,ROWS(일반인력_투자현황),1))*1)) ) ) | T22: =IF(ISBLANK($D22), "", IF(VLOOKUP($D22,참여인력_개요,11,FALSE)="관리인력", "", IF(N22="핵심운용인력", SUMPRODUCT((OFFSET(핵심인력_투자현황,0,0,ROWS(핵심인력_투자현황),1)=$D22)*1, (OFFSET(핵심인력_투자현황,0,16,ROWS(핵심인력_투자현황),1)="회수료")*1), SUMPRODUCT((OFFSET(일반인력_투자현황,0,0,ROWS(일반인력_투자현황),1)=$D22)*1, (OFFSET(일반인력_투자현황,0,16,ROWS(일반인력_투자현황),1)="회수료")*1)))) | U22: =IF(ISBLANK($D22), "", IF(VLOOKUP($D22,참여인력_개요,11,FALSE)="관리인력", "", IF(N22="핵심운용인력", SUMPRODUCT((OFFSET(핵심인력_투자현황,0,0,ROWS(핵심인력_투자현황),1)=$D22)*1, OFFSET(핵심인력_투자현황,0,15,ROWS(핵심인력_투자현황),1)), SUMPRODUCT((OFFSET(일반인력_투자현황,0,0,ROWS(일반인력_투자현황),1)=$D22)*1, OFFSET(일반인력_투자현황,0,15,ROWS(일반인력_투자현황),1)) ))) | V22: =IF(ISBLANK($D22), "", IF(VLOOKUP($D22,참여인력_개요,11,FALSE)="관리인력", "", IF(N22="핵심운용인력", SUMPRODUCT((OFFSET(핵심인력_투자현황,0,0,ROWS(핵심인력_투자현황),1)=$D22)*1, OFFSET(핵심인력_투자현황,0,19,ROWS(핵심인력_투자현황),1)), SUMPRODUCT((OFFSET(일반인력_투자현황,0,0,ROWS(일반인력_투자현황),1)=$D22)*1, OFFSET(일반인력_투자현황,0,19,ROWS(일반인력_투자현황),1)) ))) | W22: =IF(ISBLANK($D22), "", IF(VLOOKUP($D22,참여인력_개요,11,FALSE)="관리인력", "", IF(N22="핵심운용인력", SUMPRODUCT((OFFSET(핵심인력_투자현황,0,0,ROWS(핵심인력_투자현황),1)=$D22)*1, OFFSET(핵심인력_투자현황,0,24,ROWS(핵심인력_투자현황),1)), SUMPRODUCT((OFFSET(일반인력_투자현황,0,0,ROWS(일반인력_투자현황),1)=$D22)*1, OFFSET(일반인력_투자현황,0,24,ROWS(일반인력_투자현황),1)) ))) | X22: =IF(ISBLANK($D22), "", IF(VLOOKUP($D22,참여인력_개요,11,FALSE)="관리인력", "", IF(N22="핵심운용인력", SUMPRODUCT((OFFSET(핵심인력_투자현황,0,0,ROWS(핵심인력_투자현황),1)=$D22)*1, OFFSET(핵심인력_투자현황,0,25,ROWS(핵심인력_투자현황),1)), SUMPRODUCT((OFFSET(일반인력_투자현황,0,0,ROWS(일반인력_투자현황),1)=$D22)*1, OFFSET(일반인력_투자현황,0,25,ROWS(일반인력_투자현황),1)) ))) | Y22: =IF(ISBLANK($D22), "", IF(VLOOKUP($D22,참여인력_개요,11,FALSE)="관리인력", "", IF(N22="핵심운용인력", SUMPRODUCT((OFFSET(핵심인력_투자현황,0,0,ROWS(핵심인력_투자현황),1)=$D22)*1, OFFSET(핵심인력_투자현황,0,15,ROWS(핵심인력_투자현황),1), OFFSET(핵심인력_투자현황,0,17,ROWS(핵심인력_투자현황),1))/U22, SUMPRODUCT((OFFSET(일반인력_투자현황,0,0,ROWS(일반인력_투자현황),1)=$D22)*1, OFFSET(일반인력_투자현황,0,15,ROWS(일반인력_투자현황),1), OFFSET(일반인력_투자현황,0,17,ROWS(일반인력_투자현황),1))/U22 ))) | Z22: =IF(ISBLANK($D22), "",IF(VLOOKUP($D22,참여인력_개요,11,FALSE)="관리인력", "", IF(N22="핵심운용인력", IF(SUMPRODUCT( (OFFSET(핵심인력_투자현황,0,0,ROWS(핵심인력_투자현황),1)=$D22)*1, OFFSET(핵심인력_투자현황,0,15,ROWS(핵심인력_투자현황),1), (OFFSET(핵심인력_투자현황,0,16,ROWS(핵심인력_투자현황),1)="회수료")*1 ) = 0, "N/A", SUMPRODUCT( (OFFSET(핵심인력_투자현황,0,0,ROWS(핵심인력_투자현황),1)=$D22)*1, OFFSET(핵심인력_투자현황,0,15,ROWS(핵심인력_투자현황),1), (OFFSET(핵심인력_투자현황,0,16,ROWS(핵심인력_투자현황),1)="회수료")*1, OFFSET(핵심인력_투자현황,0,17,ROWS(핵심인력_투자현황),1) ) / SUMPRODUCT( (OFFSET(핵심인력_투자현황,0,0,ROWS(핵심인력_투자현황),1)=$D22)*1, OFFSET(핵심인력_투자현황,0,15,ROWS(핵심인력_투자현황),1), (OFFSET(핵심인력_투자현황,0,16,ROWS(핵심인력_투자현황),1)="회수료")*1 ) ), IF(SUMPRODUCT( (OFFSET(일반인력_투자현황,0,0,ROWS(일반인력_투자현황),1)=$D22)*1, OFFSET(일반인력_투자현황,0,15,ROWS(일반인력_투자현황),1), (OFFSET(일반인력_투자현황,0,16,ROWS(일반인력_투자현황),1)="회수료")*1 ) = 0, "N/A", SUMPRODUCT( (OFFSET(일반인력_투자현황,0,0,ROWS(일반인력_투자현황),1)=$D22)*1, OFFSET(일반인력_투자현황,0,15,ROWS(일반인력_투자현황),1), (OFFSET(일반인력_투자현황,0,16,ROWS(일반인력_투자현황),1)="회수료")*1, OFFSET(일반인력_투자현황,0,17,ROWS(일반인력_투자현황),1) ) / SUMPRODUCT( (OFFSET(일반인력_투자현황,0,0,ROWS(일반인력_투자현황),1)=$D22)*1, OFFSET(일반인력_투자현황,0,15,ROWS(일반인력_투자현황),1), (OFFSET(일반인력_투자현황,0,16,ROWS(일반인력_투자현황),1)="회수료")*1 ) ) ))) | AA22: =IF(ISBLANK($D22), "", IF(VLOOKUP($D22,참여인력_개요,11,FALSE)="관리인력", "", SUMPRODUCT( (OFFSET(제안사_투자현황,0,21,ROWS(제안사_투자현황),1)=$D22)*1, (OFFSET(제안사_투자현황,0,8,ROWS(제안사_투자현황),1)<>"회수료")*1 ) )) | AB22: =IF(ISBLANK($D22), "", IF(VLOOKUP($D22,참여인력_개요,11,FALSE)="관리인력", "", SUMPRODUCT( (OFFSET(제안사_투자현황,0,21,ROWS(제안사_투자현황),1)=$D22)*1, (OFFSET(제안사_투자현황,0,9,ROWS(제안사_투자현황),1)<>"회수료")*1, OFFSET(제안사_투자현황,0,18,ROWS(제안사_투자현황),1) ) ) ) | AC22: =IF(ISBLANK($D22), "", IF(VLOOKUP($D22,참여인력_개요,11,FALSE)="관리인력", "", SUMPRODUCT( (OFFSET(제안사_투자현황,0,21,ROWS(제안사_투자현황),1)=$D22)*1, (OFFSET(제안사_투자현황,0,9,ROWS(제안사_투자현황),1)<>"회수료")*1, OFFSET(제안사_투자현황,0,19,ROWS(제안사_투자현황),1) ) ) )
R23: =IF(ISBLANK($D23), "", IF(N23="핵심운용인력", SUMPRODUCT((OFFSET(핵심인력_경력,0,0,ROWS(핵심인력_경력),1)=$D23)*1, OFFSET(핵심인력_경력,0,9,ROWS(핵심인력_경력),1), (OFFSET(핵심인력_경력,0,10,ROWS(핵심인력_경력),1)="A")*1)+SUMPRODUCT((OFFSET(핵심인력_경력,0,0,ROWS(핵심인력_경력),1)=$D23)*1, OFFSET(핵심인력_경력,0,9,ROWS(핵심인력_경력),1), (OFFSET(핵심인력_경력,0,10,ROWS(핵심인력_경력),1)="B")*1)*0.7, SUMPRODUCT((OFFSET(일반인력_경력,0,0,ROWS(일반인력_경력),1)=$D23)*1, OFFSET(일반인력_경력,0,9,ROWS(일반인력_경력),1), (OFFSET(일반인력_경력,0,10,ROWS(일반인력_경력),1)="A")*1)+SUMPRODUCT((OFFSET(일반인력_경력,0,0,ROWS(일반인력_경력),1)=$D23)*1, OFFSET(일반인력_경력,0,9,ROWS(일반인력_경력),1), (OFFSET(일반인력_경력,0,10,ROWS(일반인력_경력),1)="B")*1)*0.7 ) ) | S23: =IF(ISBLANK($D23), "", IF(VLOOKUP($D23,참여인력_개요,11,FALSE)="관리인력", "", IF(N23="핵심운용인력", SUMPRODUCT((OFFSET(핵심인력_투자현황,0,0,ROWS(핵심인력_투자현황),1)=$D23)*1, ISTEXT(OFFSET(핵심인력_투자현황,0,10,ROWS(핵심인력_투자현황),1))*1), SUMPRODUCT((OFFSET(일반인력_투자현황,0,0,ROWS(일반인력_투자현황),1)=$D23)*1, ISTEXT(OFFSET(일반인력_투자현황,0,10,ROWS(일반인력_투자현황),1))*1)) ) ) | T23: =IF(ISBLANK($D23), "", IF(VLOOKUP($D23,참여인력_개요,11,FALSE)="관리인력", "", IF(N23="핵심운용인력", SUMPRODUCT((OFFSET(핵심인력_투자현황,0,0,ROWS(핵심인력_투자현황),1)=$D23)*1, (OFFSET(핵심인력_투자현황,0,16,ROWS(핵심인력_투자현황),1)="회수료")*1), SUMPRODUCT((OFFSET(일반인력_투자현황,0,0,ROWS(일반인력_투자현황),1)=$D23)*1, (OFFSET(일반인력_투자현황,0,16,ROWS(일반인력_투자현황),1)="회수료")*1)))) | U23: =IF(ISBLANK($D23), "", IF(VLOOKUP($D23,참여인력_개요,11,FALSE)="관리인력", "", IF(N23="핵심운용인력", SUMPRODUCT((OFFSET(핵심인력_투자현황,0,0,ROWS(핵심인력_투자현황),1)=$D23)*1, OFFSET(핵심인력_투자현황,0,15,ROWS(핵심인력_투자현황),1)), SUMPRODUCT((OFFSET(일반인력_투자현황,0,0,ROWS(일반인력_투자현황),1)=$D23)*1, OFFSET(일반인력_투자현황,0,15,ROWS(일반인력_투자현황),1)) ))) | V23: =IF(ISBLANK($D23), "", IF(VLOOKUP($D23,참여인력_개요,11,FALSE)="관리인력", "", IF(N23="핵심운용인력", SUMPRODUCT((OFFSET(핵심인력_투자현황,0,0,ROWS(핵심인력_투자현황),1)=$D23)*1, OFFSET(핵심인력_투자현황,0,19,ROWS(핵심인력_투자현황),1)), SUMPRODUCT((OFFSET(일반인력_투자현황,0,0,ROWS(일반인력_투자현황),1)=$D23)*1, OFFSET(일반인력_투자현황,0,19,ROWS(일반인력_투자현황),1)) ))) | W23: =IF(ISBLANK($D23), "", IF(VLOOKUP($D23,참여인력_개요,11,FALSE)="관리인력", "", IF(N23="핵심운용인력", SUMPRODUCT((OFFSET(핵심인력_투자현황,0,0,ROWS(핵심인력_투자현황),1)=$D23)*1, OFFSET(핵심인력_투자현황,0,24,ROWS(핵심인력_투자현황),1)), SUMPRODUCT((OFFSET(일반인력_투자현황,0,0,ROWS(일반인력_투자현황),1)=$D23)*1, OFFSET(일반인력_투자현황,0,24,ROWS(일반인력_투자현황),1)) ))) | X23: =IF(ISBLANK($D23), "", IF(VLOOKUP($D23,참여인력_개요,11,FALSE)="관리인력", "", IF(N23="핵심운용인력", SUMPRODUCT((OFFSET(핵심인력_투자현황,0,0,ROWS(핵심인력_투자현황),1)=$D23)*1, OFFSET(핵심인력_투자현황,0,25,ROWS(핵심인력_투자현황),1)), SUMPRODUCT((OFFSET(일반인력_투자현황,0,0,ROWS(일반인력_투자현황),1)=$D23)*1, OFFSET(일반인력_투자현황,0,25,ROWS(일반인력_투자현황),1)) ))) | Y23: =IF(ISBLANK($D23), "", IF(VLOOKUP($D23,참여인력_개요,11,FALSE)="관리인력", "", IF(N23="핵심운용인력", SUMPRODUCT((OFFSET(핵심인력_투자현황,0,0,ROWS(핵심인력_투자현황),1)=$D23)*1, OFFSET(핵심인력_투자현황,0,15,ROWS(핵심인력_투자현황),1), OFFSET(핵심인력_투자현황,0,17,ROWS(핵심인력_투자현황),1))/U23, SUMPRODUCT((OFFSET(일반인력_투자현황,0,0,ROWS(일반인력_투자현황),1)=$D23)*1, OFFSET(일반인력_투자현황,0,15,ROWS(일반인력_투자현황),1), OFFSET(일반인력_투자현황,0,17,ROWS(일반인력_투자현황),1))/U23 ))) | Z23: =IF(ISBLANK($D23), "",IF(VLOOKUP($D23,참여인력_개요,11,FALSE)="관리인력", "", IF(N23="핵심운용인력", IF(SUMPRODUCT( (OFFSET(핵심인력_투자현황,0,0,ROWS(핵심인력_투자현황),1)=$D23)*1, OFFSET(핵심인력_투자현황,0,15,ROWS(핵심인력_투자현황),1), (OFFSET(핵심인력_투자현황,0,16,ROWS(핵심인력_투자현황),1)="회수료")*1 ) = 0, "N/A", SUMPRODUCT( (OFFSET(핵심인력_투자현황,0,0,ROWS(핵심인력_투자현황),1)=$D23)*1, OFFSET(핵심인력_투자현황,0,15,ROWS(핵심인력_투자현황),1), (OFFSET(핵심인력_투자현황,0,16,ROWS(핵심인력_투자현황),1)="회수료")*1, OFFSET(핵심인력_투자현황,0,17,ROWS(핵심인력_투자현황),1) ) / SUMPRODUCT( (OFFSET(핵심인력_투자현황,0,0,ROWS(핵심인력_투자현황),1)=$D23)*1, OFFSET(핵심인력_투자현황,0,15,ROWS(핵심인력_투자현황),1), (OFFSET(핵심인력_투자현황,0,16,ROWS(핵심인력_투자현황),1)="회수료")*1 ) ), IF(SUMPRODUCT( (OFFSET(일반인력_투자현황,0,0,ROWS(일반인력_투자현황),1)=$D23)*1, OFFSET(일반인력_투자현황,0,15,ROWS(일반인력_투자현황),1), (OFFSET(일반인력_투자현황,0,16,ROWS(일반인력_투자현황),1)="회수료")*1 ) = 0, "N/A", SUMPRODUCT( (OFFSET(일반인력_투자현황,0,0,ROWS(일반인력_투자현황),1)=$D23)*1, OFFSET(일반인력_투자현황,0,15,ROWS(일반인력_투자현황),1), (OFFSET(일반인력_투자현황,0,16,ROWS(일반인력_투자현황),1)="회수료")*1, OFFSET(일반인력_투자현황,0,17,ROWS(일반인력_투자현황),1) ) / SUMPRODUCT( (OFFSET(일반인력_투자현황,0,0,ROWS(일반인력_투자현황),1)=$D23)*1, OFFSET(일반인력_투자현황,0,15,ROWS(일반인력_투자현황),1), (OFFSET(일반인력_투자현황,0,16,ROWS(일반인력_투자현황),1)="회수료")*1 ) ) ))) | AA23: =IF(ISBLANK($D23), "", IF(VLOOKUP($D23,참여인력_개요,11,FALSE)="관리인력", "", SUMPRODUCT( (OFFSET(제안사_투자현황,0,21,ROWS(제안사_투자현황),1)=$D23)*1, (OFFSET(제안사_투자현황,0,8,ROWS(제안사_투자현황),1)<>"회수료")*1 ) )) | AB23: =IF(ISBLANK($D23), "", IF(VLOOKUP($D23,참여인력_개요,11,FALSE)="관리인력", "", SUMPRODUCT( (OFFSET(제안사_투자현황,0,21,ROWS(제안사_투자현황),1)=$D23)*1, (OFFSET(제안사_투자현황,0,9,ROWS(제안사_투자현황),1)<>"회수료")*1, OFFSET(제안사_투자현황,0,18,ROWS(제안사_투자현황),1) ) ) ) | AC23: =IF(ISBLANK($D23), "", IF(VLOOKUP($D23,참여인력_개요,11,FALSE)="관리인력", "", SUMPRODUCT( (OFFSET(제안사_투자현황,0,21,ROWS(제안사_투자현황),1)=$D23)*1, (OFFSET(제안사_투자현황,0,9,ROWS(제안사_투자현황),1)<>"회수료")*1, OFFSET(제안사_투자현황,0,19,ROWS(제안사_투자현황),1) ) ) )
R24: =IF(ISBLANK($D24), "", IF(N24="핵심운용인력", SUMPRODUCT((OFFSET(핵심인력_경력,0,0,ROWS(핵심인력_경력),1)=$D24)*1, OFFSET(핵심인력_경력,0,9,ROWS(핵심인력_경력),1), (OFFSET(핵심인력_경력,0,10,ROWS(핵심인력_경력),1)="A")*1)+SUMPRODUCT((OFFSET(핵심인력_경력,0,0,ROWS(핵심인력_경력),1)=$D24)*1, OFFSET(핵심인력_경력,0,9,ROWS(핵심인력_경력),1), (OFFSET(핵심인력_경력,0,10,ROWS(핵심인력_경력),1)="B")*1)*0.7, SUMPRODUCT((OFFSET(일반인력_경력,0,0,ROWS(일반인력_경력),1)=$D24)*1, OFFSET(일반인력_경력,0,9,ROWS(일반인력_경력),1), (OFFSET(일반인력_경력,0,10,ROWS(일반인력_경력),1)="A")*1)+SUMPRODUCT((OFFSET(일반인력_경력,0,0,ROWS(일반인력_경력),1)=$D24)*1, OFFSET(일반인력_경력,0,9,ROWS(일반인력_경력),1), (OFFSET(일반인력_경력,0,10,ROWS(일반인력_경력),1)="B")*1)*0.7 ) ) | S24: =IF(ISBLANK($D24), "", IF(VLOOKUP($D24,참여인력_개요,11,FALSE)="관리인력", "", IF(N24="핵심운용인력", SUMPRODUCT((OFFSET(핵심인력_투자현황,0,0,ROWS(핵심인력_투자현황),1)=$D24)*1, ISTEXT(OFFSET(핵심인력_투자현황,0,10,ROWS(핵심인력_투자현황),1))*1), SUMPRODUCT((OFFSET(일반인력_투자현황,0,0,ROWS(일반인력_투자현황),1)=$D24)*1, ISTEXT(OFFSET(일반인력_투자현황,0,10,ROWS(일반인력_투자현황),1))*1)) ) ) | T24: =IF(ISBLANK($D24), "", IF(VLOOKUP($D24,참여인력_개요,11,FALSE)="관리인력", "", IF(N24="핵심운용인력", SUMPRODUCT((OFFSET(핵심인력_투자현황,0,0,ROWS(핵심인력_투자현황),1)=$D24)*1, (OFFSET(핵심인력_투자현황,0,16,ROWS(핵심인력_투자현황),1)="회수료")*1), SUMPRODUCT((OFFSET(일반인력_투자현황,0,0,ROWS(일반인력_투자현황),1)=$D24)*1, (OFFSET(일반인력_투자현황,0,16,ROWS(일반인력_투자현황),1)="회수료")*1)))) | U24: =IF(ISBLANK($D24), "", IF(VLOOKUP($D24,참여인력_개요,11,FALSE)="관리인력", "", IF(N24="핵심운용인력", SUMPRODUCT((OFFSET(핵심인력_투자현황,0,0,ROWS(핵심인력_투자현황),1)=$D24)*1, OFFSET(핵심인력_투자현황,0,15,ROWS(핵심인력_투자현황),1)), SUMPRODUCT((OFFSET(일반인력_투자현황,0,0,ROWS(일반인력_투자현황),1)=$D24)*1, OFFSET(일반인력_투자현황,0,15,ROWS(일반인력_투자현황),1)) ))) | V24: =IF(ISBLANK($D24), "", IF(VLOOKUP($D24,참여인력_개요,11,FALSE)="관리인력", "", IF(N24="핵심운용인력", SUMPRODUCT((OFFSET(핵심인력_투자현황,0,0,ROWS(핵심인력_투자현황),1)=$D24)*1, OFFSET(핵심인력_투자현황,0,19,ROWS(핵심인력_투자현황),1)), SUMPRODUCT((OFFSET(일반인력_투자현황,0,0,ROWS(일반인력_투자현황),1)=$D24)*1, OFFSET(일반인력_투자현황,0,19,ROWS(일반인력_투자현황),1)) ))) | W24: =IF(ISBLANK($D24), "", IF(VLOOKUP($D24,참여인력_개요,11,FALSE)="관리인력", "", IF(N24="핵심운용인력", SUMPRODUCT((OFFSET(핵심인력_투자현황,0,0,ROWS(핵심인력_투자현황),1)=$D24)*1, OFFSET(핵심인력_투자현황,0,24,ROWS(핵심인력_투자현황),1)), SUMPRODUCT((OFFSET(일반인력_투자현황,0,0,ROWS(일반인력_투자현황),1)=$D24)*1, OFFSET(일반인력_투자현황,0,24,ROWS(일반인력_투자현황),1)) ))) | X24: =IF(ISBLANK($D24), "", IF(VLOOKUP($D24,참여인력_개요,11,FALSE)="관리인력", "", IF(N24="핵심운용인력", SUMPRODUCT((OFFSET(핵심인력_투자현황,0,0,ROWS(핵심인력_투자현황),1)=$D24)*1, OFFSET(핵심인력_투자현황,0,25,ROWS(핵심인력_투자현황),1)), SUMPRODUCT((OFFSET(일반인력_투자현황,0,0,ROWS(일반인력_투자현황),1)=$D24)*1, OFFSET(일반인력_투자현황,0,25,ROWS(일반인력_투자현황),1)) ))) | Y24: =IF(ISBLANK($D24), "", IF(VLOOKUP($D24,참여인력_개요,11,FALSE)="관리인력", "", IF(N24="핵심운용인력", SUMPRODUCT((OFFSET(핵심인력_투자현황,0,0,ROWS(핵심인력_투자현황),1)=$D24)*1, OFFSET(핵심인력_투자현황,0,15,ROWS(핵심인력_투자현황),1), OFFSET(핵심인력_투자현황,0,17,ROWS(핵심인력_투자현황),1))/U24, SUMPRODUCT((OFFSET(일반인력_투자현황,0,0,ROWS(일반인력_투자현황),1)=$D24)*1, OFFSET(일반인력_투자현황,0,15,ROWS(일반인력_투자현황),1), OFFSET(일반인력_투자현황,0,17,ROWS(일반인력_투자현황),1))/U24 ))) | Z24: =IF(ISBLANK($D24), "",IF(VLOOKUP($D24,참여인력_개요,11,FALSE)="관리인력", "", IF(N24="핵심운용인력", IF(SUMPRODUCT( (OFFSET(핵심인력_투자현황,0,0,ROWS(핵심인력_투자현황),1)=$D24)*1, OFFSET(핵심인력_투자현황,0,15,ROWS(핵심인력_투자현황),1), (OFFSET(핵심인력_투자현황,0,16,ROWS(핵심인력_투자현황),1)="회수료")*1 ) = 0, "N/A", SUMPRODUCT( (OFFSET(핵심인력_투자현황,0,0,ROWS(핵심인력_투자현황),1)=$D24)*1, OFFSET(핵심인력_투자현황,0,15,ROWS(핵심인력_투자현황),1), (OFFSET(핵심인력_투자현황,0,16,ROWS(핵심인력_투자현황),1)="회수료")*1, OFFSET(핵심인력_투자현황,0,17,ROWS(핵심인력_투자현황),1) ) / SUMPRODUCT( (OFFSET(핵심인력_투자현황,0,0,ROWS(핵심인력_투자현황),1)=$D24)*1, OFFSET(핵심인력_투자현황,0,15,ROWS(핵심인력_투자현황),1), (OFFSET(핵심인력_투자현황,0,16,ROWS(핵심인력_투자현황),1)="회수료")*1 ) ), IF(SUMPRODUCT( (OFFSET(일반인력_투자현황,0,0,ROWS(일반인력_투자현황),1)=$D24)*1, OFFSET(일반인력_투자현황,0,15,ROWS(일반인력_투자현황),1), (OFFSET(일반인력_투자현황,0,16,ROWS(일반인력_투자현황),1)="회수료")*1 ) = 0, "N/A", SUMPRODUCT( (OFFSET(일반인력_투자현황,0,0,ROWS(일반인력_투자현황),1)=$D24)*1, OFFSET(일반인력_투자현황,0,15,ROWS(일반인력_투자현황),1), (OFFSET(일반인력_투자현황,0,16,ROWS(일반인력_투자현황),1)="회수료")*1, OFFSET(일반인력_투자현황,0,17,ROWS(일반인력_투자현황),1) ) / SUMPRODUCT( (OFFSET(일반인력_투자현황,0,0,ROWS(일반인력_투자현황),1)=$D24)*1, OFFSET(일반인력_투자현황,0,15,ROWS(일반인력_투자현황),1), (OFFSET(일반인력_투자현황,0,16,ROWS(일반인력_투자현황),1)="회수료")*1 ) ) ))) | AA24: =IF(ISBLANK($D24), "", IF(VLOOKUP($D24,참여인력_개요,11,FALSE)="관리인력", "", SUMPRODUCT( (OFFSET(제안사_투자현황,0,21,ROWS(제안사_투자현황),1)=$D24)*1, (OFFSET(제안사_투자현황,0,8,ROWS(제안사_투자현황),1)<>"회수료")*1 ) )) | AB24: =IF(ISBLANK($D24), "", IF(VLOOKUP($D24,참여인력_개요,11,FALSE)="관리인력", "", SUMPRODUCT( (OFFSET(제안사_투자현황,0,21,ROWS(제안사_투자현황),1)=$D24)*1, (OFFSET(제안사_투자현황,0,9,ROWS(제안사_투자현황),1)<>"회수료")*1, OFFSET(제안사_투자현황,0,18,ROWS(제안사_투자현황),1) ) ) ) | AC24: =IF(ISBLANK($D24), "", IF(VLOOKUP($D24,참여인력_개요,11,FALSE)="관리인력", "", SUMPRODUCT( (OFFSET(제안사_투자현황,0,21,ROWS(제안사_투자현황),1)=$D24)*1, (OFFSET(제안사_투자현황,0,9,ROWS(제안사_투자현황),1)<>"회수료")*1, OFFSET(제안사_투자현황,0,19,ROWS(제안사_투자현황),1) ) ) )
R25: =IF(ISBLANK($D25), "", IF(N25="핵심운용인력", SUMPRODUCT((OFFSET(핵심인력_경력,0,0,ROWS(핵심인력_경력),1)=$D25)*1, OFFSET(핵심인력_경력,0,9,ROWS(핵심인력_경력),1), (OFFSET(핵심인력_경력,0,10,ROWS(핵심인력_경력),1)="A")*1)+SUMPRODUCT((OFFSET(핵심인력_경력,0,0,ROWS(핵심인력_경력),1)=$D25)*1, OFFSET(핵심인력_경력,0,9,ROWS(핵심인력_경력),1), (OFFSET(핵심인력_경력,0,10,ROWS(핵심인력_경력),1)="B")*1)*0.7, SUMPRODUCT((OFFSET(일반인력_경력,0,0,ROWS(일반인력_경력),1)=$D25)*1, OFFSET(일반인력_경력,0,9,ROWS(일반인력_경력),1), (OFFSET(일반인력_경력,0,10,ROWS(일반인력_경력),1)="A")*1)+SUMPRODUCT((OFFSET(일반인력_경력,0,0,ROWS(일반인력_경력),1)=$D25)*1, OFFSET(일반인력_경력,0,9,ROWS(일반인력_경력),1), (OFFSET(일반인력_경력,0,10,ROWS(일반인력_경력),1)="B")*1)*0.7 ) ) | S25: =IF(ISBLANK($D25), "", IF(VLOOKUP($D25,참여인력_개요,11,FALSE)="관리인력", "", IF(N25="핵심운용인력", SUMPRODUCT((OFFSET(핵심인력_투자현황,0,0,ROWS(핵심인력_투자현황),1)=$D25)*1, ISTEXT(OFFSET(핵심인력_투자현황,0,10,ROWS(핵심인력_투자현황),1))*1), SUMPRODUCT((OFFSET(일반인력_투자현황,0,0,ROWS(일반인력_투자현황),1)=$D25)*1, ISTEXT(OFFSET(일반인력_투자현황,0,10,ROWS(일반인력_투자현황),1))*1)) ) ) | T25: =IF(ISBLANK($D25), "", IF(VLOOKUP($D25,참여인력_개요,11,FALSE)="관리인력", "", IF(N25="핵심운용인력", SUMPRODUCT((OFFSET(핵심인력_투자현황,0,0,ROWS(핵심인력_투자현황),1)=$D25)*1, (OFFSET(핵심인력_투자현황,0,16,ROWS(핵심인력_투자현황),1)="회수료")*1), SUMPRODUCT((OFFSET(일반인력_투자현황,0,0,ROWS(일반인력_투자현황),1)=$D25)*1, (OFFSET(일반인력_투자현황,0,16,ROWS(일반인력_투자현황),1)="회수료")*1)))) | U25: =IF(ISBLANK($D25), "", IF(VLOOKUP($D25,참여인력_개요,11,FALSE)="관리인력", "", IF(N25="핵심운용인력", SUMPRODUCT((OFFSET(핵심인력_투자현황,0,0,ROWS(핵심인력_투자현황),1)=$D25)*1, OFFSET(핵심인력_투자현황,0,15,ROWS(핵심인력_투자현황),1)), SUMPRODUCT((OFFSET(일반인력_투자현황,0,0,ROWS(일반인력_투자현황),1)=$D25)*1, OFFSET(일반인력_투자현황,0,15,ROWS(일반인력_투자현황),1)) ))) | V25: =IF(ISBLANK($D25), "", IF(VLOOKUP($D25,참여인력_개요,11,FALSE)="관리인력", "", IF(N25="핵심운용인력", SUMPRODUCT((OFFSET(핵심인력_투자현황,0,0,ROWS(핵심인력_투자현황),1)=$D25)*1, OFFSET(핵심인력_투자현황,0,19,ROWS(핵심인력_투자현황),1)), SUMPRODUCT((OFFSET(일반인력_투자현황,0,0,ROWS(일반인력_투자현황),1)=$D25)*1, OFFSET(일반인력_투자현황,0,19,ROWS(일반인력_투자현황),1)) ))) | W25: =IF(ISBLANK($D25), "", IF(VLOOKUP($D25,참여인력_개요,11,FALSE)="관리인력", "", IF(N25="핵심운용인력", SUMPRODUCT((OFFSET(핵심인력_투자현황,0,0,ROWS(핵심인력_투자현황),1)=$D25)*1, OFFSET(핵심인력_투자현황,0,24,ROWS(핵심인력_투자현황),1)), SUMPRODUCT((OFFSET(일반인력_투자현황,0,0,ROWS(일반인력_투자현황),1)=$D25)*1, OFFSET(일반인력_투자현황,0,24,ROWS(일반인력_투자현황),1)) ))) | X25: =IF(ISBLANK($D25), "", IF(VLOOKUP($D25,참여인력_개요,11,FALSE)="관리인력", "", IF(N25="핵심운용인력", SUMPRODUCT((OFFSET(핵심인력_투자현황,0,0,ROWS(핵심인력_투자현황),1)=$D25)*1, OFFSET(핵심인력_투자현황,0,25,ROWS(핵심인력_투자현황),1)), SUMPRODUCT((OFFSET(일반인력_투자현황,0,0,ROWS(일반인력_투자현황),1)=$D25)*1, OFFSET(일반인력_투자현황,0,25,ROWS(일반인력_투자현황),1)) ))) | Y25: =IF(ISBLANK($D25), "", IF(VLOOKUP($D25,참여인력_개요,11,FALSE)="관리인력", "", IF(N25="핵심운용인력", SUMPRODUCT((OFFSET(핵심인력_투자현황,0,0,ROWS(핵심인력_투자현황),1)=$D25)*1, OFFSET(핵심인력_투자현황,0,15,ROWS(핵심인력_투자현황),1), OFFSET(핵심인력_투자현황,0,17,ROWS(핵심인력_투자현황),1))/U25, SUMPRODUCT((OFFSET(일반인력_투자현황,0,0,ROWS(일반인력_투자현황),1)=$D25)*1, OFFSET(일반인력_투자현황,0,15,ROWS(일반인력_투자현황),1), OFFSET(일반인력_투자현황,0,17,ROWS(일반인력_투자현황),1))/U25 ))) | Z25: =IF(ISBLANK($D25), "",IF(VLOOKUP($D25,참여인력_개요,11,FALSE)="관리인력", "", IF(N25="핵심운용인력", IF(SUMPRODUCT( (OFFSET(핵심인력_투자현황,0,0,ROWS(핵심인력_투자현황),1)=$D25)*1, OFFSET(핵심인력_투자현황,0,15,ROWS(핵심인력_투자현황),1), (OFFSET(핵심인력_투자현황,0,16,ROWS(핵심인력_투자현황),1)="회수료")*1 ) = 0, "N/A", SUMPRODUCT( (OFFSET(핵심인력_투자현황,0,0,ROWS(핵심인력_투자현황),1)=$D25)*1, OFFSET(핵심인력_투자현황,0,15,ROWS(핵심인력_투자현황),1), (OFFSET(핵심인력_투자현황,0,16,ROWS(핵심인력_투자현황),1)="회수료")*1, OFFSET(핵심인력_투자현황,0,17,ROWS(핵심인력_투자현황),1) ) / SUMPRODUCT( (OFFSET(핵심인력_투자현황,0,0,ROWS(핵심인력_투자현황),1)=$D25)*1, OFFSET(핵심인력_투자현황,0,15,ROWS(핵심인력_투자현황),1), (OFFSET(핵심인력_투자현황,0,16,ROWS(핵심인력_투자현황),1)="회수료")*1 ) ), IF(SUMPRODUCT( (OFFSET(일반인력_투자현황,0,0,ROWS(일반인력_투자현황),1)=$D25)*1, OFFSET(일반인력_투자현황,0,15,ROWS(일반인력_투자현황),1), (OFFSET(일반인력_투자현황,0,16,ROWS(일반인력_투자현황),1)="회수료")*1 ) = 0, "N/A", SUMPRODUCT( (OFFSET(일반인력_투자현황,0,0,ROWS(일반인력_투자현황),1)=$D25)*1, OFFSET(일반인력_투자현황,0,15,ROWS(일반인력_투자현황),1), (OFFSET(일반인력_투자현황,0,16,ROWS(일반인력_투자현황),1)="회수료")*1, OFFSET(일반인력_투자현황,0,17,ROWS(일반인력_투자현황),1) ) / SUMPRODUCT( (OFFSET(일반인력_투자현황,0,0,ROWS(일반인력_투자현황),1)=$D25)*1, OFFSET(일반인력_투자현황,0,15,ROWS(일반인력_투자현황),1), (OFFSET(일반인력_투자현황,0,16,ROWS(일반인력_투자현황),1)="회수료")*1 ) ) ))) | AA25: =IF(ISBLANK($D25), "", IF(VLOOKUP($D25,참여인력_개요,11,FALSE)="관리인력", "", SUMPRODUCT( (OFFSET(제안사_투자현황,0,21,ROWS(제안사_투자현황),1)=$D25)*1, (OFFSET(제안사_투자현황,0,8,ROWS(제안사_투자현황),1)<>"회수료")*1 ) )) | AB25: =IF(ISBLANK($D25), "", IF(VLOOKUP($D25,참여인력_개요,11,FALSE)="관리인력", "", SUMPRODUCT( (OFFSET(제안사_투자현황,0,21,ROWS(제안사_투자현황),1)=$D25)*1, (OFFSET(제안사_투자현황,0,9,ROWS(제안사_투자현황),1)<>"회수료")*1, OFFSET(제안사_투자현황,0,18,ROWS(제안사_투자현황),1) ) ) ) | AC25: =IF(ISBLANK($D25), "", IF(VLOOKUP($D25,참여인력_개요,11,FALSE)="관리인력", "", SUMPRODUCT( (OFFSET(제안사_투자현황,0,21,ROWS(제안사_투자현황),1)=$D25)*1, (OFFSET(제안사_투자현황,0,9,ROWS(제안사_투자현황),1)<>"회수료")*1, OFFSET(제안사_투자현황,0,19,ROWS(제안사_투자현황),1) ) ) )
R26: =IF(ISBLANK($D26), "", IF(N26="핵심운용인력", SUMPRODUCT((OFFSET(핵심인력_경력,0,0,ROWS(핵심인력_경력),1)=$D26)*1, OFFSET(핵심인력_경력,0,9,ROWS(핵심인력_경력),1), (OFFSET(핵심인력_경력,0,10,ROWS(핵심인력_경력),1)="A")*1)+SUMPRODUCT((OFFSET(핵심인력_경력,0,0,ROWS(핵심인력_경력),1)=$D26)*1, OFFSET(핵심인력_경력,0,9,ROWS(핵심인력_경력),1), (OFFSET(핵심인력_경력,0,10,ROWS(핵심인력_경력),1)="B")*1)*0.7, SUMPRODUCT((OFFSET(일반인력_경력,0,0,ROWS(일반인력_경력),1)=$D26)*1, OFFSET(일반인력_경력,0,9,ROWS(일반인력_경력),1), (OFFSET(일반인력_경력,0,10,ROWS(일반인력_경력),1)="A")*1)+SUMPRODUCT((OFFSET(일반인력_경력,0,0,ROWS(일반인력_경력),1)=$D26)*1, OFFSET(일반인력_경력,0,9,ROWS(일반인력_경력),1), (OFFSET(일반인력_경력,0,10,ROWS(일반인력_경력),1)="B")*1)*0.7 ) ) | S26: =IF(ISBLANK($D26), "", IF(VLOOKUP($D26,참여인력_개요,11,FALSE)="관리인력", "", IF(N26="핵심운용인력", SUMPRODUCT((OFFSET(핵심인력_투자현황,0,0,ROWS(핵심인력_투자현황),1)=$D26)*1, ISTEXT(OFFSET(핵심인력_투자현황,0,10,ROWS(핵심인력_투자현황),1))*1), SUMPRODUCT((OFFSET(일반인력_투자현황,0,0,ROWS(일반인력_투자현황),1)=$D26)*1, ISTEXT(OFFSET(일반인력_투자현황,0,10,ROWS(일반인력_투자현황),1))*1)) ) ) | T26: =IF(ISBLANK($D26), "", IF(VLOOKUP($D26,참여인력_개요,11,FALSE)="관리인력", "", IF(N26="핵심운용인력", SUMPRODUCT((OFFSET(핵심인력_투자현황,0,0,ROWS(핵심인력_투자현황),1)=$D26)*1, (OFFSET(핵심인력_투자현황,0,16,ROWS(핵심인력_투자현황),1)="회수료")*1), SUMPRODUCT((OFFSET(일반인력_투자현황,0,0,ROWS(일반인력_투자현황),1)=$D26)*1, (OFFSET(일반인력_투자현황,0,16,ROWS(일반인력_투자현황),1)="회수료")*1)))) | U26: =IF(ISBLANK($D26), "", IF(VLOOKUP($D26,참여인력_개요,11,FALSE)="관리인력", "", IF(N26="핵심운용인력", SUMPRODUCT((OFFSET(핵심인력_투자현황,0,0,ROWS(핵심인력_투자현황),1)=$D26)*1, OFFSET(핵심인력_투자현황,0,15,ROWS(핵심인력_투자현황),1)), SUMPRODUCT((OFFSET(일반인력_투자현황,0,0,ROWS(일반인력_투자현황),1)=$D26)*1, OFFSET(일반인력_투자현황,0,15,ROWS(일반인력_투자현황),1)) ))) | V26: =IF(ISBLANK($D26), "", IF(VLOOKUP($D26,참여인력_개요,11,FALSE)="관리인력", "", IF(N26="핵심운용인력", SUMPRODUCT((OFFSET(핵심인력_투자현황,0,0,ROWS(핵심인력_투자현황),1)=$D26)*1, OFFSET(핵심인력_투자현황,0,19,ROWS(핵심인력_투자현황),1)), SUMPRODUCT((OFFSET(일반인력_투자현황,0,0,ROWS(일반인력_투자현황),1)=$D26)*1, OFFSET(일반인력_투자현황,0,19,ROWS(일반인력_투자현황),1)) ))) | W26: =IF(ISBLANK($D26), "", IF(VLOOKUP($D26,참여인력_개요,11,FALSE)="관리인력", "", IF(N26="핵심운용인력", SUMPRODUCT((OFFSET(핵심인력_투자현황,0,0,ROWS(핵심인력_투자현황),1)=$D26)*1, OFFSET(핵심인력_투자현황,0,24,ROWS(핵심인력_투자현황),1)), SUMPRODUCT((OFFSET(일반인력_투자현황,0,0,ROWS(일반인력_투자현황),1)=$D26)*1, OFFSET(일반인력_투자현황,0,24,ROWS(일반인력_투자현황),1)) ))) | X26: =IF(ISBLANK($D26), "", IF(VLOOKUP($D26,참여인력_개요,11,FALSE)="관리인력", "", IF(N26="핵심운용인력", SUMPRODUCT((OFFSET(핵심인력_투자현황,0,0,ROWS(핵심인력_투자현황),1)=$D26)*1, OFFSET(핵심인력_투자현황,0,25,ROWS(핵심인력_투자현황),1)), SUMPRODUCT((OFFSET(일반인력_투자현황,0,0,ROWS(일반인력_투자현황),1)=$D26)*1, OFFSET(일반인력_투자현황,0,25,ROWS(일반인력_투자현황),1)) ))) | Y26: =IF(ISBLANK($D26), "", IF(VLOOKUP($D26,참여인력_개요,11,FALSE)="관리인력", "", IF(N26="핵심운용인력", SUMPRODUCT((OFFSET(핵심인력_투자현황,0,0,ROWS(핵심인력_투자현황),1)=$D26)*1, OFFSET(핵심인력_투자현황,0,15,ROWS(핵심인력_투자현황),1), OFFSET(핵심인력_투자현황,0,17,ROWS(핵심인력_투자현황),1))/U26, SUMPRODUCT((OFFSET(일반인력_투자현황,0,0,ROWS(일반인력_투자현황),1)=$D26)*1, OFFSET(일반인력_투자현황,0,15,ROWS(일반인력_투자현황),1), OFFSET(일반인력_투자현황,0,17,ROWS(일반인력_투자현황),1))/U26 ))) | Z26: =IF(ISBLANK($D26), "",IF(VLOOKUP($D26,참여인력_개요,11,FALSE)="관리인력", "", IF(N26="핵심운용인력", IF(SUMPRODUCT( (OFFSET(핵심인력_투자현황,0,0,ROWS(핵심인력_투자현황),1)=$D26)*1, OFFSET(핵심인력_투자현황,0,15,ROWS(핵심인력_투자현황),1), (OFFSET(핵심인력_투자현황,0,16,ROWS(핵심인력_투자현황),1)="회수료")*1 ) = 0, "N/A", SUMPRODUCT( (OFFSET(핵심인력_투자현황,0,0,ROWS(핵심인력_투자현황),1)=$D26)*1, OFFSET(핵심인력_투자현황,0,15,ROWS(핵심인력_투자현황),1), (OFFSET(핵심인력_투자현황,0,16,ROWS(핵심인력_투자현황),1)="회수료")*1, OFFSET(핵심인력_투자현황,0,17,ROWS(핵심인력_투자현황),1) ) / SUMPRODUCT( (OFFSET(핵심인력_투자현황,0,0,ROWS(핵심인력_투자현황),1)=$D26)*1, OFFSET(핵심인력_투자현황,0,15,ROWS(핵심인력_투자현황),1), (OFFSET(핵심인력_투자현황,0,16,ROWS(핵심인력_투자현황),1)="회수료")*1 ) ), IF(SUMPRODUCT( (OFFSET(일반인력_투자현황,0,0,ROWS(일반인력_투자현황),1)=$D26)*1, OFFSET(일반인력_투자현황,0,15,ROWS(일반인력_투자현황),1), (OFFSET(일반인력_투자현황,0,16,ROWS(일반인력_투자현황),1)="회수료")*1 ) = 0, "N/A", SUMPRODUCT( (OFFSET(일반인력_투자현황,0,0,ROWS(일반인력_투자현황),1)=$D26)*1, OFFSET(일반인력_투자현황,0,15,ROWS(일반인력_투자현황),1), (OFFSET(일반인력_투자현황,0,16,ROWS(일반인력_투자현황),1)="회수료")*1, OFFSET(일반인력_투자현황,0,17,ROWS(일반인력_투자현황),1) ) / SUMPRODUCT( (OFFSET(일반인력_투자현황,0,0,ROWS(일반인력_투자현황),1)=$D26)*1, OFFSET(일반인력_투자현황,0,15,ROWS(일반인력_투자현황),1), (OFFSET(일반인력_투자현황,0,16,ROWS(일반인력_투자현황),1)="회수료")*1 ) ) ))) | AA26: =IF(ISBLANK($D26), "", IF(VLOOKUP($D26,참여인력_개요,11,FALSE)="관리인력", "", SUMPRODUCT( (OFFSET(제안사_투자현황,0,21,ROWS(제안사_투자현황),1)=$D26)*1, (OFFSET(제안사_투자현황,0,8,ROWS(제안사_투자현황),1)<>"회수료")*1 ) )) | AB26: =IF(ISBLANK($D26), "", IF(VLOOKUP($D26,참여인력_개요,11,FALSE)="관리인력", "", SUMPRODUCT( (OFFSET(제안사_투자현황,0,21,ROWS(제안사_투자현황),1)=$D26)*1, (OFFSET(제안사_투자현황,0,9,ROWS(제안사_투자현황),1)<>"회수료")*1, OFFSET(제안사_투자현황,0,18,ROWS(제안사_투자현황),1) ) ) ) | AC26: =IF(ISBLANK($D26), "", IF(VLOOKUP($D26,참여인력_개요,11,FALSE)="관리인력", "", SUMPRODUCT( (OFFSET(제안사_투자현황,0,21,ROWS(제안사_투자현황),1)=$D26)*1, (OFFSET(제안사_투자현황,0,9,ROWS(제안사_투자현황),1)<>"회수료")*1, OFFSET(제안사_투자현황,0,19,ROWS(제안사_투자현황),1) ) ) )
R27: =IF(ISBLANK($D27), "", IF(N27="핵심운용인력", SUMPRODUCT((OFFSET(핵심인력_경력,0,0,ROWS(핵심인력_경력),1)=$D27)*1, OFFSET(핵심인력_경력,0,9,ROWS(핵심인력_경력),1), (OFFSET(핵심인력_경력,0,10,ROWS(핵심인력_경력),1)="A")*1)+SUMPRODUCT((OFFSET(핵심인력_경력,0,0,ROWS(핵심인력_경력),1)=$D27)*1, OFFSET(핵심인력_경력,0,9,ROWS(핵심인력_경력),1), (OFFSET(핵심인력_경력,0,10,ROWS(핵심인력_경력),1)="B")*1)*0.7, SUMPRODUCT((OFFSET(일반인력_경력,0,0,ROWS(일반인력_경력),1)=$D27)*1, OFFSET(일반인력_경력,0,9,ROWS(일반인력_경력),1), (OFFSET(일반인력_경력,0,10,ROWS(일반인력_경력),1)="A")*1)+SUMPRODUCT((OFFSET(일반인력_경력,0,0,ROWS(일반인력_경력),1)=$D27)*1, OFFSET(일반인력_경력,0,9,ROWS(일반인력_경력),1), (OFFSET(일반인력_경력,0,10,ROWS(일반인력_경력),1)="B")*1)*0.7 ) ) | S27: =IF(ISBLANK($D27), "", IF(VLOOKUP($D27,참여인력_개요,11,FALSE)="관리인력", "", IF(N27="핵심운용인력", SUMPRODUCT((OFFSET(핵심인력_투자현황,0,0,ROWS(핵심인력_투자현황),1)=$D27)*1, ISTEXT(OFFSET(핵심인력_투자현황,0,10,ROWS(핵심인력_투자현황),1))*1), SUMPRODUCT((OFFSET(일반인력_투자현황,0,0,ROWS(일반인력_투자현황),1)=$D27)*1, ISTEXT(OFFSET(일반인력_투자현황,0,10,ROWS(일반인력_투자현황),1))*1)) ) ) | T27: =IF(ISBLANK($D27), "", IF(VLOOKUP($D27,참여인력_개요,11,FALSE)="관리인력", "", IF(N27="핵심운용인력", SUMPRODUCT((OFFSET(핵심인력_투자현황,0,0,ROWS(핵심인력_투자현황),1)=$D27)*1, (OFFSET(핵심인력_투자현황,0,16,ROWS(핵심인력_투자현황),1)="회수료")*1), SUMPRODUCT((OFFSET(일반인력_투자현황,0,0,ROWS(일반인력_투자현황),1)=$D27)*1, (OFFSET(일반인력_투자현황,0,16,ROWS(일반인력_투자현황),1)="회수료")*1)))) | U27: =IF(ISBLANK($D27), "", IF(VLOOKUP($D27,참여인력_개요,11,FALSE)="관리인력", "", IF(N27="핵심운용인력", SUMPRODUCT((OFFSET(핵심인력_투자현황,0,0,ROWS(핵심인력_투자현황),1)=$D27)*1, OFFSET(핵심인력_투자현황,0,15,ROWS(핵심인력_투자현황),1)), SUMPRODUCT((OFFSET(일반인력_투자현황,0,0,ROWS(일반인력_투자현황),1)=$D27)*1, OFFSET(일반인력_투자현황,0,15,ROWS(일반인력_투자현황),1)) ))) | V27: =IF(ISBLANK($D27), "", IF(VLOOKUP($D27,참여인력_개요,11,FALSE)="관리인력", "", IF(N27="핵심운용인력", SUMPRODUCT((OFFSET(핵심인력_투자현황,0,0,ROWS(핵심인력_투자현황),1)=$D27)*1, OFFSET(핵심인력_투자현황,0,19,ROWS(핵심인력_투자현황),1)), SUMPRODUCT((OFFSET(일반인력_투자현황,0,0,ROWS(일반인력_투자현황),1)=$D27)*1, OFFSET(일반인력_투자현황,0,19,ROWS(일반인력_투자현황),1)) ))) | W27: =IF(ISBLANK($D27), "", IF(VLOOKUP($D27,참여인력_개요,11,FALSE)="관리인력", "", IF(N27="핵심운용인력", SUMPRODUCT((OFFSET(핵심인력_투자현황,0,0,ROWS(핵심인력_투자현황),1)=$D27)*1, OFFSET(핵심인력_투자현황,0,24,ROWS(핵심인력_투자현황),1)), SUMPRODUCT((OFFSET(일반인력_투자현황,0,0,ROWS(일반인력_투자현황),1)=$D27)*1, OFFSET(일반인력_투자현황,0,24,ROWS(일반인력_투자현황),1)) ))) | X27: =IF(ISBLANK($D27), "", IF(VLOOKUP($D27,참여인력_개요,11,FALSE)="관리인력", "", IF(N27="핵심운용인력", SUMPRODUCT((OFFSET(핵심인력_투자현황,0,0,ROWS(핵심인력_투자현황),1)=$D27)*1, OFFSET(핵심인력_투자현황,0,25,ROWS(핵심인력_투자현황),1)), SUMPRODUCT((OFFSET(일반인력_투자현황,0,0,ROWS(일반인력_투자현황),1)=$D27)*1, OFFSET(일반인력_투자현황,0,25,ROWS(일반인력_투자현황),1)) ))) | Y27: =IF(ISBLANK($D27), "", IF(VLOOKUP($D27,참여인력_개요,11,FALSE)="관리인력", "", IF(N27="핵심운용인력", SUMPRODUCT((OFFSET(핵심인력_투자현황,0,0,ROWS(핵심인력_투자현황),1)=$D27)*1, OFFSET(핵심인력_투자현황,0,15,ROWS(핵심인력_투자현황),1), OFFSET(핵심인력_투자현황,0,17,ROWS(핵심인력_투자현황),1))/U27, SUMPRODUCT((OFFSET(일반인력_투자현황,0,0,ROWS(일반인력_투자현황),1)=$D27)*1, OFFSET(일반인력_투자현황,0,15,ROWS(일반인력_투자현황),1), OFFSET(일반인력_투자현황,0,17,ROWS(일반인력_투자현황),1))/U27 ))) | Z27: =IF(ISBLANK($D27), "",IF(VLOOKUP($D27,참여인력_개요,11,FALSE)="관리인력", "", IF(N27="핵심운용인력", IF(SUMPRODUCT( (OFFSET(핵심인력_투자현황,0,0,ROWS(핵심인력_투자현황),1)=$D27)*1, OFFSET(핵심인력_투자현황,0,15,ROWS(핵심인력_투자현황),1), (OFFSET(핵심인력_투자현황,0,16,ROWS(핵심인력_투자현황),1)="회수료")*1 ) = 0, "N/A", SUMPRODUCT( (OFFSET(핵심인력_투자현황,0,0,ROWS(핵심인력_투자현황),1)=$D27)*1, OFFSET(핵심인력_투자현황,0,15,ROWS(핵심인력_투자현황),1), (OFFSET(핵심인력_투자현황,0,16,ROWS(핵심인력_투자현황),1)="회수료")*1, OFFSET(핵심인력_투자현황,0,17,ROWS(핵심인력_투자현황),1) ) / SUMPRODUCT( (OFFSET(핵심인력_투자현황,0,0,ROWS(핵심인력_투자현황),1)=$D27)*1, OFFSET(핵심인력_투자현황,0,15,ROWS(핵심인력_투자현황),1), (OFFSET(핵심인력_투자현황,0,16,ROWS(핵심인력_투자현황),1)="회수료")*1 ) ), IF(SUMPRODUCT( (OFFSET(일반인력_투자현황,0,0,ROWS(일반인력_투자현황),1)=$D27)*1, OFFSET(일반인력_투자현황,0,15,ROWS(일반인력_투자현황),1), (OFFSET(일반인력_투자현황,0,16,ROWS(일반인력_투자현황),1)="회수료")*1 ) = 0, "N/A", SUMPRODUCT( (OFFSET(일반인력_투자현황,0,0,ROWS(일반인력_투자현황),1)=$D27)*1, OFFSET(일반인력_투자현황,0,15,ROWS(일반인력_투자현황),1), (OFFSET(일반인력_투자현황,0,16,ROWS(일반인력_투자현황),1)="회수료")*1, OFFSET(일반인력_투자현황,0,17,ROWS(일반인력_투자현황),1) ) / SUMPRODUCT( (OFFSET(일반인력_투자현황,0,0,ROWS(일반인력_투자현황),1)=$D27)*1, OFFSET(일반인력_투자현황,0,15,ROWS(일반인력_투자현황),1), (OFFSET(일반인력_투자현황,0,16,ROWS(일반인력_투자현황),1)="회수료")*1 ) ) ))) | AA27: =IF(ISBLANK($D27), "", IF(VLOOKUP($D27,참여인력_개요,11,FALSE)="관리인력", "", SUMPRODUCT( (OFFSET(제안사_투자현황,0,21,ROWS(제안사_투자현황),1)=$D27)*1, (OFFSET(제안사_투자현황,0,8,ROWS(제안사_투자현황),1)<>"회수료")*1 ) )) | AB27: =IF(ISBLANK($D27), "", IF(VLOOKUP($D27,참여인력_개요,11,FALSE)="관리인력", "", SUMPRODUCT( (OFFSET(제안사_투자현황,0,21,ROWS(제안사_투자현황),1)=$D27)*1, (OFFSET(제안사_투자현황,0,9,ROWS(제안사_투자현황),1)<>"회수료")*1, OFFSET(제안사_투자현황,0,18,ROWS(제안사_투자현황),1) ) ) ) | AC27: =IF(ISBLANK($D27), "", IF(VLOOKUP($D27,참여인력_개요,11,FALSE)="관리인력", "", SUMPRODUCT( (OFFSET(제안사_투자현황,0,21,ROWS(제안사_투자현황),1)=$D27)*1, (OFFSET(제안사_투자현황,0,9,ROWS(제안사_투자현황),1)<>"회수료")*1, OFFSET(제안사_투자현황,0,19,ROWS(제안사_투자현황),1) ) ) )
... R200: =IF(ISBLANK($D200), "", IF(N200="핵심운용인력", SUMPRODUCT((OFFSET(핵심인력_경력,0,0,ROWS(핵심인력_경력),1)=$D200)*1, OFFSET(핵심인력_경력,0,9,ROWS(핵심인력_경력),1), (OFFSET(핵심인력_경력,0,10,ROWS(핵심인력_경력),1)="A")*1)+SUMPRODUCT((OFFSET(핵심인력_경력,0,0,ROWS(핵심인력_경력),1)=$D200)*1, OFFSET(핵심인력_경력,0,9,ROWS(핵심인력_경력),1), (OFFSET(핵심인력_경력,0,10,ROWS(핵심인력_경력),1)="B")*1)*0.7, SUMPRODUCT((OFFSET(일반인력_경력,0,0,ROWS(일반인력_경력),1)=$D200)*1, OFFSET(일반인력_경력,0,9,ROWS(일반인력_경력),1), (OFFSET(일반인력_경력,0,10,ROWS(일반인력_경력),1)="A")*1)+SUMPRODUCT((OFFSET(일반인력_경력,0,0,ROWS(일반인력_경력),1)=$D200)*1, OFFSET(일반인력_경력,0,9,ROWS(일반인력_경력),1), (OFFSET(일반인력_경력,0,10,ROWS(일반인력_경력),1)="B")*1)*0.7 ) ) | S200: =IF(ISBLANK($D200), "", IF(VLOOKUP($D200,참여인력_개요,11,FALSE)="관리인력", "", IF(N200="핵심운용인력", SUMPRODUCT((OFFSET(핵심인력_투자현황,0,0,ROWS(핵심인력_투자현황),1)=$D200)*1, ISTEXT(OFFSET(핵심인력_투자현황,0,10,ROWS(핵심인력_투자현황),1))*1), SUMPRODUCT((OFFSET(일반인력_투자현황,0,0,ROWS(일반인력_투자현황),1)=$D200)*1, ISTEXT(OFFSET(일반인력_투자현황,0,10,ROWS(일반인력_투자현황),1))*1)) ) ) | T200: =IF(ISBLANK($D200), "", IF(VLOOKUP($D200,참여인력_개요,11,FALSE)="관리인력", "", IF(N200="핵심운용인력", SUMPRODUCT((OFFSET(핵심인력_투자현황,0,0,ROWS(핵심인력_투자현황),1)=$D200)*1, (OFFSET(핵심인력_투자현황,0,16,ROWS(핵심인력_투자현황),1)="회수료")*1), SUMPRODUCT((OFFSET(일반인력_투자현황,0,0,ROWS(일반인력_투자현황),1)=$D200)*1, (OFFSET(일반인력_투자현황,0,16,ROWS(일반인력_투자현황),1)="회수료")*1)))) | U200: =IF(ISBLANK($D200), "", IF(VLOOKUP($D200,참여인력_개요,11,FALSE)="관리인력", "", IF(N200="핵심운용인력", SUMPRODUCT((OFFSET(핵심인력_투자현황,0,0,ROWS(핵심인력_투자현황),1)=$D200)*1, OFFSET(핵심인력_투자현황,0,15,ROWS(핵심인력_투자현황),1)), SUMPRODUCT((OFFSET(일반인력_투자현황,0,0,ROWS(일반인력_투자현황),1)=$D200)*1, OFFSET(일반인력_투자현황,0,15,ROWS(일반인력_투자현황),1)) ))) | V200: =IF(ISBLANK($D200), "", IF(VLOOKUP($D200,참여인력_개요,11,FALSE)="관리인력", "", IF(N200="핵심운용인력", SUMPRODUCT((OFFSET(핵심인력_투자현황,0,0,ROWS(핵심인력_투자현황),1)=$D200)*1, OFFSET(핵심인력_투자현황,0,19,ROWS(핵심인력_투자현황),1)), SUMPRODUCT((OFFSET(일반인력_투자현황,0,0,ROWS(일반인력_투자현황),1)=$D200)*1, OFFSET(일반인력_투자현황,0,19,ROWS(일반인력_투자현황),1)) ))) | W200: =IF(ISBLANK($D200), "", IF(VLOOKUP($D200,참여인력_개요,11,FALSE)="관리인력", "", IF(N200="핵심운용인력", SUMPRODUCT((OFFSET(핵심인력_투자현황,0,0,ROWS(핵심인력_투자현황),1)=$D200)*1, OFFSET(핵심인력_투자현황,0,24,ROWS(핵심인력_투자현황),1)), SUMPRODUCT((OFFSET(일반인력_투자현황,0,0,ROWS(일반인력_투자현황),1)=$D200)*1, OFFSET(일반인력_투자현황,0,24,ROWS(일반인력_투자현황),1)) ))) | X200: =IF(ISBLANK($D200), "", IF(VLOOKUP($D200,참여인력_개요,11,FALSE)="관리인력", "", IF(N200="핵심운용인력", SUMPRODUCT((OFFSET(핵심인력_투자현황,0,0,ROWS(핵심인력_투자현황),1)=$D200)*1, OFFSET(핵심인력_투자현황,0,25,ROWS(핵심인력_투자현황),1)), SUMPRODUCT((OFFSET(일반인력_투자현황,0,0,ROWS(일반인력_투자현황),1)=$D200)*1, OFFSET(일반인력_투자현황,0,25,ROWS(일반인력_투자현황),1)) ))) | Y200: =IF(ISBLANK($D200), "", IF(VLOOKUP($D200,참여인력_개요,11,FALSE)="관리인력", "", IF(N200="핵심운용인력", SUMPRODUCT((OFFSET(핵심인력_투자현황,0,0,ROWS(핵심인력_투자현황),1)=$D200)*1, OFFSET(핵심인력_투자현황,0,15,ROWS(핵심인력_투자현황),1), OFFSET(핵심인력_투자현황,0,17,ROWS(핵심인력_투자현황),1))/U200, SUMPRODUCT((OFFSET(일반인력_투자현황,0,0,ROWS(일반인력_투자현황),1)=$D200)*1, OFFSET(일반인력_투자현황,0,15,ROWS(일반인력_투자현황),1), OFFSET(일반인력_투자현황,0,17,ROWS(일반인력_투자현황),1))/U200 ))) | Z200: =IF(ISBLANK($D200), "",IF(VLOOKUP($D200,참여인력_개요,11,FALSE)="관리인력", "", IF(N200="핵심운용인력", IF(SUMPRODUCT( (OFFSET(핵심인력_투자현황,0,0,ROWS(핵심인력_투자현황),1)=$D200)*1, OFFSET(핵심인력_투자현황,0,15,ROWS(핵심인력_투자현황),1), (OFFSET(핵심인력_투자현황,0,16,ROWS(핵심인력_투자현황),1)="회수료")*1 ) = 0, "N/A", SUMPRODUCT( (OFFSET(핵심인력_투자현황,0,0,ROWS(핵심인력_투자현황),1)=$D200)*1, OFFSET(핵심인력_투자현황,0,15,ROWS(핵심인력_투자현황),1), (OFFSET(핵심인력_투자현황,0,16,ROWS(핵심인력_투자현황),1)="회수료")*1, OFFSET(핵심인력_투자현황,0,17,ROWS(핵심인력_투자현황),1) ) / SUMPRODUCT( (OFFSET(핵심인력_투자현황,0,0,ROWS(핵심인력_투자현황),1)=$D200)*1, OFFSET(핵심인력_투자현황,0,15,ROWS(핵심인력_투자현황),1), (OFFSET(핵심인력_투자현황,0,16,ROWS(핵심인력_투자현황),1)="회수료")*1 ) ), IF(SUMPRODUCT( (OFFSET(일반인력_투자현황,0,0,ROWS(일반인력_투자현황),1)=$D200)*1, OFFSET(일반인력_투자현황,0,15,ROWS(일반인력_투자현황),1), (OFFSET(일반인력_투자현황,0,16,ROWS(일반인력_투자현황),1)="회수료")*1 ) = 0, "N/A", SUMPRODUCT( (OFFSET(일반인력_투자현황,0,0,ROWS(일반인력_투자현황),1)=$D200)*1, OFFSET(일반인력_투자현황,0,15,ROWS(일반인력_투자현황),1), (OFFSET(일반인력_투자현황,0,16,ROWS(일반인력_투자현황),1)="회수료")*1, OFFSET(일반인력_투자현황,0,17,ROWS(일반인력_투자현황),1) ) / SUMPRODUCT( (OFFSET(일반인력_투자현황,0,0,ROWS(일반인력_투자현황),1)=$D200)*1, OFFSET(일반인력_투자현황,0,15,ROWS(일반인력_투자현황),1), (OFFSET(일반인력_투자현황,0,16,ROWS(일반인력_투자현황),1)="회수료")*1 ) ) ))) | AA200: =IF(ISBLANK($D200), "", IF(VLOOKUP($D200,참여인력_개요,11,FALSE)="관리인력", "", SUMPRODUCT( (OFFSET(제안사_투자현황,0,21,ROWS(제안사_투자현황),1)=$D200)*1, (OFFSET(제안사_투자현황,0,8,ROWS(제안사_투자현황),1)<>"회수료")*1 ) )) | AB200: =IF(ISBLANK($D200), "", IF(VLOOKUP($D200,참여인력_개요,11,FALSE)="관리인력", "", SUMPRODUCT( (OFFSET(제안사_투자현황,0,21,ROWS(제안사_투자현황),1)=$D200)*1, (OFFSET(제안사_투자현황,0,9,ROWS(제안사_투자현황),1)<>"회수료")*1, OFFSET(제안사_투자현황,0,18,ROWS(제안사_투자현황),1) ) ) ) | AC200: =IF(ISBLANK($D200), "", IF(VLOOKUP($D200,참여인력_개요,11,FALSE)="관리인력", "", SUMPRODUCT( (OFFSET(제안사_투자현황,0,21,ROWS(제안사_투자현황),1)=$D200)*1, (OFFSET(제안사_투자현황,0,9,ROWS(제안사_투자현황),1)<>"회수료")*1, OFFSET(제안사_투자현황,0,19,ROWS(제안사_투자현황),1) ) ) )

Sheet 3.2.1.핵심운용인력 투자현황
A1: RFPID | B1: GPID | C1: FundMgrID | D1: LineNum | E1: FundMgrName | F1: BirthYMDS | G1: CompanyName | H1: WorkBegYMD | I1: WorkEndYMD | J1: JobTypeDesc | K1: IsFinder | L1: IsPostInvestMgr | M1: IsExitMgr | N1: FinancialResource | O1: InvtComName | Q1: MainIndustryDesc | R1: InvestYMD | S1: TujaTypeDesc | T1: InvestAmt | U1: IsCollectedDesc | V1: PropInvtComIRR | W1: CollectYMD | X1: CollectAmt | Y1: CollectBV | Z1: CollectMethodDesc | AB1: IsMarketableDesc | AC1: AmtBal | AD1: AmtBalValue | AE1: AmtBalValueDesc | AG1: OtherRemark | AH1: CurrentFundMgrName | AI1: CurrentFundMgrBuName | AJ1: CurrentFundMgrTelNo | AK1: InvComDate | AL1: StartComConf | AM1: StartInvYMD | AN1: StartComConf
E3: 핵심 운용인력 | G3: 담당 기간 및 역할 | N3: 투자 | W3: 회수투자자산 | AB3: 미회수투자자산 | AF3: 손상차손 인식여부 | AG3: 기타사항 | AH3: 검증사 | AK3: 피투자기업 설립일 | AM3: 설립 ~ 투자 | AN3: 주요 제품 및 서비스 | AO3: 투자펀드 내역(펀드계정일 경우) | AQ3: 코넥스기업 여부 | AR3: 코넥스 상장일 | AS3: 투자원금 검증
A4: 모집단위ID | B4: 운용사ID | C4: 운용인력ID | D4: 순번 | E4: 성명 | F4: 생년월일 | G4: 재직회사명 | H4: 시작일 | I4: 종료일 | J4: 직무구분 | K4: 발굴및 투자검토 | L4: 사후 관리 | M4: 회수 | N4: 투자계정구분 | O4: 피투자기업명 | P4: 피투자기업 법인유형 | Q4: 피투자기업 주요산업분야 | R4: 투자일 | S4: 투자형태 | T4: 투자금액 | U4: 회수여부 | V4: 투자 수익률 (IRR) | W4: 최종회수일 | X4: 회수총액 | Y4: 투자원금 | Z4: 회수방법 | AA4: 투자기간 | AB4: 시장성유무 | AC4: 투자원금 | AD4: 가치 | AE4: 가치산출근거 | AH4: 사명 | AJ4: 연락처 | AO4: 펀드명 | AP4: 법적유형
E11: 이00 | F11: =IF(ISBLANK($E11), "", VLOOKUP($E11,참여인력_개요,2,FALSE)) -> 25569 | G11: 가인베스트먼트㈜ | H11: 44197 | I11: 44561 | J11: 의사결정 | K11: YES | L11: NO | M11: NO | N11: 펀드계정 | O11: A기업 | P11: 국내설립법인 또는 해외현지법인 | Q11: 통신/IT서비스 | R11: 44197 | S11: 보통주 | T11: 1000 | U11: 회수료 | V11: 0.146 | W11: 44561 | X11: 1146 | Y11: 1000 | Z11: 코스닥 | AA11: =IF(ISBLANK(W11),"",DATEDIF(R11,W11,"d")/365) -> 0.99726027 | AB11: YES | AC11: =T11-Y11 -> 0 | AF11: 해당사항 없음 | AH11: 가인베스트먼트㈜ | AJ11: 0000-0000 | AK11: 36330 | AM11: =IF((R11-AK11)/365>0,(R11-AK11)/365,"") -> 21.553425 | AO11: ooo투자조합 | AQ11: NO | AS11: =ROUND(T11,)=ROUND(Y11,)+ROUND(AC11,) -> TRUE
E12: 이00 | F12: =IF(ISBLANK($E12), "", VLOOKUP($E12,참여인력_개요,2,FALSE)) -> 25569 | G12: 나인베스트먼트㈜ | H12: 43101 | I12: 43466 | J12: 투자실무 | K12: NO | L12: YES | M12: NO | N12: 펀드계정 | O12: B기업 | P12: 국내설립법인 또는 해외현지법인 | Q12: 전기/전자 | R12: 43101 | S12: 우선주 | T12: 510 | U12: 미회수 | W12: 43466 | X12: 100 | Y12: 0 | Z12: 코스닥 | AA12: =IF(ISBLANK(W12),"",DATEDIF(R12,W12,"d")/365) -> 1 | AB12: YES | AC12: =T12-Y12 -> 510 | AD12: 510 | AE12: 22.03.31 코스닥 종가 기준(OOO주*OOO원) | AF12: 해당사항 없음 | AH12: 나인베스트먼트㈜ | AJ12: 0000-0000 | AK12: 37622 | AM12: =IF((R12-AK12)/365>0,(R12-AK12)/365,"") -> 15.010959 | AO12: 펀드2호 | AQ12: NO | AS12: =ROUND(T12,)=ROUND(Y12,)+ROUND(AC12,) -> TRUE
E13: 이00 | F13: =IF(ISBLANK($E13), "", VLOOKUP($E13,참여인력_개요,2,FALSE)) -> 25569 | G13: 나인베스트먼트㈜ | H13: 42736 | I13: 43101 | J13: 투자실무 | K13: NO | L13: NO | M13: YES | N13: 펀드계정 | O13: C기업 | P13: 국내설립법인 또는 해외현지법인 | Q13: 바이오 | R13: 42736 | S13: 우선주 | T13: 390 | U13: 부분회수 | W13: 43101 | X13: 200 | Y13: 150 | Z13: 거래소 | AA13: =IF(ISBLANK(W13),"",DATEDIF(R13,W13,"d")/365) -> 1 | AB13: YES | AC13: =T13-Y13 -> 240 | AD13: 300 | AE13: 22.03.31 거래소 종가 기준(OOO주*OOO원) | AF13: 해당사항 없음 | AH13: 나인베스트먼트㈜ | AJ13: 0000-0000 | AK13: 37987 | AM13: =IF((R13-AK13)/365>0,(R13-AK13)/365,"") -> 13.010959 | AO13: 펀드3호 | AQ13: NO | AS13: =ROUND(T13,)=ROUND(Y13,)+ROUND(AC13,) -> TRUE
E14: 정00 | F14: =IF(ISBLANK($E14), "", VLOOKUP($E14,참여인력_개요,2,FALSE)) -> 31705 | G14: 가인베스트먼트㈜ | H14: 43466 | I14: 44197 | J14: 투자실무 | K14: NO | L14: NO | M14: YES | N14: 펀드계정 | O14: D기업 | P14: 외국법인 | Q14: 통신/IT서비스 | R14: 43466 | S14: 우선주 | T14: 400 | U14: 부분회수 | W14: 44197 | X14: 200 | Y14: 100 | Z14: 상환 | AA14: =IF(ISBLANK(W14),"",DATEDIF(R14,W14,"d")/365) -> 2.0027397 | AB14: NO | AC14: =T14-Y14 -> 300 | AD14: 240 | AE14: 22.03.31 장부가액 | AF14: 해당사항 없음 | AH14: 가인베스트먼트㈜ | AJ14: 0000-0000 | AK14: 37623 | AM14: =IF((R14-AK14)/365>0,(R14-AK14)/365,"") -> 16.008219 | AO14: 펀드4호 | AQ14: NO | AS14: =ROUND(T14,)=ROUND(Y14,)+ROUND(AC14,) -> TRUE
F15: =IF(ISBLANK($E15), "", VLOOKUP($E15,참여인력_개요,2,FALSE)) | AA15: =IF(ISBLANK(W15),"",DATEDIF(R15,W15,"d")/365) | AC15: =T15-Y15 -> 0 | AM15: =IF((R15-AK15)/365>0,(R15-AK15)/365,"") | AS15: =ROUND(T15,)=ROUND(Y15,)+ROUND(AC15,) -> TRUE
F16: =IF(ISBLANK($E16), "", VLOOKUP($E16,참여인력_개요,2,FALSE)) | AA16: =IF(ISBLANK(W16),"",DATEDIF(R16,W16,"d")/365) | AC16: =T16-Y16 -> 0 | AM16: =IF((R16-AK16)/365>0,(R16-AK16)/365,"") | AS16: =ROUND(T16,)=ROUND(Y16,)+ROUND(AC16,) -> TRUE
F17: =IF(ISBLANK($E17), "", VLOOKUP($E17,참여인력_개요,2,FALSE)) | AA17: =IF(ISBLANK(W17),"",DATEDIF(R17,W17,"d")/365) | AC17: =T17-Y17 -> 0 | AM17: =IF((R17-AK17)/365>0,(R17-AK17)/365,"") | AS17: =ROUND(T17,)=ROUND(Y17,)+ROUND(AC17,) -> TRUE
F18: =IF(ISBLANK($E18), "", VLOOKUP($E18,참여인력_개요,2,FALSE)) | AA18: =IF(ISBLANK(W18),"",DATEDIF(R18,W18,"d")/365) | AC18: =T18-Y18 -> 0 | AM18: =IF((R18-AK18)/365>0,(R18-AK18)/365,"") | AS18: =ROUND(T18,)=ROUND(Y18,)+ROUND(AC18,) -> TRUE
F19: =IF(ISBLANK($E19), "", VLOOKUP($E19,참여인력_개요,2,FALSE)) | AA19: =IF(ISBLANK(W19),"",DATEDIF(R19,W19,"d")/365) | AC19: =T19-Y19 -> 0 | AM19: =IF((R19-AK19)/365>0,(R19-AK19)/365,"") | AS19: =ROUND(T19,)=ROUND(Y19,)+ROUND(AC19,) -> TRUE
F20: =IF(ISBLANK($E20), "", VLOOKUP($E20,참여인력_개요,2,FALSE)) | AA20: =IF(ISBLANK(W20),"",DATEDIF(R20,W20,"d")/365) | AC20: =T20-Y20 -> 0 | AM20: =IF((R20-AK20)/365>0,(R20-AK20)/365,"") | AS20: =ROUND(T20,)=ROUND(Y20,)+ROUND(AC20,) -> TRUE
F21: =IF(ISBLANK($E21), "", VLOOKUP($E21,참여인력_개요,2,FALSE)) | AA21: =IF(ISBLANK(W21),"",DATEDIF(R21,W21,"d")/365) | AC21: =T21-Y21 -> 0 | AM21: =IF((R21-AK21)/365>0,(R21-AK21)/365,"") | AS21: =ROUND(T21,)=ROUND(Y21,)+ROUND(AC21,) -> TRUE
F22: =IF(ISBLANK($E22), "", VLOOKUP($E22,참여인력_개요,2,FALSE)) | AA22: =IF(ISBLANK(W22),"",DATEDIF(R22,W22,"d")/365) | AC22: =T22-Y22 -> 0 | AM22: =IF((R22-AK22)/365>0,(R22-AK22)/365,"") | AS22: =ROUND(T22,)=ROUND(Y22,)+ROUND(AC22,) -> TRUE
F23: =IF(ISBLANK($E23), "", VLOOKUP($E23,참여인력_개요,2,FALSE)) | AA23: =IF(ISBLANK(W23),"",DATEDIF(R23,W23,"d")/365) | AC23: =T23-Y23 -> 0 | AM23: =IF((R23-AK23)/365>0,(R23-AK23)/365,"") | AS23: =ROUND(T23,)=ROUND(Y23,)+ROUND(AC23,) -> TRUE
F24: =IF(ISBLANK($E24), "", VLOOKUP($E24,참여인력_개요,2,FALSE)) | AA24: =IF(ISBLANK(W24),"",DATEDIF(R24,W24,"d")/365) | AC24: =T24-Y24 -> 0 | AM24: =IF((R24-AK24)/365>0,(R24-AK24)/365,"") | AS24: =ROUND(T24,)=ROUND(Y24,)+ROUND(AC24,) -> TRUE
F25: =IF(ISBLANK($E25), "", VLOOKUP($E25,참여인력_개요,2,FALSE)) | AA25: =IF(ISBLANK(W25),"",DATEDIF(R25,W25,"d")/365) | AC25: =T25-Y25 -> 0 | AM25: =IF((R25-AK25)/365>0,(R25-AK25)/365,"") | AS25: =ROUND(T25,)=ROUND(Y25,)+ROUND(AC25,) -> TRUE
F26: =IF(ISBLANK($E26), "", VLOOKUP($E26,참여인력_개요,2,FALSE)) | AA26: =IF(ISBLANK(W26),"",DATEDIF(R26,W26,"d")/365) | AC26: =T26-Y26 -> 0 | AM26: =IF((R26-AK26)/365>0,(R26-AK26)/365,"") | AS26: =ROUND(T26,)=ROUND(Y26,)+ROUND(AC26,) -> TRUE
... F500: =IF(ISBLANK($E500), "", VLOOKUP($E500,참여인력_개요,2,FALSE)) | AA500: =IF(ISBLANK(W500),"",DATEDIF(R500,W500,"d")/365) | AC500: =T500-Y500 -> 0 | AM500: =IF((R500-AK500)/365>0,(R500-AK500)/365,"") | AS500: =ROUND(T500,)=ROUND(Y500,)+ROUND(AC500,) -> TRUE

Sheet 3.2.2.일반운용인력 투자현황
A1: RFPID | B1: GPID | C1: FundMgrID | D1: LineNum | E1: FundMgrName | F1: BirthYMDS | G1: CompanyName | H1: WorkBegYMD | I1: WorkEndYMD | J1: JobTypeDesc | K1: IsFinder | L1: IsPostInvestMgr | M1: IsExitMgr | N1: FinancialResource | O1: InvtComName | Q1: MainIndustryDesc | R1: InvestYMD | S1: TujaTypeDesc | T1: InvestAmt | U1: IsCollectedDesc | V1: PropInvtComIRR | W1: CollectYMD | X1: CollectAmt | Y1: CollectBV | Z1: CollectMethodDesc | AB1: IsMarketableDesc | AC1: AmtBal | AD1: AmtBalValue | AE1: AmtBalValueDesc | AG1: OtherRemark | AH1: CurrentFundMgrName | AI1: CurrentFundMgrBuName | AJ1: CurrentFundMgrTelNo | AK1: InvComDate | AL1: StartComConf | AM1: StartInvYMD | AN1: StartComConf
E3: 일반 운용인력 | G3: 담당 기간 및 역할 | N3: 투자 | W3: 회수투자자산 | AB3: 미회수투자자산 | AF3: 손상차손 인식여부 | AG3: 기타사항 | AH3: 검증사 | AK3: 피투자기업 설립일 | AM3: 설립 ~ 투자 | AN3: 주요 제품 및 서비스 | AO3: 투자펀드 내역(펀드계정일 경우) | AQ3: 코넥스기업 여부 | AR3: 코넥스 상장일 | AS3: 투자원금 검증
A4: 모집단위ID | B4: 운용사ID | C4: 운용인력ID | D4: 순번 | E4: 성명 | F4: 생년월일 | G4: 재직회사명 | H4: 시작일 | I4: 종료일 | J4: 직무구분 | K4: 발굴및 투자검토 | L4: 사후 관리 | M4: 회수 | N4: 투자계정구분 | O4: 피투자기업명 | P4: 피투자기업 법인유형 | Q4: 피투자기업 주요산업분야 | R4: 투자일 | S4: 투자형태 | T4: 투자금액 | U4: 회수여부 | V4: 투자 수익률 (IRR) | W4: 최종회수일 | X4: 회수총액 | Y4: 투자원금 | Z4: 회수방법 | AA4: 투자기간 | AB4: 시장성유무 | AC4: 투자원금 | AD4: 가치 | AE4: 가치산출근거 | AH4: 사명 | AJ4: 연락처 | AO4: 펀드명 | AP4: 법적유형
E11: 박00 | F11: =IF(ISBLANK($E11), "", VLOOKUP($E11,참여인력_개요,2,FALSE)) -> 28773 | G11: 마인베스트먼트㈜ | H11: 43466 | I11: 44196 | J11: 투자실무 | K11: YES | L11: NO | M11: NO | N11: 펀드계정 | O11: A기업 | P11: 국내설립법인 또는 해외현지법인 | Q11: 전자/반도체 | R11: 43466 | S11: CB | T11: 500 | U11: 회수료 | V11: OO% | W11: 44196 | X11: 400 | Y11: 500 | Z11: 코스닥 | AA11: =IF(ISBLANK(W11),"",DATEDIF(R11,W11,"d")/365) -> 2 | AB11: YES | AC11: =T11-Y11 -> 0 | AF11: 해당사항 없음 | AH11: 가인베스트먼트㈜ | AJ11: 0000-0000 | AK11: 36330 | AM11: =IF((R11-AK11)/365>0,(R11-AK11)/365,"") -> 19.550685 | AO11: 펀드1호 | AQ11: NO | AS11: =ROUND(T11,)=ROUND(Y11,)+ROUND(AC11,) -> TRUE
E12: 최00 | F12: =IF(ISBLANK($E12), "", VLOOKUP($E12,참여인력_개요,2,FALSE)) -> 27677 | G12: 바인베스트먼트㈜ | H12: 43466 | I12: 44196 | J12: 투자실무 | K12: NO | L12: NO | M12: YES | N12: 펀드계정 | O12: C기업 | P12: 국내설립법인 또는 해외현지법인 | Q12: 통신/IT서비스 | R12: 43466 | S12: 기타 주식연계채권 | T12: 700 | U12: 회수료 | V12: OO% | W12: 44196 | X12: 300 | Y12: 300 | Z12: 상환 | AA12: =IF(ISBLANK(W12),"",DATEDIF(R12,W12,"d")/365) -> 2 | AB12: YES | AC12: =T12-Y12 -> 400 | AD12: 300 | AE12: 22.03.31 코스닥 종가 기준(OOO주*OOO원) | AF12: 해당사항 없음 | AH12: 다인베스트먼트㈜ | AJ12: 0000-0000 | AK12: 40544 | AM12: =IF((R12-AK12)/365>0,(R12-AK12)/365,"") -> 8.0054795 | AO12: 펀드2호 | AQ12: NO | AS12: =ROUND(T12,)=ROUND(Y12,)+ROUND(AC12,) -> TRUE
F13: =IF(ISBLANK($E13), "", VLOOKUP($E13,참여인력_개요,2,FALSE)) | AA13: =IF(ISBLANK(W13),"",DATEDIF(R13,W13,"d")/365) | AC13: =T13-Y13 -> 0 | AM13: =IF((R13-AK13)/365>0,(R13-AK13)/365,"") | AS13: =ROUND(T13,)=ROUND(Y13,)+ROUND(AC13,) -> TRUE
F14: =IF(ISBLANK($E14), "", VLOOKUP($E14,참여인력_개요,2,FALSE)) | AA14: =IF(ISBLANK(W14),"",DATEDIF(R14,W14,"d")/365) | AC14: =T14-Y14 -> 0 | AM14: =IF((R14-AK14)/365>0,(R14-AK14)/365,"") | AS14: =ROUND(T14,)=ROUND(Y14,)+ROUND(AC14,) -> TRUE
F15: =IF(ISBLANK($E15), "", VLOOKUP($E15,참여인력_개요,2,FALSE)) | AA15: =IF(ISBLANK(W15),"",DATEDIF(R15,W15,"d")/365) | AC15: =T15-Y15 -> 0 | AM15: =IF((R15-AK15)/365>0,(R15-AK15)/365,"") | AS15: =ROUND(T15,)=ROUND(Y15,)+ROUND(AC15,) -> TRUE
F16: =IF(ISBLANK($E16), "", VLOOKUP($E16,참여인력_개요,2,FALSE)) | AA16: =IF(ISBLANK(W16),"",DATEDIF(R16,W16,"d")/365) | AC16: =T16-Y16 -> 0 | AM16: =IF((R16-AK16)/365>0,(R16-AK16)/365,"") | AS16: =ROUND(T16,)=ROUND(Y16,)+ROUND(AC16,) -> TRUE
F17: =IF(ISBLANK($E17), "", VLOOKUP($E17,참여인력_개요,2,FALSE)) | AA17: =IF(ISBLANK(W17),"",DATEDIF(R17,W17,"d")/365) | AC17: =T17-Y17 -> 0 | AM17: =IF((R17-AK17)/365>0,(R17-AK17)/365,"") | AS17: =ROUND(T17,)=ROUND(Y17,)+ROUND(AC17,) -> TRUE
F18: =IF(ISBLANK($E18), "", VLOOKUP($E18,참여인력_개요,2,FALSE)) | AA18: =IF(ISBLANK(W18),"",DATEDIF(R18,W18,"d")/365) | AC18: =T18-Y18 -> 0 | AM18: =IF((R18-AK18)/365>0,(R18-AK18)/365,"") | AS18: =ROUND(T18,)=ROUND(Y18,)+ROUND(AC18,) -> TRUE
F19: =IF(ISBLANK($E19), "", VLOOKUP($E19,참여인력_개요,2,FALSE)) | AA19: =IF(ISBLANK(W19),"",DATEDIF(R19,W19,"d")/365) | AC19: =T19-Y19 -> 0 | AM19: =IF((R19-AK19)/365>0,(R19-AK19)/365,"") | AS19: =ROUND(T19,)=ROUND(Y19,)+ROUND(AC19,) -> TRUE
F20: =IF(ISBLANK($E20), "", VLOOKUP($E20,참여인력_개요,2,FALSE)) | AA20: =IF(ISBLANK(W20),"",DATEDIF(R20,W20,"d")/365) | AC20: =T20-Y20 -> 0 | AM20: =IF((R20-AK20)/365>0,(R20-AK20)/365,"") | AS20: =ROUND(T20,)=ROUND(Y20,)+ROUND(AC20,) -> TRUE
F21: =IF(ISBLANK($E21), "", VLOOKUP($E21,참여인력_개요,2,FALSE)) | AA21: =IF(ISBLANK(W21),"",DATEDIF(R21,W21,"d")/365) | AC21: =T21-Y21 -> 0 | AM21: =IF((R21-AK21)/365>0,(R21-AK21)/365,"") | AS21: =ROUND(T21,)=ROUND(Y21,)+ROUND(AC21,) -> TRUE
F22: =IF(ISBLANK($E22), "", VLOOKUP($E22,참여인력_개요,2,FALSE)) | AA22: =IF(ISBLANK(W22),"",DATEDIF(R22,W22,"d")/365) | AC22: =T22-Y22 -> 0 | AM22: =IF((R22-AK22)/365>0,(R22-AK22)/365,"") | AS22: =ROUND(T22,)=ROUND(Y22,)+ROUND(AC22,) -> TRUE
F23: =IF(ISBLANK($E23), "", VLOOKUP($E23,참여인력_개요,2,FALSE)) | AA23: =IF(ISBLANK(W23),"",DATEDIF(R23,W23,"d")/365) | AC23: =T23-Y23 -> 0 | AM23: =IF((R23-AK23)/365>0,(R23-AK23)/365,"") | AS23: =ROUND(T23,)=ROUND(Y23,)+ROUND(AC23,) -> TRUE
F24: =IF(ISBLANK($E24), "", VLOOKUP($E24,참여인력_개요,2,FALSE)) | AA24: =IF(ISBLANK(W24),"",DATEDIF(R24,W24,"d")/365) | AC24: =T24-Y24 -> 0 | AM24: =IF((R24-AK24)/365>0,(R24-AK24)/365,"") | AS24: =ROUND(T24,)=ROUND(Y24,)+ROUND(AC24,) -> TRUE
... F500: =IF(ISBLANK($E500), "", VLOOKUP($E500,참여인력_개요,2,FALSE)) | AA500: =IF(ISBLANK(W500),"",DATEDIF(R500,W500,"d")/365) | AC500: =T500-Y500 -> 0 | AM500: =IF((R500-AK500)/365>0,(R500-AK500)/365,"") | AS500: =ROUND(T500,)=ROUND(Y500,)+ROUND(AC500,) -> TRUE

Sheet 3.3.참여인력 학력
A1: RFPID | B1: GPID | C1: FundMgrID | D1: LineNum | E1: FundMgrName | F1: BirthYMDS | G1: GraduationYMD | H1: SchoolName | I1: SchoolMajor | J1: SchoolDegree | K1: SchoolCountry
E3: 참여인력 | G3: 학력사항
A4: 모집단위ID | B4: 운용사ID | C4: 운용인력ID | D4: 순번 | E4: 성명 | F4: 생년월일 | G4: 졸업일/수료일 | H4: 졸업/수료 학교명 | I4: 학과(전공)명 | J4: 학위명 | K4: 취득국명
E11: 이00 | F11: =IF(ISBLANK($E11),"",VLOOKUP($E11,참여인력_개요,2,FALSE)) -> 25569 | G11: 36892 | H11: 00대학교 | I11: 경영학 | J11: 학사 | K11: 대한민국
E12: 이00 | F12: =IF(ISBLANK($E12),"",VLOOKUP($E12,참여인력_개요,2,FALSE)) -> 25569 | G12: 35065 | H12: 00고등학교 | K12: 대한민국
F13: =IF(ISBLANK($E13),"",VLOOKUP($E13,참여인력_개요,2,FALSE))
F14: =IF(ISBLANK($E14),"",VLOOKUP($E14,참여인력_개요,2,FALSE))
F15: =IF(ISBLANK($E15),"",VLOOKUP($E15,참여인력_개요,2,FALSE))
F16: =IF(ISBLANK($E16),"",VLOOKUP($E16,참여인력_개요,2,FALSE))
F17: =IF(ISBLANK($E17),"",VLOOKUP($E17,참여인력_개요,2,FALSE))
F18: =IF(ISBLANK($E18),"",VLOOKUP($E18,참여인력_개요,2,FALSE))
F19: =IF(ISBLANK($E19),"",VLOOKUP($E19,참여인력_개요,2,FALSE))
F20: =IF(ISBLANK($E20),"",VLOOKUP($E20,참여인력_개요,2,FALSE))
F21: =IF(ISBLANK($E21),"",VLOOKUP($E21,참여인력_개요,2,FALSE))
F22: =IF(ISBLANK($E22),"",VLOOKUP($E22,참여인력_개요,2,FALSE))
F23: =IF(ISBLANK($E23),"",VLOOKUP($E23,참여인력_개요,2,FALSE))
F24: =IF(ISBLANK($E24),"",VLOOKUP($E24,참여인력_개요,2,FALSE))
... F500: =IF(ISBLANK($E500),"",VLOOKUP($E500,참여인력_개요,2,FALSE))

Sheet 3.4.1.핵심운용인력 경력
A1: RFPID | B1: GPID | C1: FundMgrID | D1: LineNum | E1: FundMgrName | F1: BirthYMDS | H1: CompanyName | I1: BuName | J1: JobTitleName | K1: JobDesc | L1: WorkBegYMD | M1: WorkEndYMD | N1: WorkYears | O1: IsInvestCareer
E3: 핵심운용인력 | G3: 재직회사 및 담당업무 | L3: 담당기간 | O3: 투자관련 경력구분
A4: 모집단위ID | B4: 운용사ID | C4: 운용인력ID | D4: 순번 | E4: 성명 | F4: 생년월일 | G4: 재직회사 법인유형 | H4: 회사명 | I4: 부서명 | J4: 직위 | K4: 담당업무 | L4: 시작일 | M4: 종료일 | N4: 기간(년수) | P4: 담당기간 검증
E11: 이00 | F11: =IF(ISBLANK($E11),"",VLOOKUP($E11,참여인력_개요,2,FALSE)) -> 25569 | G11: 국내설립법인 | H11: 가인베스트먼트 | I11: 투자1본부 | J11: 팀장 | K11: 투자심사 | L11: 44197 | M11: =제안서작성기준일 -> 44651 | N11: =DATEDIF(L11,M11,"d")/365 -> 1.2438356 | O11: A | P11: =IF(E11<>E12,"TRUE",IF(AND(LEN(E11)>0,E11=E12),IF(L11>M12,"TRUE","FALSE"),"")) -> TRUE
E12: 이00 | F12: =IF(ISBLANK($E12),"",VLOOKUP($E12,참여인력_개요,2,FALSE)) -> 25569 | G12: 국내설립법인 | H12: 나인베스트먼트 | I12: 투자2본부 | J12: 팀원 | K12: 투자심사 | L12: 42005 | M12: 44196 | N12: =DATEDIF(L12,M12,"d")/365 -> 6.0027397 | O12: A | P12: =IF(E12<>E13,"TRUE",IF(AND(LEN(E12)>0,E12=E13),IF(L12>M13,"TRUE","FALSE"),"")) -> TRUE
E13: 이00 | F13: =IF(ISBLANK($E13),"",VLOOKUP($E13,참여인력_개요,2,FALSE)) -> 25569 | G13: 해외현지법인 | H13: 다회계법인 | I13: 금융본부 | J13: 팀장 | K13: FAS | L13: 38353 | M13: 39447 | N13: =DATEDIF(L13,M13,"d")/365 -> 2.9972603 | O13: B | P13: =IF(E13<>E14,"TRUE",IF(AND(LEN(E13)>0,E13=E14),IF(L13>M14,"TRUE","FALSE"),"")) -> TRUE
E14: 정00 | F14: =IF(ISBLANK($E14),"",VLOOKUP($E14,참여인력_개요,2,FALSE)) -> 31705 | G14: 국내설립법인 | H14: 가인베스트먼트 | I14: 투자1본부 | J14: 팀원 | K14: 투자심사 | L14: 43101 | M14: =제안서작성기준일 -> 44651 | N14: =DATEDIF(L14,M14,"d")/365 -> 4.2465753 | O14: A | P14: =IF(E14<>E15,"TRUE",IF(AND(LEN(E14)>0,E14=E15),IF(L14>M15,"TRUE","FALSE"),"")) -> TRUE
E15: 정00 | F15: =IF(ISBLANK($E15),"",VLOOKUP($E15,참여인력_개요,2,FALSE)) -> 31705 | G15: 국내설립법인 | H15: S전자 | I15: 반도체 사업부 | J15: 팀장 | K15: 생산기술 | L15: 42736 | M15: 43100 | N15: =DATEDIF(L15,M15,"d")/365 -> 0.99726027 | O15: B | P15: =IF(E15<>E16,"TRUE",IF(AND(LEN(E15)>0,E15=E16),IF(L15>M16,"TRUE","FALSE"),"")) -> TRUE
E16: 정00 | F16: =IF(ISBLANK($E16),"",VLOOKUP($E16,참여인력_개요,2,FALSE)) -> 31705 | G16: 국내설립법인 | H16: PPPPP철강 | I16: 파이낵스 사업부 | J16: 팀장 | K16: 신소재 구매 | L16: 42005 | M16: 42735 | N16: =DATEDIF(L16,M16,"d")/365 -> 2 | O16: B | P16: =IF(E16<>E17,"TRUE",IF(AND(LEN(E16)>0,E16=E17),IF(L16>M17,"TRUE","FALSE"),"")) -> TRUE
E17: 정00 | F17: =IF(ISBLANK($E17),"",VLOOKUP($E17,참여인력_개요,2,FALSE)) -> 31705 | G17: 국내설립법인 | H17: 라인베스트먼트 | I17: 경영지원팀 | J17: 팀장 | K17: 인사총무 | L17: 41640 | M17: 42004 | N17: =DATEDIF(L17,M17,"d")/365 -> 0.99726027 | O17: C | P17: =IF(E17<>E18,"TRUE",IF(AND(LEN(E17)>0,E17=E18),IF(L17>M18,"TRUE","FALSE"),"")) -> TRUE
F18: =IF(ISBLANK($E18),"",VLOOKUP($E18,참여인력_개요,2,FALSE)) | N18: =DATEDIF(L18,M18,"d")/365 -> 0
F19: =IF(ISBLANK($E19),"",VLOOKUP($E19,참여인력_개요,2,FALSE)) | N19: =DATEDIF(L19,M19,"d")/365 -> 0
F20: =IF(ISBLANK($E20),"",VLOOKUP($E20,참여인력_개요,2,FALSE)) | N20: =DATEDIF(L20,M20,"d")/365 -> 0
F21: =IF(ISBLANK($E21),"",VLOOKUP($E21,참여인력_개요,2,FALSE)) | N21: =DATEDIF(L21,M21,"d")/365 -> 0
F22: =IF(ISBLANK($E22),"",VLOOKUP($E22,참여인력_개요,2,FALSE)) | N22: =DATEDIF(L22,M22,"d")/365 -> 0
F23: =IF(ISBLANK($E23),"",VLOOKUP($E23,참여인력_개요,2,FALSE)) | N23: =DATEDIF(L23,M23,"d")/365 -> 0
F24: =IF(ISBLANK($E24),"",VLOOKUP($E24,참여인력_개요,2,FALSE)) | N24: =DATEDIF(L24,M24,"d")/365 -> 0
F25: =IF(ISBLANK($E25),"",VLOOKUP($E25,참여인력_개요,2,FALSE)) | N25: =DATEDIF(L25,M25,"d")/365 -> 0
F26: =IF(ISBLANK($E26),"",VLOOKUP($E26,참여인력_개요,2,FALSE)) | N26: =DATEDIF(L26,M26,"d")/365 -> 0
F27: =IF(ISBLANK($E27),"",VLOOKUP($E27,참여인력_개요,2,FALSE)) | N27: =DATEDIF(L27,M27,"d")/365 -> 0
F28: =IF(ISBLANK($E28),"",VLOOKUP($E28,참여인력_개요,2,FALSE)) | N28: =DATEDIF(L28,M28,"d")/365 -> 0
F29: =IF(ISBLANK($E29),"",VLOOKUP($E29,참여인력_개요,2,FALSE)) | N29: =DATEDIF(L29,M29,"d")/365 -> 0
... F500: =IF(ISBLANK($E500),"",VLOOKUP($E500,참여인력_개요,2,FALSE)) | N500: =DATEDIF(L500,M500,"d")/365 -> 0

Sheet 3.4.2.일반운용인력 경력
A1: RFPID | B1: GPID | C1: FundMgrID | D1: LineNum | E1: FundMgrName | F1: BirthYMDS | H1: CompanyName | I1: BuName | J1: JobTitleName | K1: JobDesc | L1: WorkBegYMD | M1: WorkEndYMD | N1: WorkYears | O1: IsInvestCareer
E3: 일반운용인력 | G3: 재직회사 및 담당업무 | L3: 담당기간 | O3: 투자관련 경력구분
A4: 모집단위ID | B4: 운용사ID | C4: 운용인력ID | D4: 순번 | E4: 성명 | F4: 생년월일 | G4: 재직회사 법인유형 | H4: 회사명 | I4: 부서명 | J4: 직위 | K4: 담당업무 | L4: 시작일 | M4: 종료일 | N4: 기간(년수) | P4: 담당기간 검증
E11: 박00 | F11: =IF(ISBLANK($E11),"",VLOOKUP($E11,참여인력_개요,2,FALSE)) -> 28773 | G11: 국내설립법인 | H11: 가인베스트먼트㈜ | I11: 투자1본부 | J11: 팀원 | K11: 투자심사 | L11: 44197 | M11: =제안서작성기준일 -> 44651 | N11: =DATEDIF(L11,M11,"d")/365 -> 1.2438356 | O11: A | P11: =IF(E11<>E12,"TRUE",IF(AND(LEN(E11)>0,E11=E12),IF(L11>M12,"TRUE","FALSE"),"")) -> TRUE
E12: 최00 | F12: =IF(ISBLANK($E12),"",VLOOKUP($E12,참여인력_개요,2,FALSE)) -> 27677 | G12: 국내설립법인 | H12: 가인베스트먼트㈜ | I12: 투자1본부 | J12: 팀원 | K12: 투자심사 | L12: 44197 | M12: =제안서작성기준일 -> 44651 | N12: =DATEDIF(L12,M12,"d")/365 -> 1.2438356 | O12: A | P12: =IF(E12<>E13,"TRUE",IF(AND(LEN(E12)>0,E12=E13),IF(L12>M13,"TRUE","FALSE"),"")) -> TRUE
E13: 최00 | F13: =IF(ISBLANK($E13),"",VLOOKUP($E13,참여인력_개요,2,FALSE)) -> 27677 | G13: 국내설립법인 | H13: 나기업㈜ | I13: 경영지원팀 | J13: 팀장 | K13: 인사총무 | L13: 43101 | M13: 44196 | N13: =DATEDIF(L13,M13,"d")/365 -> 3 | O13: C | P13: =IF(E13<>E14,"TRUE",IF(AND(LEN(E13)>0,E13=E14),IF(L13>M14,"TRUE","FALSE"),"")) -> TRUE
F14: =IF(ISBLANK($E14),"",VLOOKUP($E14,참여인력_개요,2,FALSE)) | N14: =DATEDIF(L14,M14,"d")/365 -> 0 | P14: =IF(E14<>E15,"TRUE",IF(AND(LEN(E14)>0,E14=E15),IF(L14>M15,"TRUE","FALSE"),""))
F15: =IF(ISBLANK($E15),"",VLOOKUP($E15,참여인력_개요,2,FALSE)) | N15: =DATEDIF(L15,M15,"d")/365 -> 0 | P15: =IF(E15<>E16,"TRUE",IF(AND(LEN(E15)>0,E15=E16),IF(L15>M16,"TRUE","FALSE"),""))
F16: =IF(ISBLANK($E16),"",VLOOKUP($E16,참여인력_개요,2,FALSE)) | N16: =DATEDIF(L16,M16,"d")/365 -> 0 | P16: =IF(E16<>E17,"TRUE",IF(AND(LEN(E16)>0,E16=E17),IF(L16>M17,"TRUE","FALSE"),""))
F17: =IF(ISBLANK($E17),"",VLOOKUP($E17,참여인력_개요,2,FALSE)) | N17: =DATEDIF(L17,M17,"d")/365 -> 0 | P17: =IF(E17<>E18,"TRUE",IF(AND(LEN(E17)>0,E17=E18),IF(L17>M18,"TRUE","FALSE"),""))
F18: =IF(ISBLANK($E18),"",VLOOKUP($E18,참여인력_개요,2,FALSE)) | N18: =DATEDIF(L18,M18,"d")/365 -> 0
F19: =IF(ISBLANK($E19),"",VLOOKUP($E19,참여인력_개요,2,FALSE)) | N19: =DATEDIF(L19,M19,"d")/365 -> 0
F20: =IF(ISBLANK($E20),"",VLOOKUP($E20,참여인력_개요,2,FALSE)) | N20: =DATEDIF(L20,M20,"d")/365 -> 0
F21: =IF(ISBLANK($E21),"",VLOOKUP($E21,참여인력_개요,2,FALSE)) | N21: =DATEDIF(L21,M21,"d")/365 -> 0
F22: =IF(ISBLANK($E22),"",VLOOKUP($E22,참여인력_개요,2,FALSE)) | N22: =DATEDIF(L22,M22,"d")/365 -> 0
F23: =IF(ISBLANK($E23),"",VLOOKUP($E23,참여인력_개요,2,FALSE)) | N23: =DATEDIF(L23,M23,"d")/365 -> 0
F24: =IF(ISBLANK($E24),"",VLOOKUP($E24,참여인력_개요,2,FALSE)) | N24: =DATEDIF(L24,M24,"d")/365 -> 0
F25: =IF(ISBLANK($E25),"",VLOOKUP($E25,참여인력_개요,2,FALSE)) | N25: =DATEDIF(L25,M25,"d")/365 -> 0
F26: =IF(ISBLANK($E26),"",VLOOKUP($E26,참여인력_개요,2,FALSE)) | N26: =DATEDIF(L26,M26,"d")/365 -> 0
F27: =IF(ISBLANK($E27),"",VLOOKUP($E27,참여인력_개요,2,FALSE)) | N27: =DATEDIF(L27,M27,"d")/365 -> 0
F28: =IF(ISBLANK($E28),"",VLOOKUP($E28,참여인력_개요,2,FALSE)) | N28: =DATEDIF(L28,M28,"d")/365 -> 0
F29: =IF(ISBLANK($E29),"",VLOOKUP($E29,참여인력_개요,2,FALSE)) | N29: =DATEDIF(L29,M29,"d")/365 -> 0
... F500: =IF(ISBLANK($E500),"",VLOOKUP($E500,참여인력_개요,2,FALSE)) | N500: =DATEDIF(L500,M500,"d")/365 -> 0

Sheet 4.1.펀드 거래
A1: 펀드명 | B1: 거래구분 | C1: 거래금액 (단위 : 원) | D1: 거래일
A2: 펀드1호 | B2: 납입 | C2: -10000000000 | D2: 38777
A3: 펀드1호 | B3: 현금분배 | C3: 2700000000 | D3: 39813
A4: 펀드1호 | B4: 현금분배 | C4: 14000000000 | D4: 39814
A5: 펀드2호 | B5: 납입 | C5: -3000000000 | D5: 38803
A6: 펀드2호 | B6: 현금분배 | C6: 300000000 | D6: 39114
A7: 펀드2호 | B7: 현금분배 | C7: 350000000 | D7: 39207
A8: 펀드2호 | B8: 현금분배 | C8: 400000000 | D8: 39239
A9: 펀드2호 | B9: 현금분배 | C9: 150000000 | D9: 39629
A10: 펀드2호 | B10: 현금분배 | C10: 130000000 | D10: 39660
A11: 펀드2호 | B11: 현금분배 | C11: 60000000 | D11: 39670
A12: 펀드2호 | B12: 현금분배 | C12: 1800000000 | D12: 39814
A13: 펀드2호 | B13: 현금분배 | C13: 400000000 | D13: 39965
... A16: 펀드3호 | B16: 현금분배 | C16: 1900000000 | D16: 41791
A17: 펀드3호 | B17: 가상분배 | C17: ='2.3.제안사 펀드현황'!AH13*1000000 -> 980000000 | D17: =제안서작성기준일 -> 44651

Sheet 4.2.펀드 인력변경 이력
A1: 펀드명 | B1: 기재대상핵심인력 변경구분 | C1: 이름 | D1: 변경일자 | E1: 비고 | F1: 설립 | G1: 유출
A2: 펀드1호 | B2: 설립 | C2: 홍길동 | D2: 40909 | E2: 설립시(대표펀드매니저) | F2: =IF(B2="설립",1,0) -> 1 | G2: =IF(B2="유출",1,0) -> 0
A3: 펀드1호 | B3: 설립 | C3: 김영희 | D3: 40909 | E3: 설립시(핵심운용인력) | F3: =IF(B3="설립",1,0) -> 1 | G3: =IF(B3="유출",1,0) -> 0
A4: 펀드1호 | B4: 설립 | C4: 김영철 | D4: 40909 | E4: 설립시(핵심운용인력) | F4: =IF(B4="설립",1,0) -> 1 | G4: =IF(B4="유출",1,0) -> 0
A5: 펀드1호 | B5: 유출 | C5: 홍길동 | D5: 41275 | E5: 퇴사 | F5: =IF(B5="설립",1,0) -> 0 | G5: =IF(B5="유출",1,0) -> 1
A6: 펀드1호 | B6: 유입 | C6: 홍영희 | D6: 41275 | E6: 변경선임 | F6: =IF(B6="설립",1,0) -> 0 | G6: =IF(B6="유출",1,0) -> 0
A7: 펀드1호 | B7: 유출 | C7: 김영희 | D7: 41640 | E7: 퇴사 | F7: =IF(B7="설립",1,0) -> 0 | G7: =IF(B7="유출",1,0) -> 1
A8: 펀드1호 | B8: 유입 | C8: 김철수 | D8: 41640 | E8: 변경선임 | F8: =IF(B8="설립",1,0) -> 0 | G8: =IF(B8="유출",1,0) -> 0
A9: 펀드1호 | B9: 유출 | C9: 김영철 | D9: 42005 | E9: 퇴사 | F9: =IF(B9="설립",1,0) -> 0 | G9: =IF(B9="유출",1,0) -> 1
A10: 펀드1호 | B10: 유입 | C10: 홍영철 | D10: 42005 | E10: 변경선임 | F10: =IF(B10="설립",1,0) -> 0 | G10: =IF(B10="유출",1,0) -> 0
A11: 펀드1호 | B11: 유입 | C11: 이수지 | D11: 42370 | E11: 추가선임 | F11: =IF(B11="설립",1,0) -> 0 | G11: =IF(B11="유출",1,0) -> 0
A12: 펀드1호 | B12: 기타 | C12: 홍영희 | D12: 42370 | E12: 펀드내 변경(일반인력->대표펀드매니저) | F12: =IF(B12="설립",1,0) -> 0 | G12: =IF(B12="유출",1,0) -> 0
A13: 펀드1호 | B13: 청산시 또는 제안서기준일 | C13: 홍영희 | D13: 43100 | E13: 청산일 현재 | F13: =IF(B13="설립",1,0) -> 0 | G13: =IF(B13="유출",1,0) -> 0
... A19: 펀드2호 | B19: 설립 | C19: 김영철 | D19: 40909 | E19: 설립시(핵심운용인력) | F19: =IF(B19="설립",1,0) -> 1 | G19: =IF(B19="유출",1,0) -> 0
A20: 펀드2호 | B20: 청산시 또는 제안서기준일 | C20: 홍길동 | D20: 43100 | F20: =IF(B20="설립",1,0) -> 0 | G20: =IF(B20="유출",1,0) -> 0
A21: 펀드2호 | B21: 청산시 또는 제안서기준일 | C21: 김영희 | D21: 43100 | F21: =IF(B21="설립",1,0) -> 0 | G21: =IF(B21="유출",1,0) -> 0
A22: 펀드2호 | B22: 청산시 또는 제안서기준일 | C22: 김영철 | D22: 43100 | F22: =IF(B22="설립",1,0) -> 0 | G22: =IF(B22="유출",1,0) -> 0
A23: 펀드3호 | B23: 설립 | C23: 홍길동 | D23: 40909 | E23: 설립시(대표펀드매니저) | F23: =IF(B23="설립",1,0) -> 1 | G23: =IF(B23="유출",1,0) -> 0
A24: 펀드3호 | B24: 설립 | C24: 김영희 | D24: 40909 | E24: 설립시(핵심운용인력) | F24: =IF(B24="설립",1,0) -> 1 | G24: =IF(B24="유출",1,0) -> 0
A25: 펀드3호 | B25: 설립 | C25: 김영철 | D25: 40909 | E25: 설립시(핵심운용인력) | F25: =IF(B25="설립",1,0) -> 1 | G25: =IF(B25="유출",1,0) -> 0
A26: 펀드3호 | B26: 유출 | C26: 홍길동 | D26: 41275 | E26: 퇴사 | F26: =IF(B26="설립",1,0) -> 0 | G26: =IF(B26="유출",1,0) -> 1
A27: 펀드3호 | B27: 유입 | C27: 홍영희 | D27: 41275 | E27: 변경선임 | F27: =IF(B27="설립",1,0) -> 0 | G27: =IF(B27="유출",1,0) -> 0
A28: 펀드3호 | B28: 청산시 또는 제안서기준일 | C28: 홍영희 | D28: 43100 | F28: =IF(B28="설립",1,0) -> 0 | G28: =IF(B28="유출",1,0) -> 0
A29: 펀드3호 | B29: 청산시 또는 제안서기준일 | C29: 김영희 | D29: 43100 | F29: =IF(B29="설립",1,0) -> 0 | G29: =IF(B29="유출",1,0) -> 0
A30: 펀드3호 | B30: 청산시 또는 제안서기준일 | C30: 김영철 | D30: 43100 | F30: =IF(B30="설립",1,0) -> 0 | G30: =IF(B30="유출",1,0) -> 0
F31: =IF(B31="설립",1,0) -> 0 | G31: =IF(B31="유출",1,0) -> 0
F32: =IF(B32="설립",1,0) -> 0 | G32: =IF(B32="유출",1,0) -> 0
F33: =IF(B33="설립",1,0) -> 0 | G33: =IF(B33="유출",1,0) -> 0
F34: =IF(B34="설립",1,0) -> 0 | G34: =IF(B34="유출",1,0) -> 0
F35: =IF(B35="설립",1,0) -> 0 | G35: =IF(B35="유출",1,0) -> 0
F36: =IF(B36="설립",1,0) -> 0 | G36: =IF(B36="유출",1,0) -> 0
F37: =IF(B37="설립",1,0) -> 0 | G37: =IF(B37="유출",1,0) -> 0
F38: =IF(B38="설립",1,0) -> 0 | G38: =IF(B38="유출",1,0) -> 0
F39: =IF(B39="설립",1,0) -> 0 | G39: =IF(B39="유출",1,0) -> 0
F40: =IF(B40="설립",1,0) -> 0 | G40: =IF(B40="유출",1,0) -> 0
F41: =IF(B41="설립",1,0) -> 0 | G41: =IF(B41="유출",1,0) -> 0
F42: =IF(B42="설립",1,0) -> 0 | G42: =IF(B42="유출",1,0) -> 0
... F165: =IF(B165="설립",1,0) -> 0 | G165: =IF(B165="유출",1,0) -> 0
